Workbook
Name County: 'Income Limits'!$B$3:$B$402
Name Date: 'Project Information'!$E$5
Name Effective_Date: 'USDA Income Limits'!$C$3:$C$30
Name Effective_Date_Year: 'USDA Income Limits'!$B$3:$B$30
Name IncomeLimits: 'Income Limits'!$C$2:$AZ$402
Name USDA_2021_Income_Limits: 'USDA Income Limits'!$F$3:$I$366
Name USDA_2022_Income_Limits: 'USDA Income Limits'!$J$3:$M$366
Name USDA_2023_Income_Limits: 'USDA Income Limits'!$N$3:$Q$366
Name USDA_2024_Income_Limits: 'USDA Income Limits'!$R$3:$U$366
Name USDA_2025_Income_Limits: 'USDA Income Limits'!$V$3:$Y$366
Name USDA_Counties: 'USDA Income Limits'!$E$3:$E$366
Name Year: 'Income Limits'!$C$2:$AZ$2

Sheet Revisions
A1: Date | B1: Tab | C1: Update/Issue | D1: Explanation
A2: 2016 | B2: Sources of Funds | C2: Conditional Formatting and Data Validation to limit AHP Subsidy to $500,000 | D2: 2016 Implementation Plan reduced maximum subsidy from $750,000 to $500,000
B3: Development Budget | C3: Changed "Permanent Loan Origination Fee" to "Permanent Loan Fees" | D3: This field is used to determine if loan fees on the development budget are consistent with the sources of funds. Changing the name should decrease the likelihood of loan fees being listed elsewhere.
B4: Development Budget | C4: Added conditional formatting to flag land improvement costs if New Construction and Land Improvement subtotal is $0. | D4: Makes the workbook more user friendly and assists with cost reasonableness review.
B5: Development Budget | C5: Removed the conditional formatting to make the Non-Residential column inaccessible if Non-Residential costs are not supported by bids. | D5: There are instances where a pro ration is not applicable, and the applicant would need the ability to override the non-residential costs.
B6: Feasibility Analysis Worksheet | C6: Updated the formula in cell B9 to eliminate the #NUM error. | D6: Makes the workbook more accurate.
B7: Feasibility Analysis Worksheet | C7: Added rows in the "Issues" table to indicate what tab the following issues pertain to. | D7: This update makes the workbook more user friendly and helps the user more easily identify what is causing the issue.
B8: Feasibility Analysis Worksheet | C8: Removed the "Staff Review" column | D8: The reviews are completed and approved electronically for all steps of the Project's lifecycle so it is no longer necessary.
B9: Feasibility Analysis Worksheet | C9: Updated the loan interest rate guidelines. | D9: Received email 2/26/16 from Bobbi Shinn with the CHP rates effective on that day.
B10: Fee Analysis Worksheet | C10: Conditional Formatting to identify Contractor Fees above Guideline | D10: Developer Fee above guideline is identified by red. This will be consistent.
B11: Fee Analysis Worksheet | C11: Updated calculations for each state that changed guidelines from previous year. | D11: The AHP guidelines are based on the state's current QAP.
B12: Fee Analysis Worksheet | C12: Updated Calculations for each state to remove non-residential costs from calculation | D12: Eligible basis is reduced by the non-residential costs so the developer fee should only look at residential costs.
B13: Fee Analysis Worksheet | C13: Added rows in the developer fee section for maximum dollar amount of developer fees and allowed a comparison of consultant fees. | D13: The Kansas QAP has a dollar amount per unit allowance this year, and the FW did not previously calculate that. Kansas also has a separate allowance for consultant fees so the worksheet now calculates that separately.
B14: New Construction Site Work | C14: Added a table to capture site costs and compare it to the development budget. | D14: Assists with the cost reasonableness review.
... B24: Rental Project Worksheet | C24: Updated formulas and name ranges to incorporate 2016 income limits. | D24: 2016 Income Limits became available 3/28/2016.
A25: 2017 | B25: Sources of Funds | C25: Removed "Term" from Construction Sources | D25: The term of the construction financing is variable, and can change due to changes to the construction timeline.
B26: Sources of Funds | C26: Added column to select the source type | D26: The automated system requires this information.
B27: Project Information | C27: Added a question about number of months to lease up. | D27: Absorption Rate is used in the automated system.
B28: Development Budget | C28: Changed the name and/or location of costs. Added some new costs. | D28: Made the costs more consistent with the other FHLBs with the automated system. Included costs that several applicants wrote in as other (ie Marketing).
B29: Project Characteristics | C29: Added questions to the top of the worksheet. | D29: Questions are necessary for upload for the automated system.
B30: RBA Data | C30: Reflected changes made to workbook. | D30: Will be used to input data into the RBA and changes were made to the workbook, requiring changes.
B31: Sources of Funds | C31: Updated maximum AHP Subsidy allowed to $750,000 | D31: The maximum guideline changed from 2016
B32: Income Limits | C32: Added 2017 Income Limits in column AD. | D32: 2017 Income Limits became available 4/14/2017.
B33: Rental Project Worksheet | C33: Updated formulas and name ranges to incorporate 2017 income limits. | D33: 2017 Income Limits became available 4/14/2017.
B34: Project Information | C34: Added item to determine if project is occupied | D34: Occupied projects need to fill out RPR, and are prompted to do so. A link to the AHP forms website is also added.
B35: Fee Analysis Worksheet | C35: Updated calculations for each state that changed guidelines from previous year. | D35: The AHP guidelines are based on the state's current QAP.
B36: Feasibility Analysis Worksheet | C36: Updated the loan interest rate guidelines. | D36: Received email 4/19/2017 from Bobbi Shinn with the CHP rates effective on that day.
B37: Sources of Funds | C37: Conditional Formatting and Data Validation to limit AHP Subsidy to $750,000 | D37: 2017 Implementation Plan increased maximum subsidy from $500,000 to $750,000
A38: 2018 | B38: Fee Analysis Worksheet | C38: Removed Ineligible Legal Fees from Developer Fee calculation. | D38: The ineligible legal fees were inadvertently included in the calculation.
B39: Fee Analysis Worksheet | C39: Removed Accessory Structure from hard cost calculation. | D39: Accessory Structure is no longer a line item in the development budget.
B40: Feasibility Analysis Worksheet | C40: Updated the interest rate guidelines. | D40: CHP Rates as of 4/24/2018.
B41: Sources of Funds | C41: Conditional Formatting and Data Validation to limit AHP Subsidy per Unit to $40,000. | D41: 2018 Implementation Plan increased maximum subsidy from $30,000 to $40,000
B42: Sources of Funds | C42: Updated the total annual debt service to only include P&I and Interest Only payments. | D42: Deferred and cash flow payments should not be included in the annual debt service total.
B43: New Construction Site Work | C43: Changed the tab name to Site Work Cost | D43: The previous name implied that rehab projects do not need to complete, which is inaccurate.
B44: Download | C44: Updated the description codes for non-residential sources | D44: AHP Online had an error during the 2017 round, and CEI determined if the description codes were updated, the error would not reoccur in future rounds.
B45: Download | C45: Updated the round and version numbers | D45: Annual updates to work in AHP Online.
B46: Housing Pro Forma | C46: Updated the formula for Deferred Developer Repay to reduce the Secondary Cash Flow payment amount. | D46: The previous version allowed cash flow to be negative because the Deferred Developer Repay calculation did not reduce by the Secondary Cash Flow payment amount.
B47: Income Limits | C47: Added 2018 Income Limits in column AE. | D47: 2018 Income Limits became available 4/1/2018.
B48: Income Limits | C48: Added Dallas County, TX | D48: 2017 project was awarded from Dallas Co, TX
B49: Rental Project Worksheet | C49: Updated formulas and name ranges to incorporate 2018 income limits. | D49: 2018 Income Limits became available 4/1/2018.
B50: RBA Data | C50: Updated formula to include current interest rate guideline where indicated. | D50: CHP Rate as of 4/24/2018.
... B52: Feasibility Analysis Worksheet | C52: Updated the interest rates in the "If" formula to generate the error message correctly. | D52: The interest rates were not updated in the calculation, and the error displayed with interest rates that were within the 2018 guideline but greater than the 2017 guideline.
A53: 2019 | B53: Sources of Funds Worksheet | C53: Copied the formulas in lines 18 through 20 in columns K and L. | D53: The referenced cells did not include a formula, and the payment was not transferred to the housing pro forma.
B54: Sources of Funds Worksheet | C54: Conditional Formatting and Data Validation to limit AHP Subsidy per Unit to $50,000. | D54: 2019 Implementation Plan increased maximum subsidy from $40,000 to $50,000
B55: Sources of Funds Worksheet | C55: Conditional Formatting and Data Validation to limit AHP Subsidy to $1,000,000 | D55: 2019 Implementation Plan increased maximum subsidy from $750,000 to $1,000,000
B56: Feasibility Analysis Worksheet | C56: Updated the SPU Guideline to $50,000 | D56: 2019 Implementation Plan increased maximum SPU from $40,000 to $50,000
B57: Feasibility Analysis Worksheet | C57: Updated the Capitalized Operating Reserves Guideline to 12 months | D57: 2019 Implementation Plan increased maximum capitalized operating reserves from 9 months to 12 months
B58: Feasibility Analysis Worksheet | C58: Updated the maximum operating costs per unit per year to $6,000 | D58: 2019 Implementation Plan increased the maximum operating costs from $5,000 to $6,000 per unit per year.
B59: Housing Pro Forma | C59: Updated the conditional formatting and comment in cell D44 to a maximum of $6,000. | D59: 2019 Implementation Plan increased the maximum operating costs from $5,000 to $6,000 per unit per year.
B60: Fee Analysis Worksheet | C60: Updated the Nebraska Adjusted Eligible Basis to remove the calculation to limit the Adjusted Eligible Basis to $125 per sq ft. | D60: The 2019 Nebraska QAP removed the $125 per sq ft maximum.
B61: Feasibility Analysis Worksheet | C61: Updated the guidelines relating to interest rates and formatting. | D61: CHP Rate as of 3/26/19.
B62: RBA Data | C62: Updated formula to include current interest rate guideline where indicated. | D62: CHP Rate as of 3/26/19.
B63: Feasibility Analysis Worksheet | C63: Updated the formula for Permanent Loan Interest Rate to return only the interest rate for P&I Payments and Interest Only loans. | D63: The IP guideline excludes payments made from cash flow.
B64: Services Pro Forma | C64: Updated the calculation in the Cash Flow Line Item. | D64: The previous calculation was not reducing the debt service payments.
B65: Feasibility Analysis Worksheet | C65: Updated the actual interest rates to show 3 decimal places. | D65: Updated to match the formatting in the guideline column.
B66: 05/01/2019 Updates
B67: Income Limits | C67: Added 2019 Income Limits in column AF. | D67: 2019 Income Limits became available 4/24/2019.
B68: Income Limits | C68: Added Boyd County, KY | D68: 2018 project was approved as an alternate from Boyd County, KY.
B69: Project Information | C69: Added Data Validation to limit input in Months to Lease up to Whole Numbers | D69: AHP Online requires the field to have a number with no text or the feasibility workbook may not upload
A70: 43966 | B70: Income Limits | C70: Added 2020 Income Limits in column AG. | D70: 2020 Income Limits became available 4/07/2020
B71: Sources of Funds Worksheet | C71: Conditional Formatting and Data Validation to limit AHP Subsidy to $750,000 | D71: 2020 Implementation Plan decreased maximum subsidy from $1,000,000 to $750,000.
B72: Feasibility Analysis Worksheet | C72: Updated the guidelines relating to interest rates and formatting. | D72: CHP Rate as of 5/5/2020.
B73: RBA Data | C73: Updated formula to include current interest rate guideline where indicated. | D73: CHP Rate as of 5/5/2020.
B74: Housing Pro Forma | C74: Row 52 formulas to have consistent structure and references | D74: Addresses RiskSpan report finding.
B75: Sources of Funds Worksheet | C75: Celll S12 updated to reflect correct Description Code | D75: Commitment Letter Description in AHP Online was displaying incorrect description for Owner Equity
B76: Feasibility Analysis Worksheet | C76: Download Tab - Update the referenced cells in B464 to update the maximum operating costs guideline | D76: Updated cell L9 in Feasibility Analysis Worksheet to reflect max OPEX guideline of $6,000 PUPA
B77: Fee Analysis Worksheet | C77: Developer Fee calculation for CO does not subtract out non-residential dev fee. | D77: Colorado costs uses total project costs in determining developer fee calculation, and therefore the full dev fee needs to be used.
B78: Source of Funds | C78: Updated data validation comments in column C | D78: Sources of funds tab - remove data validation comment in all lines where it indicates interest should be included on the development budget - except construction
B79: Fee Analysis Worksheet | C79: Updated cell reference in cell J39 . | D79: Fee Analysis Worksheet - Make sure developer fees do not include legal fees
B80: Site Work Cost, Rehab Scope of Work, and Detailed Rehab costs | C80: All threes tabs deleted | D80: Construction pages - Site work and rehab scope of work and cost tabs - should no longer be included in the application FW because they are not utilized by CCR reviewers
B81: Development Budget | C81: Rental FW Development Budget calculation for formula cell U126 needs to be changed to total development cost per unit, instead of residential cost per unit. The board reports header is ambiguious when non-residentail costs were included and this is the fix instead of updating AHP Online. Download Tab, cell D331 was also updated to say Total Development Cost per unit instead of residential. | D81: Updated formula removes ambiguity in the Board Report.
A82: 44265 | B82: Rental Project Worksheet | C82: Comment in cell A9 and text in A9 were updated to remove reference to HUD. | D82: Transitioned to USDA limits
B83: Rental Project Worksheet | C83: Website in the comment in cell H7 was updated to remove reference to HUD. | D83: Transitioned to USDA limits
B84: Development Budget Worksheet | C84: Added row 45 and updated titles in cells A41:A45 | D84: Extra detail is needed to update fee calculations.
B85: Fee Analysis Worksheet | C85: Added calculations in cells J59:J61 to align developer fee calculation with CO's QAP | D85: Overages in Contractor fees are factored into the Colorado developer fee calculation.
B86: Fee Analysis Worksheet | C86: Revised calculations in columns J-P, row 16 to align closer to QAPs | D86: Calculations in row 16 now include only contractor related costs for new construction and Rehab work.
B87: Project Information | C87: Conditional text in cell D10 edited to remove references to non-existent tabs. | D87: Tabs that were referenced are no longer a part of the workbook.
B88: USDA Income Limits | C88: Tab was created to hold the 50% and 80% USDA AMI limits for both a 1-4 and a 5-8 person household size for each county. | D88: A new calculation method was determined necessary to correctly calculate USDA AMI.
B89: Rental Project Worksheet | C89: The formulas in the Household Size AMI Limit table were updated to follow the new method for calculating USDA limits using both the 50% and 80% AMI limit in years 2021 and after. | D89: A new calculation method was determined necessary to correctly calculate USDA AMI.
B90: Project Information | C90: Cell D9 was updated to tell the member to contact HCD if "Other" is selected for the County name. | D90: Due to the change in calculation method, HCD determined it necessary to have the project contact HCD if their project is in one of the counties not currently specified so it can be added to the workbook.
B91: Revisions | C91: Updated formating, deleted testing column, and renamed tab | D91: Changes made to make the tab consistent with other forms.
A92: 44351 | B92: GT_Custom, Compatibility Report, Module 1, and Module 2 | C92: Deleted | D92: These tabs were not used for any purpose. They were deleted to help clean up the Spreadsheet.
B93: Project Characteristics | C93: Deleted | D93: Tab is no longer needed. Important data collection fields are moved to Project Information
B94: Project Information | C94: Table in G8:K17 and Formulas in columns M & N added | D94: Table and formulas includes information that used to be on the Project Characteristics tab.
B95: Fee Analysis Worksheet | C95: Deleted | D95: This tab is no longer needed. Update guidelines in 2021 IP means contractor fees and developer fee calculations are moved to Feasibility Analysis Worksheet.
B96: Feasibility Analysis Worksheet | C96: Updated the guidelines relating to interest rates and formatting. | D96: CHP Rate as of 5/14/2021.
B97: RBA Data | C97: Updated formula to include current interest rate guideline where indicated. | D97: CHP Rate as of 5/14/2021.
B98: Feasibility Analysis Worksheet | C98: Rows 22 and 23 were inserted for contractor fees and developer fee calculations | D98: Update guidelines in 2021 IP means contractor fees and developer fee calculations are moved to Feasibility Analysis Worksheet.
B99: Download | C99: Updated the round to 2021A in cell B459 | D99: Annual update to work in AHP Online.
B100: USDA Income Limits | C100: Updated for 2021 incomes | D100: 2021 USDA limits were released.
B101: Development Budget Worksheet | C101: Removed Formating in Cell E9 and Note in E10. | D101: The formula was deleted in E9 and formatting is not longer needed. The note in E10 is no longer applicable.
B102: Project Information | C102: Cell E13 formula updated to change link to TIW | D102: Updated formula is easier to format.
B103: Services Pro Forma | C103: Updated Conditional formatting so that entire form is blank when the FW is first opened and no data is entered. | D103: Conditional formatting was not working as intended prior to revision.
B104: Project Information | C104: Updated formatting and text in cell D17 | D104: Previous text indicated a requirement to have bids by August 1st, which doesn't make sense given the 2021 funding round.
... B106: Development Budget Worksheet | C106: Updated formulas in column E to use non-residential calculations in column I. | D106: Old formula used column D, which isn't always populated and thus the residential costs in column E were not always accurate.
A107: 44361 | B107: Download | C107: Cell B309 was updated so the formula pulled the correct information from the Project Information tab. | D107: Before the update, the cell was formated as "Text", which causes updates to the formula to not work. Excel displayed the formula instead of calculating it. After the update, the cell is still formatted as Text, but the formula is working as intended.
B108: Project Information | C108: Cell M21 formula updated to pull total units from Rental Project Worksheet tab. | D108: Old formula referenced incorrect cell in the RPW.
B109: Download | C109: Updated Version number in B461 and B466 to "2" | D109: This is the second revision of the application workbook.
A110: 44372 | B110: USDA Income Limits | C110: Updated 2021 income limits | D110: Before the update, the cell was formated as "Text", which causes updates to the formula to not work. Excel displayed the formula instead of calculating it. After the update, the cell is still formatted as Text, but the formula is working as intended.
B111: Sources of Funds Worksheet | C111: Formulas in cells P8:P22, N25, and O25 were updated to remove so that they did not use formulas that are not supported in older versions of Excel | D111: The Ifs formula in P8:P22 and the "Maxifs" forumal in N25 and O25 are not suppported in older versions of Excel. Replaced the Ifs statements with nested if statements and the Maxifs with a Max statement that contains an If statement.
...

Sheet Download
A1: fundsSources[0].description | B1: ='Sources of Funds Worksheet'!A13 -> Deferred Developer Fee | D1: Housing | E1: unmerged the cell
A2: fundsSources[0].descriptionCode.code | B2: ='Sources of Funds Worksheet'!S13 -> 19 | D2: Housing | E2: Topeka doesn't have this field
A3: fundsSources[0].amount | B3: ='Sources of Funds Worksheet'!D13 -> 0 | D3: Housing
A4: fundsSources[0].rate | B4: ='Sources of Funds Worksheet'!E13 -> 0 | D4: Housing
A5: fundsSources[0].term | B5: ='Sources of Funds Worksheet'!U13 -> 0 | D5: Housing | E5: month vs years
A6: fundsSources[0].isApproved | B6: ='Sources of Funds Worksheet'!T13 -> N | D6: Housing
A7: fundsSources[0].housingCommercial | B7: Housing | D7: Housing | E7: Hard coded???
A8: fundsSources[0].amortPeriod | B8: ='Sources of Funds Worksheet'!V13 -> 0 | D8: Housing | E8: months vs years
A9: fundsSources[0].annualDebtSvc | B9: ='Sources of Funds Worksheet'!K13 | D9: Housing
A10: fundsSources[0].hardDebt | B10: ='Sources of Funds Worksheet'!P13 | D10: Housing
A11: fundsSources[0].rownum | B11: 1 | F11: numeric field
A12: fundsSources[1].description | B12: ='Sources of Funds Worksheet'!A11 -> LIHTC | D12: Housing
A13: fundsSources[1].descriptionCode.code | B13: ='Sources of Funds Worksheet'!S11 -> 4 | D13: Housing | E13: Topeka doesn't have this field
A14: fundsSources[1].amount | B14: ='Sources of Funds Worksheet'!D11 -> 0 | D14: Housing
A15: fundsSources[1].rate | B15: ='Sources of Funds Worksheet'!E11 -> 0 | D15: Housing
A16: fundsSources[1].term | B16: ='Sources of Funds Worksheet'!U11 -> 0 | D16: Housing
A17: fundsSources[1].isApproved | B17: ='Sources of Funds Worksheet'!T11 -> N | D17: Housing
A18: fundsSources[1].housingCommercial | B18: Housing | D18: Housing | E18: Hard coded???
A19: fundsSources[1].amortPeriod | B19: ='Sources of Funds Worksheet'!V11 -> 0 | D19: Housing
A20: fundsSources[1].annualDebtSvc | B20: ='Sources of Funds Worksheet'!K11 | D20: Housing
A21: fundsSources[1].hardDebt | B21: ='Sources of Funds Worksheet'!P11 | D21: Housing
A22: fundsSources[1].rownum | B22: 2 | F22: numeric field
A23: fundsSources[2].description | B23: ='Sources of Funds Worksheet'!A10 -> Permanent Loan | D23: Housing
A24: fundsSources[2].descriptionCode.code | B24: ='Sources of Funds Worksheet'!S10 -> 2 | D24: Housing | E24: Topeka doesn't have this field
A25: fundsSources[2].amount | B25: ='Sources of Funds Worksheet'!D10 -> 0 | D25: Housing
A26: fundsSources[2].rate | B26: ='Sources of Funds Worksheet'!E10 -> 0 | D26: Housing
A27: fundsSources[2].term | B27: ='Sources of Funds Worksheet'!U10 -> 0 | D27: Housing
A28: fundsSources[2].isApproved | B28: ='Sources of Funds Worksheet'!T10 -> N | D28: Housing
A29: fundsSources[2].housingCommercial | B29: Housing | D29: Housing | E29: Hard coded???
A30: fundsSources[2].amortPeriod | B30: ='Sources of Funds Worksheet'!V10 -> 0 | D30: Housing
A31: fundsSources[2].annualDebtSvc | B31: ='Sources of Funds Worksheet'!K10 | D31: Housing
A32: fundsSources[2].hardDebt | B32: ='Sources of Funds Worksheet'!P10 | D32: Housing
A33: fundsSources[2].rownum | B33: 3 | F33: numeric field
A34: fundsSources[3].description | B34: ='Sources of Funds Worksheet'!A14 -> HOME | D34: Housing
A35: fundsSources[3].descriptionCode.code | B35: ='Sources of Funds Worksheet'!S14 -> 8 | D35: Housing | E35: Topeka doesn't have this field
A36: fundsSources[3].amount | B36: ='Sources of Funds Worksheet'!D14 -> 0 | D36: Housing
A37: fundsSources[3].rate | B37: ='Sources of Funds Worksheet'!E14 -> 0 | D37: Housing
A38: fundsSources[3].term | B38: ='Sources of Funds Worksheet'!U14 -> 0 | D38: Housing
A39: fundsSources[3].isApproved | B39: ='Sources of Funds Worksheet'!T14 -> N | D39: Housing
A40: fundsSources[3].housingCommercial | B40: Housing | D40: Housing | E40: Hard coded???
A41: fundsSources[3].amortPeriod | B41: ='Sources of Funds Worksheet'!V14 -> 0 | D41: Housing
A42: fundsSources[3].annualDebtSvc | B42: ='Sources of Funds Worksheet'!K13 | D42: Housing
A43: fundsSources[3].hardDebt | B43: ='Sources of Funds Worksheet'!P14 | D43: Housing
A44: fundsSources[3].rownum | B44: 4 | F44: numeric field
A45: fundsSources[4].description | B45: ='Sources of Funds Worksheet'!A15 -> 0 | D45: Housing
A46: fundsSources[4].descriptionCode.code | B46: ='Sources of Funds Worksheet'!S15 -> NA | D46: Housing | E46: Topeka doesn't have this field
A47: fundsSources[4].amount | B47: ='Sources of Funds Worksheet'!D15 -> 0 | D47: Housing
A48: fundsSources[4].rate | B48: ='Sources of Funds Worksheet'!E15 -> 0 | D48: Housing
A49: fundsSources[4].term | B49: ='Sources of Funds Worksheet'!U15 -> 0 | D49: Housing
A50: fundsSources[4].isApproved | B50: ='Sources of Funds Worksheet'!T15 -> N | D50: Housing
A51: fundsSources[4].housingCommercial | B51: Housing | D51: Housing | E51: Hard coded???
A52: fundsSources[4].amortPeriod | B52: ='Sources of Funds Worksheet'!V15 -> 0 | D52: Housing
A53: fundsSources[4].annualDebtSvc | B53: ='Sources of Funds Worksheet'!K15 | D53: Housing
A54: fundsSources[4].hardDebt | B54: ='Sources of Funds Worksheet'!P15 | D54: Housing
A55: fundsSources[4].rownum | B55: 5 | F55: numeric field
A56: fundsSources[5].description | B56: ='Sources of Funds Worksheet'!A12 -> Owner Equity | D56: Housing
A57: fundsSources[5].descriptionCode.code | B57: ='Sources of Funds Worksheet'!S12 -> 18 | D57: Housing
A58: fundsSources[5].amount | B58: ='Sources of Funds Worksheet'!D12 -> 0 | D58: Housing
A59: fundsSources[5].rate | B59: ='Sources of Funds Worksheet'!E12 -> 0 | D59: Housing
A60: fundsSources[5].term | B60: ='Sources of Funds Worksheet'!U12 -> 0 | D60: Housing
A61: fundsSources[5].isApproved | B61: ='Sources of Funds Worksheet'!T12 -> N | D61: Housing
A62: fundsSources[5].housingCommercial | B62: Housing | D62: Housing
A63: fundsSources[5].amortPeriod | B63: ='Sources of Funds Worksheet'!V12 -> 0 | D63: Housing
A64: fundsSources[5].annualDebtSvc | B64: ='Sources of Funds Worksheet'!K12 | D64: Housing
A65: fundsSources[5].hardDebt | B65: ='Sources of Funds Worksheet'!P12 | D65: Housing
A66: fundsSources[5].rownum | B66: 6 | F66: numeric field
A67: fundsSources[6].description | B67: ='Sources of Funds Worksheet'!A16 -> 0 | D67: Housing
A68: fundsSources[6].descriptionCode.code | B68: ='Sources of Funds Worksheet'!S16 -> NA | D68: Housing
A69: fundsSources[6].amount | B69: ='Sources of Funds Worksheet'!D16 -> 0 | D69: Housing
A70: fundsSources[6].rate | B70: ='Sources of Funds Worksheet'!E16 -> 0 | D70: Housing
A71: fundsSources[6].term | B71: ='Sources of Funds Worksheet'!U16 -> 0 | D71: Housing
A72: fundsSources[6].isApproved | B72: ='Sources of Funds Worksheet'!T16 -> N | D72: Housing
A73: fundsSources[6].housingCommercial | B73: Housing | D73: Housing
A74: fundsSources[6].amortPeriod | B74: ='Sources of Funds Worksheet'!V16 -> 0 | D74: Housing
A75: fundsSources[6].annualDebtSvc | B75: ='Sources of Funds Worksheet'!K16 | D75: Housing
A76: fundsSources[6].hardDebt | B76: ='Sources of Funds Worksheet'!P16 | D76: Housing
A77: fundsSources[6].rownum | B77: 7 | F77: numeric field
A78: fundsSources[7].description | B78: ='Sources of Funds Worksheet'!A17 -> 0 | D78: Housing
A79: fundsSources[7].descriptionCode.code | B79: ='Sources of Funds Worksheet'!S17 -> NA | D79: Housing
A80: fundsSources[7].amount | B80: ='Sources of Funds Worksheet'!D17 -> 0 | D80: Housing
A81: fundsSources[7].rate | B81: ='Sources of Funds Worksheet'!E17 -> 0 | D81: Housing
A82: fundsSources[7].term | B82: ='Sources of Funds Worksheet'!U17 -> 0 | D82: Housing
A83: fundsSources[7].isApproved | B83: ='Sources of Funds Worksheet'!T17 -> N | D83: Housing
A84: fundsSources[7].housingCommercial | B84: Housing | D84: Housing
A85: fundsSources[7].amortPeriod | B85: ='Sources of Funds Worksheet'!V17 -> 0 | D85: Housing
A86: fundsSources[7].annualDebtSvc | B86: ='Sources of Funds Worksheet'!K17 | D86: Housing
A87: fundsSources[7].hardDebt | B87: ='Sources of Funds Worksheet'!P17 | D87: Housing
A88: fundsSources[7].rownum | B88: 8 | F88: numeric field
A89: fundsSources[8].description | B89: ='Sources of Funds Worksheet'!A21 -> 0 | D89: Housing
A90: fundsSources[8].descriptionCode.code | B90: ='Sources of Funds Worksheet'!S21 -> NA | D90: Housing
A91: fundsSources[8].amount | B91: ='Sources of Funds Worksheet'!D21 -> 0 | D91: Housing
A92: fundsSources[8].rate | B92: ='Sources of Funds Worksheet'!E21 -> 0 | D92: Housing
A93: fundsSources[8].term | B93: ='Sources of Funds Worksheet'!U21 -> 0 | D93: Housing
A94: fundsSources[8].isApproved | B94: ='Sources of Funds Worksheet'!T21 -> N | D94: Housing
A95: fundsSources[8].housingCommercial | B95: Housing | D95: Housing
A96: fundsSources[8].amortPeriod | B96: ='Sources of Funds Worksheet'!V21 -> 0 | D96: Housing
A97: fundsSources[8].annualDebtSvc | B97: ='Sources of Funds Worksheet'!K21 | D97: Housing
A98: fundsSources[8].hardDebt | B98: ='Sources of Funds Worksheet'!P21 | D98: Housing
A99: fundsSources[8].rownum | B99: 9
A100: fundsSources[9].description | B100: ='Sources of Funds Worksheet'!A22 -> 0 | D100: Housing
...

Sheet USDA Income Limits
B2: Effective Dates | F2: 2021_4P_50 | G2: 2021_5P_50 | H2: 2021_4P_80 | I2: 2021_5P_80 | J2: 2022_4P_50 | K2: 2022_5P_50 | L2: 2022_4P_80 | M2: 2022_5P_80 | N2: 2023_4P_50 | O2: 2023_5P_50 | P2: 2023_4P_80 | Q2: 2023_5P_80 | R2: 2024_4P_50 | S2: 2024_5P_50 | T2: 2024_4P_80 | U2: 2024_5P_80 | V2: 2025_4P_50 | W2: 2025_5P_50 | X2: 2025_4P_80 | Y2: 2025_5P_80
B3: 2021 | C3: 44197 | E3: Maricopa Co, Arizona | F3: 39500 | G3: 52150 | H3: 63200 | I3: 83400 | J3: 44150 | K3: 58300 | L3: 70650 | M3: 93250 | N3: 46750 | O3: 61750 | P3: 74800 | Q3: 98750 | R3: 51400 | S3: 67850 | T3: 82250 | U3: 108600 | V3: 56100 | W3: 74100 | X3: 89750 | Y3: 118500
B4: 2022 | C4: 44774 | E4: Pima Co, Arizona | F4: 34300 | G4: 45300 | H4: 54900 | I4: 72450 | J4: 38350 | K4: 50650 | L4: 61350 | M4: 81000 | N4: 40600 | O4: 53600 | P4: 64950 | Q4: 85750 | R4: 44650 | S4: 58950 | T4: 71400 | U4: 94250 | V4: 48050 | W4: 63450 | X4: 76900 | Y4: 101550
B5: 2023 | C5: 45159 | E5: Crawford Co, Arkansas | F5: 27150 | G5: 35850 | H5: 43450 | I5: 57350 | J5: 30350 | K5: 40100 | L5: 48550 | M5: 64100 | N5: 32100 | O5: 42400 | P5: 51350 | Q5: 67800 | R5: 33250 | S5: 43900 | T5: 53200 | U5: 70250 | V5: 36300 | W5: 47950 | X5: 58100 | Y5: 76700
B6: 2024 | C6: 45536 | E6: Van Buren Co, Arkansas | F6: 27050 | G6: 35750 | H6: 43300 | I6: 57150 | J6: 30100 | K6: 39750 | L6: 48150 | M6: 63550 | N6: 31700 | O6: 41850 | P6: 50700 | Q6: 66900 | R6: 32600 | S6: 43050 | T6: 52150 | U6: 68850 | V6: 33550 | W6: 44300 | X6: 53700 | Y6: 70900
B7: 2025 | C7: 45901 | E7: Los Angeles Co, California | F7: 59100 | G7: 78050 | H7: 96000 | I7: 126700 | J7: 59550 | K7: 78650 | L7: 96000 | M7: 126700 | N7: 63050 | O7: 83250 | P7: 103600 | Q7: 136750 | R7: 69350 | S7: 91550 | T7: 113950 | U7: 150400 | V7: 75750 | W7: 100000 | X7: 122400 | Y7: 161600
E8: Adams Co, Colorado | F8: 52400 | G8: 69200 | H8: 79900 | I8: 105450 | J8: 58600 | K8: 77400 | L8: 90000 | M8: 118800 | N8: 62050 | O8: 81950 | P8: 96200 | Q8: 127000 | R8: 65200 | S8: 86100 | T8: 102650 | U8: 135500 | V8: 70050 | W8: 92500 | X8: 104200 | Y8: 137550
E9: Alamosa Co, Colorado | F9: 36750 | G9: 48550 | H9: 58800 | I9: 77600 | J9: 41100 | K9: 54300 | L9: 65750 | M9: 86800 | N9: 43500 | O9: 57450 | P9: 69600 | Q9: 91850 | R9: 47100 | S9: 62200 | T9: 75350 | U9: 99500 | V9: 51000 | W9: 67350 | X9: 81600 | Y9: 107750
E10: Arapahoe Co, Colorado | F10: 52400 | G10: 69200 | H10: 79900 | I10: 105450 | J10: 58600 | K10: 77400 | L10: 90000 | M10: 118800 | N10: 62050 | O10: 81950 | P10: 96200 | Q10: 127000 | R10: 65200 | S10: 86100 | T10: 102650 | U10: 135500 | V10: 70050 | W10: 92500 | X10: 104200 | Y10: 137550
E11: Archuleta Co, Colorado | F11: 36750 | G11: 48550 | H11: 58800 | I11: 77600 | J11: 41100 | K11: 54300 | L11: 65750 | M11: 86800 | N11: 43500 | O11: 57450 | P11: 69600 | Q11: 91850 | R11: 47100 | S11: 62200 | T11: 75350 | U11: 99500 | V11: 51000 | W11: 67350 | X11: 81600 | Y11: 107750
E12: Baca Co, Colorado | F12: 36750 | G12: 48550 | H12: 58800 | I12: 77600 | J12: 41100 | K12: 54300 | L12: 65750 | M12: 86800 | N12: 43500 | O12: 57450 | P12: 69600 | Q12: 91850 | R12: 47100 | S12: 62200 | T12: 75350 | U12: 99500 | V12: 51000 | W12: 67350 | X12: 81600 | Y12: 107750
E13: Bent Co, Colorado | F13: 36750 | G13: 48550 | H13: 58800 | I13: 77600 | J13: 41100 | K13: 54300 | L13: 65750 | M13: 86800 | N13: 43500 | O13: 57450 | P13: 69600 | Q13: 91850 | R13: 47100 | S13: 62200 | T13: 75350 | U13: 99500 | V13: 51000 | W13: 67350 | X13: 81600 | Y13: 107750
E14: Boulder Co, Colorado | F14: 58450 | G14: 77200 | H14: 80400 | I14: 106150 | J14: 62700 | K14: 82800 | L14: 90000 | M14: 118800 | N14: 66400 | O14: 87650 | P14: 96200 | Q14: 127000 | R14: 73000 | S14: 96400 | T14: 103350 | U14: 136450 | V14: 75300 | W14: 99400 | X14: 104200 | Y14: 137550
E15: Broomfield Co, Colorado | F15: 52400 | G15: 69200 | H15: 79900 | I15: 105450 | J15: 58600 | K15: 77400 | L15: 90000 | M15: 118800 | N15: 62050 | O15: 81950 | P15: 96200 | Q15: 127000 | R15: 65200 | S15: 86100 | T15: 102650 | U15: 135500 | V15: 70050 | W15: 92500 | X15: 104200 | Y15: 137550
E16: Chaffee Co, Colorado | F16: 36750 | G16: 48550 | H16: 58800 | I16: 77600 | J16: 41100 | K16: 54300 | L16: 65750 | M16: 86800 | N16: 43500 | O16: 57450 | P16: 69600 | Q16: 91850 | R16: 47100 | S16: 62200 | T16: 75350 | U16: 99500 | V16: 51400 | W16: 67850 | X16: 82250 | Y16: 108600
E17: Cheyenne Co, Colorado | F17: 38200 | G17: 50450 | H17: 61100 | I17: 80650 | J17: 42700 | K17: 56400 | L17: 68300 | M17: 90150 | N17: 45200 | O17: 59700 | P17: 72300 | Q17: 95450 | R17: 47100 | S17: 62200 | T17: 75350 | U17: 99500 | V17: 51000 | W17: 67350 | X17: 81600 | Y17: 107750
E18: Clear Creek Co, Colorado | F18: 52400 | G18: 69200 | H18: 79900 | I18: 105450 | J18: 58600 | K18: 77400 | L18: 90000 | M18: 118800 | N18: 62050 | O18: 81950 | P18: 96200 | Q18: 127000 | R18: 65200 | S18: 86100 | T18: 102650 | U18: 135500 | V18: 70050 | W18: 92500 | X18: 104200 | Y18: 137550
E19: Conejos Co, Colorado | F19: 36750 | G19: 48550 | H19: 58800 | I19: 77600 | J19: 41100 | K19: 54300 | L19: 65750 | M19: 86800 | N19: 43500 | O19: 57450 | P19: 69600 | Q19: 91850 | R19: 47100 | S19: 62200 | T19: 75350 | U19: 99500 | V19: 51000 | W19: 67350 | X19: 81600 | Y19: 107750
... E365: Dallas Co, Texas | F365: 44500 | G365: 58750 | H365: 71200 | I365: 94000 | J365: 48700 | K365: 64300 | L365: 77900 | M365: 102850 | N365: 51550 | O365: 68050 | P365: 82500 | Q365: 108900 | R365: 55150 | S365: 72800 | T365: 88250 | U365: 116500 | V365: 58650 | W365: 77450 | X365: 93850 | Y365: 123900
E366: Other County/State

Sheet RBA Data
A1: Identifier
A2: Name | B2: ='Project Information'!B6 -> 0
A3: Type | B3: Rental
A4: Use Type | B4: ='Project Information'!B10:C10 -> 0
A5: Supportive Service | B5: ='Project Information'!C12 -> 0
A6: City
A7: County | B7: ='Project Information'!B7:E7 -> 0
A8: State | B8: ='Project Information'!B8:C8
A9: VLI | B9: ='Rental Project Worksheet'!D61 -> 0
A10: Total Units | B10: ='Rental Project Worksheet'!D60 -> 0
A11: AHP Asst Units | B11: ='Rental Project Worksheet'!H62 -> 0
A12: Units <= 30% | B12: ='Rental Project Worksheet'!H61 -> 0
A13: Land Acquisition | B13: =IF('Development Budget Worksheet'!C6-'Development Budget Worksheet'!D6=0,"",'Development Budget Worksheet'!C6-'Development Budget Worksheet'!D6)
A14: Building Acquisition | B14: =IF('Development Budget Worksheet'!C7-'Development Budget Worksheet'!D7=0,"",'Development Budget Worksheet'!C7-'Development Budget Worksheet'!D7)
A15: Closing Costs | B15: =IF('Development Budget Worksheet'!C8-'Development Budget Worksheet'!D8=0,"",'Development Budget Worksheet'!C8-'Development Budget Worksheet'!D8)
A16: Legal Fees | B16: =IF('Development Budget Worksheet'!C9-'Development Budget Worksheet'!D9=0,"",'Development Budget Worksheet'!C9-'Development Budget Worksheet'!D9)
A17: Title, Recording and Escrow Fees | B17: =IF('Development Budget Worksheet'!C10-'Development Budget Worksheet'!D10=0,"",'Development Budget Worksheet'!C10-'Development Budget Worksheet'!D10)
A18: Other: (specify) | B18: =IF('Development Budget Worksheet'!C11-'Development Budget Worksheet'!D11=0,"",'Development Budget Worksheet'!C11-'Development Budget Worksheet'!D11)
A19: Earthwork - Site Grading, Clearing | B19: =IF('Development Budget Worksheet'!C15-'Development Budget Worksheet'!D15=0,"",'Development Budget Worksheet'!C15-'Development Budget Worksheet'!D15)
A20: Demolition | B20: =IF('Development Budget Worksheet'!C16-'Development Budget Worksheet'!D16=0,"",'Development Budget Worksheet'!C16-'Development Budget Worksheet'!D16)
A21: Off-Site Improvements | B21: =IF('Development Budget Worksheet'!C17-'Development Budget Worksheet'!D17=0,"",'Development Budget Worksheet'!C17-'Development Budget Worksheet'!D17)
A22: Site Environmental | B22: =IF('Development Budget Worksheet'!C18-'Development Budget Worksheet'!D18=0,"",'Development Budget Worksheet'!C18-'Development Budget Worksheet'!D18)
A23: Site Utilities | B23: =IF('Development Budget Worksheet'!C19-'Development Budget Worksheet'!D19=0,"",'Development Budget Worksheet'!C19-'Development Budget Worksheet'!D19)
A24: Roads and Walks | B24: =IF('Development Budget Worksheet'!C20-'Development Budget Worksheet'!D20=0,"",'Development Budget Worksheet'!C20-'Development Budget Worksheet'!D20)
A25: Site Improvements | B25: =IF('Development Budget Worksheet'!C21-'Development Budget Worksheet'!D21=0,"",'Development Budget Worksheet'!C21-'Development Budget Worksheet'!D21)
A26: Lawns and Planting | B26: =IF('Development Budget Worksheet'!C22-'Development Budget Worksheet'!D22=0,"",'Development Budget Worksheet'!C22-'Development Budget Worksheet'!D22)
A27: Unusual Site Conditions | B27: =IF('Development Budget Worksheet'!C23-'Development Budget Worksheet'!D23=0,"",'Development Budget Worksheet'!C23-'Development Budget Worksheet'!D23)
A28: Other: (specify) | B28: =IF('Development Budget Worksheet'!C24-'Development Budget Worksheet'!D24=0,"",'Development Budget Worksheet'!C24-'Development Budget Worksheet'!D24)
A29: New Construction Costs | B29: =IF('Development Budget Worksheet'!C28-'Development Budget Worksheet'!D28=0,"",'Development Budget Worksheet'!C28-'Development Budget Worksheet'!D28)
A30: Rehabilitation Costs | B30: =IF('Development Budget Worksheet'!C29-'Development Budget Worksheet'!D29=0,"",'Development Budget Worksheet'!C29-'Development Budget Worksheet'!D29)
A31: Building Hazardous Material Remediation | B31: =IF('Development Budget Worksheet'!C30-'Development Budget Worksheet'!D30=0,"",'Development Budget Worksheet'!C30-'Development Budget Worksheet'!D30)
A32: General Requirements | B32: =IF('Development Budget Worksheet'!C31-'Development Budget Worksheet'!D31=0,"",'Development Budget Worksheet'!C31-'Development Budget Worksheet'!D31)
A33: General Contractor Overhead | B33: =IF('Development Budget Worksheet'!C32-'Development Budget Worksheet'!D32=0,"",'Development Budget Worksheet'!C32-'Development Budget Worksheet'!D32)
A34: General Contractor Profit | B34: =IF('Development Budget Worksheet'!C33-'Development Budget Worksheet'!D33=0,"",'Development Budget Worksheet'!C33-'Development Budget Worksheet'!D33)
A35: Construction Contingency | B35: =IF('Development Budget Worksheet'!C34-'Development Budget Worksheet'!D34=0,"",'Development Budget Worksheet'!C34-'Development Budget Worksheet'!D34)
A36: Local Permit Fees | B36: =IF('Development Budget Worksheet'!C35-'Development Budget Worksheet'!D35=0,"",'Development Budget Worksheet'!C35-'Development Budget Worksheet'!D35)
A37: Tap Permit Fees | B37: =IF('Development Budget Worksheet'!C36-'Development Budget Worksheet'!D36=0,"",'Development Budget Worksheet'!C36-'Development Budget Worksheet'!D36)
A38: Furniture, Fixtures, and Equipment (FF&E) | B38: =IF('Development Budget Worksheet'!C37-'Development Budget Worksheet'!D37=0,"",'Development Budget Worksheet'!C37-'Development Budget Worksheet'!D37)
A39: Other: (specify) | B39: =IF('Development Budget Worksheet'!C39-'Development Budget Worksheet'!D39=0,"",'Development Budget Worksheet'!C39-'Development Budget Worksheet'!D39)
A40: Architect Fees | B40: =IF('Development Budget Worksheet'!C43-'Development Budget Worksheet'!D43=0,"",'Development Budget Worksheet'!C43-'Development Budget Worksheet'!D43)
A41: Environmental | B41: =IF('Development Budget Worksheet'!C44-'Development Budget Worksheet'!D44=0,"",'Development Budget Worksheet'!C44-'Development Budget Worksheet'!D44)
A42: Legal Fees - Eligible | B42: =IF('Development Budget Worksheet'!C45-'Development Budget Worksheet'!D45=0,"",'Development Budget Worksheet'!C45-'Development Budget Worksheet'!D45)
A43: Legal Fees - Ineligible | B43: =IF('Development Budget Worksheet'!C46-'Development Budget Worksheet'!D46=0,"",'Development Budget Worksheet'!C46-'Development Budget Worksheet'!D46)
A44: Historic Consultant Fee | B44: =IF('Development Budget Worksheet'!C47-'Development Budget Worksheet'!D47=0,"",'Development Budget Worksheet'!C47-'Development Budget Worksheet'!D47)
A45: Engineering | B45: =IF('Development Budget Worksheet'!C48-'Development Budget Worksheet'!D48=0,"",'Development Budget Worksheet'!C48-'Development Budget Worksheet'!D48)
A46: Surveying | B46: =IF('Development Budget Worksheet'!C49-'Development Budget Worksheet'!D49=0,"",'Development Budget Worksheet'!C49-'Development Budget Worksheet'!D49)
A47: Other: (specify) | B47: =IF('Development Budget Worksheet'!C50-'Development Budget Worksheet'!D50=0,"",'Development Budget Worksheet'!C50-'Development Budget Worksheet'!D50)
A48: Hazard/Risk/Liability Insurance | B48: =IF('Development Budget Worksheet'!C54-'Development Budget Worksheet'!D54=0,"",'Development Budget Worksheet'!C54-'Development Budget Worksheet'!D54)
A49: Construction Bond Premium | B49: =IF('Development Budget Worksheet'!C55-'Development Budget Worksheet'!D55=0,"",'Development Budget Worksheet'!C55-'Development Budget Worksheet'!D55)
A50: Performance Bond | B50: =IF('Development Budget Worksheet'!C56-'Development Budget Worksheet'!D56=0,"",'Development Budget Worksheet'!C56-'Development Budget Worksheet'!D56)
A51: Credit Report | B51: =IF('Development Budget Worksheet'!C57-'Development Budget Worksheet'!D57=0,"",'Development Budget Worksheet'!C57-'Development Budget Worksheet'!D57)
A52: Construction Loan Interest | B52: =IF('Development Budget Worksheet'!C58-'Development Budget Worksheet'!D58=0,"",'Development Budget Worksheet'!C58-'Development Budget Worksheet'!D58)
A53: Construction Loan Origination Fees | B53: =IF('Development Budget Worksheet'!C59-'Development Budget Worksheet'!D59=0,"",'Development Budget Worksheet'!C59-'Development Budget Worksheet'!D59)
A54: Discount Points | B54: =IF('Development Budget Worksheet'!C60-'Development Budget Worksheet'!D60=0,"",'Development Budget Worksheet'!C60-'Development Budget Worksheet'!D60)
A55: Credit Enhancement Fee | B55: =IF('Development Budget Worksheet'!C61-'Development Budget Worksheet'!D61=0,"",'Development Budget Worksheet'!C61-'Development Budget Worksheet'!D61)
A56: Inspection Fees | B56: =IF('Development Budget Worksheet'!C62-'Development Budget Worksheet'!D62=0,"",'Development Budget Worksheet'!C62-'Development Budget Worksheet'!D62)
A57: Title, Recording and Escrow Fees | B57: =IF('Development Budget Worksheet'!C63-'Development Budget Worksheet'!D63=0,"",'Development Budget Worksheet'!C63-'Development Budget Worksheet'!D63)
A58: Security | B58: =IF('Development Budget Worksheet'!C64-'Development Budget Worksheet'!D64=0,"",'Development Budget Worksheet'!C64-'Development Budget Worksheet'!D64)
A59: Real Estate Taxes | B59: =IF('Development Budget Worksheet'!C65-'Development Budget Worksheet'!D65=0,"",'Development Budget Worksheet'!C65-'Development Budget Worksheet'!D65)
A60: Other: (specify) | B60: =IF('Development Budget Worksheet'!C66-'Development Budget Worksheet'!D66=0,"",'Development Budget Worksheet'!C66-'Development Budget Worksheet'!D66)
A61: Bond Premium | B61: =IF('Development Budget Worksheet'!C70-'Development Budget Worksheet'!D70=0,"",'Development Budget Worksheet'!C70-'Development Budget Worksheet'!D70)
A62: Bond Issue Reserve/Bond Issuance | B62: =IF('Development Budget Worksheet'!C71-'Development Budget Worksheet'!D71=0,"",'Development Budget Worksheet'!C71-'Development Budget Worksheet'!D71)
A63: Credit Report | B63: =IF('Development Budget Worksheet'!C72-'Development Budget Worksheet'!D72=0,"",'Development Budget Worksheet'!C72-'Development Budget Worksheet'!D72)
A64: Discount Points | B64: =IF('Development Budget Worksheet'!C73-'Development Budget Worksheet'!D73=0,"",'Development Budget Worksheet'!C73-'Development Budget Worksheet'!D73)
A65: Permanent Loan Origination Fees | B65: =IF('Development Budget Worksheet'!C74-'Development Budget Worksheet'!D74=0,"",'Development Budget Worksheet'!C74-'Development Budget Worksheet'!D74)
A66: Permanent Loan Credit Enhancement | B66: =IF('Development Budget Worksheet'!C75-'Development Budget Worksheet'!D75=0,"",'Development Budget Worksheet'!C75-'Development Budget Worksheet'!D75)
A67: Title, Recording and Escrow Fees | B67: =IF('Development Budget Worksheet'!C76-'Development Budget Worksheet'!D76=0,"",'Development Budget Worksheet'!C76-'Development Budget Worksheet'!D76)
A68: Prepaid Mortgage Insurance Premium | B68: =IF('Development Budget Worksheet'!C77-'Development Budget Worksheet'!D77=0,"",'Development Budget Worksheet'!C77-'Development Budget Worksheet'!D77)
A69: Other: (specify) | B69: =IF('Development Budget Worksheet'!C78-'Development Budget Worksheet'!D78=0,"",'Development Budget Worksheet'!C78-'Development Budget Worksheet'!D78)
A70: Market/Feasibility Study | B70: =IF('Development Budget Worksheet'!C82-'Development Budget Worksheet'!D82=0,"",'Development Budget Worksheet'!C82-'Development Budget Worksheet'!D82)
A71: Environmental Study | B71: =IF('Development Budget Worksheet'!C83-'Development Budget Worksheet'!D83=0,"",'Development Budget Worksheet'!C83-'Development Budget Worksheet'!D83)
A72: Tax Credit Fees | B72: =IF('Development Budget Worksheet'!C84-'Development Budget Worksheet'!D84=0,"",'Development Budget Worksheet'!C84-'Development Budget Worksheet'!D84)
A73: Compliance Fees | B73: =IF('Development Budget Worksheet'!C85-'Development Budget Worksheet'!D85=0,"",'Development Budget Worksheet'!C85-'Development Budget Worksheet'!D85)
A74: Cost Certification | B74: =IF('Development Budget Worksheet'!C86-'Development Budget Worksheet'!D86=0,"",'Development Budget Worksheet'!C86-'Development Budget Worksheet'!D86)
A75: Contingency Soft Costs | B75: =IF('Development Budget Worksheet'!C87-'Development Budget Worksheet'!D87=0,"",'Development Budget Worksheet'!C87-'Development Budget Worksheet'!D87)
A76: Appraisal | B76: =IF('Development Budget Worksheet'!C88-'Development Budget Worksheet'!D88=0,"",'Development Budget Worksheet'!C88-'Development Budget Worksheet'!D88)
A77: Relocation Costs | B77: =IF('Development Budget Worksheet'!C89-'Development Budget Worksheet'!D89=0,"",'Development Budget Worksheet'!C89-'Development Budget Worksheet'!D89)
A78: Marketing | B78: =IF('Development Budget Worksheet'!C90-'Development Budget Worksheet'!D90=0,"",'Development Budget Worksheet'!C90-'Development Budget Worksheet'!D90)
A79: Other: (specify) | B79: =IF('Development Budget Worksheet'!C91-'Development Budget Worksheet'!D91=0,"",'Development Budget Worksheet'!C91-'Development Budget Worksheet'!D91)
A80: Organization Costs | B80: =IF('Development Budget Worksheet'!C95-'Development Budget Worksheet'!D95=0,"",'Development Budget Worksheet'!C95-'Development Budget Worksheet'!D95)
A81: Bridge Loan Expenses | B81: =IF('Development Budget Worksheet'!C96-'Development Budget Worksheet'!D96=0,"",'Development Budget Worksheet'!C96-'Development Budget Worksheet'!D96)
A82: Legal Fees | B82: =IF('Development Budget Worksheet'!C97-'Development Budget Worksheet'!D97=0,"",'Development Budget Worksheet'!C97-'Development Budget Worksheet'!D97)
A83: Tax Opinion | B83: =IF('Development Budget Worksheet'!C98-'Development Budget Worksheet'!D98=0,"",'Development Budget Worksheet'!C98-'Development Budget Worksheet'!D98)
A84: Other: (specify) | B84: =IF('Development Budget Worksheet'!C99-'Development Budget Worksheet'!D99=0,"",'Development Budget Worksheet'!C99-'Development Budget Worksheet'!D99)
A85: Developer Fees | B85: =IF('Development Budget Worksheet'!C103-'Development Budget Worksheet'!D103=0,"",'Development Budget Worksheet'!C103-'Development Budget Worksheet'!D103)
A86: Consultant Fees | B86: =IF('Development Budget Worksheet'!C104-'Development Budget Worksheet'!D104=0,"",'Development Budget Worksheet'!C104-'Development Budget Worksheet'!D104)
A87: Other: (specify) | B87: =IF('Development Budget Worksheet'!C105-'Development Budget Worksheet'!D105=0,"",'Development Budget Worksheet'!C105-'Development Budget Worksheet'!D105)
A88: Rent Up Reserves | B88: =IF('Development Budget Worksheet'!C109-'Development Budget Worksheet'!D109=0,"",'Development Budget Worksheet'!C109-'Development Budget Worksheet'!D109)
A89: Operating Reserves | B89: =IF('Development Budget Worksheet'!C110-'Development Budget Worksheet'!D110=0,"",'Development Budget Worksheet'!C110-'Development Budget Worksheet'!D110)
A90: Replacement Reserve | B90: =IF('Development Budget Worksheet'!C111-'Development Budget Worksheet'!D111=0,"",'Development Budget Worksheet'!C111-'Development Budget Worksheet'!D111)
A91: Escrows (Explain Below) | B91: =IF('Development Budget Worksheet'!C112-'Development Budget Worksheet'!D112=0,"",'Development Budget Worksheet'!C112-'Development Budget Worksheet'!D112)
A92: Debt Service Reserve | B92: =IF('Development Budget Worksheet'!C113-'Development Budget Worksheet'!D113=0,"",'Development Budget Worksheet'!C113-'Development Budget Worksheet'!D113)
A93: Rental Assistance Reserves | B93: =IF('Development Budget Worksheet'!C114-'Development Budget Worksheet'!D114=0,"",'Development Budget Worksheet'!C114-'Development Budget Worksheet'!D114)
A94: Total Development Costs | B94: =IF('Development Budget Worksheet'!C117=0,"",'Development Budget Worksheet'!C117)
A95: Non-Residential Costs | B95: ='Development Budget Worksheet'!D119 -> 0
A96: Residential Costs | B96: ='Development Budget Worksheet'!E121 -> 0
A97: Eligible Basis | C97: Don't need - not causing errors, no not delete
A98: Project Type | B98: ='Project Information'!B9 -> 0
A99: Total Number of buildings | B99: ='Project Information'!H8 -> 0
A100: Units/Bldg | B100: ='Rental Project Worksheet'!D60/'Project Information'!H8 -> #DIV/0!
...

Sheet Project Information
A1: FHLBank Topeka -- Affordable Housing Program
A2: Project Information Worksheet
A3: Effective Date: 09/01/2025
A4: =IF(OR(E5="",B6="",B7="",B8="",B9="",B10="",C12="",C14="",C15=""),"All information on this page must be completed before moving on.","") -> All information on this page must be completed before moving on.
C5: =IF(E5="","Please enter in today's date (MM/DD/YY)","") -> Please enter in today's date (MM/DD/YY) | D5: Date:
A6: Project Name:
A7: Project County: | G7: Project Characteristics | M7: =IF(H14="",0,H14) -> 0 | N7: NEW CONST SQ FT
A8: Project State: | B8: =IF(B7="","",IF(B7="Other County/State","Other",IF(OR((MID(B7,FIND(",",B7)+2,256)="Kansas"),(MID(B7,FIND(",",B7)+2,256)="Colorado"),(MID(B7,FIND(",",B7)+2,256)="Oklahoma"),(MID(B7,FIND(",",B7)+2,256)="Nebraska")),MID(B7,FIND(",",B7)+2,256),"Other"))) | D8: =IF(B7="Other County/State","Please contact HCD to receive a workbook with Applicable County Information","") | G8: Total Number of buildings | M8: =IF(H13="",0,H13) -> 0 | N8: REHAB SQ FT
A9: Project Type: | D9: =IF(B9="Other","Clarify Project Type in explanation box below.","") | G9: Gross floor area of all buildings (Sq Ft.) | H9: =H10+H11+H12 -> 0 | M9: =H10/'Rental Project Worksheet'!D60 -> #DIV/0! | N9: AVG SIZE PER UNIT (SQ FT)
A10: Construction Type: | G10: Residential bldg floor area (Sq Ft.) | I10: =IF(AND(H13="",H14=""),"Enter Rehab or New Construction Sq Ft","") -> Enter Rehab or New Construction Sq Ft | M10: =IF(H12="",0,H12) -> 0 | N10: NON-RESIDENTIAL SQ FT
A11: Residents Currently Occupy Project: | D11: =IF(C11="Yes","Complete the Tenant Income Worksheet, available on the AHP website.","") | G11: Gross floor area of community and amenities (Sq Ft.) | I11: =IF(AND(K13="",K14=""),"Enter Rehab or New Construction Units","") -> Enter Rehab or New Construction Units | M11: =H12/H9 -> #DIV/0! | N11: NON-RESIDENTIAL % OF SQ FT
A12: Project is Supportive Service: | E12: =IF(C11= "Yes", HYPERLINK("https://www.fhlbtopeka.com/community-programs-grant-programs-forms","Link to Tenant Income Worksheet"),"") | G12: Non-Residential bldg floor area (Sq Ft.) | I12: # of Acquisition Only Units | M12: =(H11/(H10+H11)) -> #DIV/0! | N12: % SQ FT COMMUNITY AND AMENITIES
A13: Project includes Low Income Housing Tax Credits: | G13: Rehab residential Sq Ft | I13: # of Rehab Units | M13: =H13/K13 -> #DIV/0! | N13: REHAB RESIDENTIAL SQ FT / UNIT
A14: Includes Non-Residential Space: | D14: =IF(C14="Yes","Complete the Non-Residential Questions Below.","") | G14: New construction residential Sq Ft | I14: # of New Const Units | M14: =H14/K14 -> #DIV/0! | N14: NEW CONSTRUCTION RESIDENTIAL SQ FT / UNIT
A15: Contractor Identity of Interest: | G15: Elevator? | M15: =H10-H13-H14 -> 0 | N15: ACQUISITION ONLY SQ FT
A16: =IF(OR(B9="Rehabilitation",B9="Acquisition Rehabilitation"),"Rehab Costs Supported by Bid(s):","Site Work Costs Supported by Bid(s):") -> Site Work Costs Supported by Bid(s): | D16: =IF(C16="No","Obtain bid, Engineer's Estimate of Site Work Required, or Architect's Quanity Takeoff of Materials. Application reviewers may request at a later date.","") | G16: Size of project site in square feet | M16: =SUM(K12:K14) -> 0 | N16: # OF UNITS
A17: Tenants Pay Electricity: | G17: Explanation: In the box below enter any further explanations for this page. | M17: =K13 -> 0 | N17: # OF REHAB UNITS
A18: Tenants Pay Gas: | M18: =K14 -> 0 | N18: # OF NEW CONST UNITS
A19: Tenants Pay Water/Sewer: | M19: =K12 -> 0 | N19: # OF ACQ ONLY UNITS
A20: Type of AHP Funds Requested: | M20: =IF(H15="Yes","Y",IF(H15="No","N","")) | N20: ELEVATOR
A21: Project Receives Rental Assistance: | D21: =IF(C21="No","",IF(C21="Project Based","Enter total subsidy payment in the corresponding column on the housing pro forma. Provide supporting documentation.",IF(C21="Rent Based","Enter tenant & assistance portion separately on the Rental Project Worksheet. Provide supporting documentation.",IF(C21="Project and Rent Based","Enter total subsidy payment in the corresponding column on the housing pro forma, and enter tenant & assistance portion separately on the Rental Project Worksheet. Provide supporting documentation.",""))))
A22: Number of months to lease up:
A23: =IF(C14="Yes","Non-Residential Development Costs are known & supported by bids:","")
A24: =IF(OR(C14="No",C14=""),"",IF(C23="Yes","Complete the 'Non-Residential Costs' Column on the Development Budget Worksheet. Residential and Non-Residential Costs must be included in 'Total Budget Amount' column. Include $0 in the budget where necessary. Call HCD with questions. 866-571-8155",IF(C23="No","The Development Budget Worksheet will calculate the subtotal for Non-Residential costs in the 'Non-Residential Costs' column. You can override the subtotal by inputting the known costs in each cost section. Call HCD if you have questions. 866-571-8155.","")))
A25: =IF(C14="Yes","Non-Residential Development Costs are supported by permanent debt:","")
A26: =IF(C14="No","",IF(C25="No","Non-Residential Costs will automatically calculate based on the percentage of residential and non-residential costs entered in the Project Characteristics section.",IF(C25="Yes","The cost of the permanent debt should be reflected in the 'Non-Residential Costs' column of the Development Budget Worksheet. The permanent debt should be reflected in the 'Non-Residential Sources of Funds' on the Sources of Funds Worksheet.","")))
A27: =IF(C14="Yes","The developer is collecting developer fees for the Non-Residential space:","")
A28: =IF(OR(C14="No",C14=""),"",IF(C27="Yes","The cost of the developer fee should be reflected in the 'Non-Residential Costs' column of the Development Budget Worksheet.",""))

Sheet Rental Project Worksheet
A1: FHLBank Topeka -- Affordable Housing Program
C2: Rental Project Worksheet
B3: Date Completed: | C3: =IF(Date="","",Date)
A4: Instructions: In the blue shaded cells, input the number of units for each unit type and AMI% category with corresponding rent amounts the Tenant is responsible for and the additional assistance the Project receives on behalf of the tenant. Use the maximum rent amount the tenant will pay.
A5: =IF(D6="Other County/State","Please contact HCD to receive a workbook with applicable county information.","")
A6: Project County/State: | D6: =IF('Project Information'!B7="","",'Project Information'!B7) | H6: {=IF(YEAR(Date)<2021, TEXT(Date,"yyyy"), INDEX(Effective_Date_Year, MATCH(MAX(IF(Effective_Date<=Date, Effective_Date)), Effective_Date, 0), 1))} -> 1900
A7: 50% (AMI) for the project location (4 per household): | E7: =IF(YEAR(Date)<2021, IF(H6="1900","",IF(D6="","",IF($D$6="Other County/State","",INDEX('Income Limits'!C3:AZ402,MATCH(D6,County,0),MATCH(H6,Year,1))))), IF($D$6="Other County/State", "", INDEX(INDIRECT("USDA_" & $H$6 & "_Income_Limits"), MATCH($D$6, USDA_Counties, 0), 1)))
A9: Targeted USDA Income Limit | B9: Household Size
B10: 1 | C10: 2 | D10: 3 | E10: 4 | F10: 5 | G10: 6 | H10: 7 | I10: 8
A11: <=30% | B11: =IF(YEAR(Date)<2021, (E11*0.7), E11) -> #VALUE! | C11: =IF(YEAR(Date)<2021, (E11*0.8), E11) -> #VALUE! | D11: =IF(YEAR(Date)<2021, (E11*0.9), E11) -> #VALUE! | E11: =IF(YEAR(Date)<2021, IF($D$6="Other County/State",$H$7*2*0.3,($E$7*2)*0.3), CEILING((E13*2*0.3), 1)) -> #VALUE! | F11: =IF(YEAR(Date)<2021, (E11*1.08), CEILING((F13*2*0.3), 1)) -> #VALUE! | G11: =IF(YEAR(Date)<2021, (E11*1.16), F11) -> #VALUE! | H11: =IF(YEAR(Date)<2021, (E11*1.24), F11) -> #VALUE! | I11: =IF(YEAR(Date)<2021, (E11*1.32), F11) -> #VALUE!
A12: <=40% | B12: =IF(YEAR(Date)<2021, (E12*0.7), E12) -> #VALUE! | C12: =IF(YEAR(Date)<2021, (E12*0.8), E12) -> #VALUE! | D12: =IF(YEAR(Date)<2021, (E12*0.9), E12) -> #VALUE! | E12: =IF(YEAR(Date)<2021, IF($D$6="Other County/State",$H$7*2*0.4,($E$7*2)*0.4), CEILING(E13*2*0.4, 1)) -> #VALUE! | F12: =IF(YEAR(Date)<2021, (E12*1.08), CEILING((F13*2*0.4), 1)) -> #VALUE! | G12: =IF(YEAR(Date)<2021, (E12*1.16), F12) -> #VALUE! | H12: =IF(YEAR(Date)<2021, (E12*1.24), F12) -> #VALUE! | I12: =IF(YEAR(Date)<2021, (E12*1.32), F12) -> #VALUE!
A13: <=50% | B13: =IF(YEAR(Date)<2021, (E13*0.7), E13) -> #VALUE! | C13: =IF(YEAR(Date)<2021, (E13*0.8), E13) -> #VALUE! | D13: =IF(YEAR(Date)<2021, (E13*0.9), E13) -> #VALUE! | E13: =IF(YEAR(Date)<2021, IF($D$6="Other County/State",$H$7*2*0.5,($E$7*2)*0.5), INDEX(INDIRECT("USDA_" & $H$6 & "_Income_Limits"), MATCH($D$6, USDA_Counties, 0), 1)) -> #VALUE! | F13: =IF(YEAR(Date)<2021, (E13*1.08), INDEX(INDIRECT("USDA_" & $H$6 & "_Income_Limits"), MATCH($D$6, USDA_Counties, 0), 2)) -> #VALUE! | G13: =IF(YEAR(Date)<2021, (E13*1.16), F13) -> #VALUE! | H13: =IF(YEAR(Date)<2021, (E13*1.24), F13) -> #VALUE! | I13: =IF(YEAR(Date)<2021, (E13*1.32), F13) -> #VALUE!
A14: <=60% | B14: =IF(YEAR(Date)<2021, (E14*0.7), E14) -> #VALUE! | C14: =IF(YEAR(Date)<2021, (E14*0.8), E14) -> #VALUE! | D14: =IF(YEAR(Date)<2021, (E14*0.9), E14) -> #VALUE! | E14: =IF(YEAR(Date)<2021, IF($D$6="Other County/State",$H$7*2*0.6,($E$7*2)*0.6), CEILING(((E16-E13)/(0.8-0.5))*(0.6-0.5) + E13, 1)) -> #VALUE! | F14: =IF(YEAR(Date)<2021, (E14*1.08), CEILING(((F16-F13)/(0.8-0.5))*(0.6-0.5) + F13, 1)) -> #VALUE! | G14: =IF(YEAR(Date)<2021, (E14*1.16), F14) -> #VALUE! | H14: =IF(YEAR(Date)<2021, (E14*1.24), F14) -> #VALUE! | I14: =IF(YEAR(Date)<2021, (E14*1.32), F14) -> #VALUE!
A15: <=70% | B15: =IF(YEAR(Date)<2021, (E15*0.7), E15) -> #VALUE! | C15: =IF(YEAR(Date)<2021, (E15*0.8), E15) -> #VALUE! | D15: =IF(YEAR(Date)<2021, (E15*0.9), E15) -> #VALUE! | E15: =IF(YEAR(Date)<2021, IF($D$6="Other County/State",$H$7*2*0.7,($E$7*2)*0.7), CEILING(((E16-E13)/(0.8-0.5))*(0.7-0.5) + E13, 1)) -> #VALUE! | F15: =IF(YEAR(Date)<2021, (E15*1.08), CEILING(((F16-F13)/(0.8-0.5))*(0.7-0.5) + F13, 1)) -> #VALUE! | G15: =IF(YEAR(Date)<2021, (E15*1.16), F15) -> #VALUE! | H15: =IF(YEAR(Date)<2021, (E15*1.24), F15) -> #VALUE! | I15: =IF(YEAR(Date)<2021, (E15*1.32), F15) -> #VALUE!
A16: <=80% | B16: =IF(YEAR(Date)<2021, (E16*0.7), E16) -> #VALUE! | C16: =IF(YEAR(Date)<2021, (E16*0.8), E16) -> #VALUE! | D16: =IF(YEAR(Date)<2021, (E16*0.9), E16) -> #VALUE! | E16: =IF(YEAR(Date)<2021, IF($D$6="Other County/State",$H$7*2*0.8,($E$7*2)*0.8), INDEX(INDIRECT("USDA_"&$H$6&"_Income_Limits"),MATCH($D$6,USDA_Counties,0),3)) -> #VALUE! | F16: =IF(YEAR(Date)<2021, (E16*1.08), INDEX(INDIRECT("USDA_" & $H$6 & "_Income_Limits"), MATCH($D$6, USDA_Counties, 0), 4)) -> #VALUE! | G16: =IF(YEAR(Date)<2021, (E16*1.16), F16) -> #VALUE! | H16: =IF(YEAR(Date)<2021, (E16*1.24), F16) -> #VALUE! | I16: =IF(YEAR(Date)<2021, (E16*1.32), F16) -> #VALUE!
A17: =IF(AND('Project Information'!E5="",'Project Information'!B6="",'Project Information'!B7=""),"The Project Information tab must be completed to make this worksheet accessible.",IF('Project Information'!B8="Colorado","Reflect homeless units in the <=30% AMI category, if applicable.","")) -> The Project Information tab must be completed to make this worksheet accessible.
A18: Income Restriction (%AMI) | C18: Number of Bedrooms | D18: # of Units | E18: Maximum AHP Rent | F18: Proposed Tenant Share of Rent | G18: Proposed Assisted Share of Rent | H18: Annual Rent Revenue
A19: <=30% AMI | C19: 0 BR or SRO | E19: =(B11/12)*0.3 -> #VALUE! | H19: =(F19+G19)*D19*12 -> 0
C20: 1 BR | E20: =(((B11+C11)/2)/12)*0.3 -> #VALUE! | H20: =(F20+G20)*D20*12 -> 0 | I20: Units by Type
C21: 2 BR | E21: =(D11/12)*0.3 -> #VALUE! | H21: =(F21+G21)*D21*12 -> 0 | Q21: Units by # of bdrs
C22: 3 BR | E22: =((E11+F11)/2/12)*0.3 -> #VALUE! | H22: =(F22+G22)*D22*12 -> 0 | I22: 0 BR or SRO | J22: =D19+D24+D29+D34+D39+D44+D49+D54 -> 0 | Q22: 0 BR or SRO | R22: =D19+D24+D29+D34+D39+D44+D49+D54 -> 0
C23: 4 BR | E23: =(G11/12)*0.3 -> #VALUE! | H23: =(F23+G23)*D23*12 -> 0
A24: >30% AMI <=40% AMI | C24: 0 BR or SRO | E24: =(B12/12)*0.3 -> #VALUE! | H24: =(F24+G24)*D24*12 -> 0 | I24: 1 BR | J24: =D20+D25+D30+D35+D40+D45+D50+D55 -> 0 | Q24: 1 BR | R24: =D20+D25+D30+D35+D40+D45+D50+D55 -> 0
C25: 1 BR | E25: =((B12+C12)/2/12)*0.3 -> #VALUE! | H25: =(F25+G25)*D25*12 -> 0
C26: 2 BR | E26: =(D12/12)*0.3 -> #VALUE! | H26: =(F26+G26)*D26*12 -> 0 | I26: 2 BR | J26: =D21+D26+D31+D36+D41+D46+D51+D56 -> 0 | Q26: 2 BR | R26: =D21+D26+D31+D36+D41+D46+D56+D51 -> 0
C27: 3 BR | E27: =((E12+F12)/2/12)*0.3 -> #VALUE! | H27: =(F27+G27)*D27*12 -> 0
C28: 4 BR | E28: =(G12/12)*0.3 -> #VALUE! | H28: =(F28+G28)*D28*12 -> 0 | I28: 3 BR | J28: =D22+D27+D32+D37+D42+D47+D52+D57 -> 0 | Q28: 3 BR | R28: =D22+D27+D32+D37+D42+D47+D52+D57 -> 0
A29: >40% AMI <=50% AMI | C29: 0 BR or SRO | E29: =(B13/12)*0.3 -> #VALUE! | H29: =(F29+G29)*D29*12 -> 0
C30: 1 BR | E30: =((B13+C13)/2/12)*0.3 -> #VALUE! | H30: =(F30+G30)*D30*12 -> 0 | I30: 4 BR | J30: =D23+D28+D33+D38+D43+D48+D53+D58 -> 0 | Q30: 4 BR | R30: =D23+D28+D33+D38+D43+D48+D53+D58 -> 0
C31: 2 BR | E31: =(D13/12)*0.3 -> #VALUE! | H31: =(F31+G31)*D31*12 -> 0
C32: 3 BR | E32: =((E13+F13)/2/12)*0.3 -> #VALUE! | H32: =(F32+G32)*D32*12 -> 0 | I32: Total | J32: =SUM(J22:J31) -> 0
C33: 4 BR | E33: =(G13/12)*0.3 -> #VALUE! | H33: =(F33+G33)*D33*12 -> 0
A34: >50% AMI <=60% AMI | C34: 0 BR or SRO | E34: =(B14/12)*0.3 -> #VALUE! | H34: =(F34+G34)*D34*12 -> 0
C35: 1 BR | E35: =((B14+C14)/2/12)*0.3 -> #VALUE! | H35: =(F35+G35)*D35*12 -> 0
C36: 2 BR | E36: =(D14/12)*0.3 -> #VALUE! | H36: =(F36+G36)*D36*12 -> 0 | I36: Units by AMI %
C37: 3 BR | E37: =((E14+F14)/2/12)*0.3 -> #VALUE! | H37: =(F37+G37)*D37*12 -> 0
C38: 4 BR | E38: =(G14/12)*0.3 -> #VALUE! | H38: =(F38+G38)*D38*12 -> 0 | I38: <=30 | J38: =SUM(D19:D23) -> 0
A39: >60% AMI <=70% AMI | C39: 0 BR or SRO | E39: =(B15/12)*0.3 -> #VALUE! | H39: =(F39+G39)*D39*12 -> 0
C40: 1 BR | E40: =((B15+C15)/2/12)*0.3 -> #VALUE! | H40: =(F40+G40)*D40*12 -> 0 | I40: 30 - 40 | J40: =SUM(D24:D28) -> 0 | Q40: Income Targeting
C41: 2 BR | E41: =(D15/12)*0.3 -> #VALUE! | H41: =(F41+G41)*D41*12 -> 0 | Q41: <= 50% AMI | R41: =J38+J40+J42 -> 0
C42: 3 BR | E42: =((E15+F15)/2/12)*0.3 -> #VALUE! | H42: =(F42+G42)*D42*12 -> 0 | I42: 40 - 50 | J42: =SUM(D29:D33) -> 0 | Q42: 51% - 60% AMI | R42: =J44 -> 0
C43: 4 BR | E43: =(G15/12)*0.3 -> #VALUE! | H43: =(F43+G43)*D43*12 -> 0 | Q43: 61% - 80% AMI | R43: =J46+J48 -> 0
A44: >70% AMI <=80% AMI | C44: 0 BR or SRO | E44: =(B16/12)*0.3 -> #VALUE! | H44: =(F44+G44)*D44*12 -> 0 | I44: 50 - 60 | J44: =SUM(D34:D38) -> 0 | Q44: Over 80% AMI | R44: =J50+J52 -> 0
C45: 1 BR | E45: =((B16+C16)/2/12)*0.3 -> #VALUE! | H45: =(F45+G45)*D45*12 -> 0 | Q45: Total Units | R45: =SUM(R41:R44) -> 0
C46: 2 BR | E46: =(D16/12)*0.3 -> #VALUE! | H46: =(F46+G46)*D46*12 -> 0 | I46: 60 - 70 | J46: =SUM(D39:D43) -> 0
C47: 3 BR | E47: =((E16+F16)/2/12)*0.3 -> #VALUE! | H47: =(F47+G47)*D47*12 -> 0
C48: 4 BR | E48: =(G16/12)*0.3 -> #VALUE! | H48: =(F48+G48)*D48*12 -> 0 | I48: 70 - 80 | J48: =SUM(D44:D48) -> 0
A49: >80% AMI | C49: 0 BR or SRO | H49: =(F49+G49)*D49*12 -> 0
C50: 1 BR | H50: =(F50+G50)*D50*12 -> 0 | I50: >80 | J50: =SUM(D49:D53) -> 0
C51: 2 BR | H51: =(F51+G51)*D51*12 -> 0
C52: 3 BR | H52: =(F52+G52)*D52*12 -> 0 | I52: Mgr | J52: =SUM(D54:D59) -> 0
C53: 4 BR | H53: =(F53+G53)*D53*12 -> 0
A54: Manager/Staff Units | C54: 0 BR or SRO | H54: =(F54+G54)*D54*12 -> 0 | I54: Total | J54: =SUM(J38:J53) -> 0
C55: 1 BR | H55: =(F55+G55)*D55*12 -> 0
C56: 2 BR | H56: =(F56+G56)*D56*12 -> 0
C57: 3 BR | H57: =(F57+G57)*D57*12 -> 0
C58: 4 BR | H58: =(F58+G58)*D58*12 -> 0
H59: =(F59+G59)*D59*12 -> 0
A60: Total Units | D60: =SUM(D19:D59) -> 0 | E60: Total Annual Rent | H60: =SUM(H19:H59) -> 0
A61: Very Low-Income Units | D61: =SUM(D19:D33) -> 0 | E61: Units <= 30% AMI | H61: =SUM(D19:D23) -> 0
A62: % Very Low-Income Units | D62: =IF(D60=0,0,D61/D60) -> 0 | E62: AHP Assisted Units (Units < 80% AMI) | H62: =SUM(D19:D48) -> 0
A65: Explanation: In the box below enter any further explanations for this page.
A71: ='Project Information'!C21 -> 0

Sheet Development Budget Worksheet
A1: FHLBank Topeka - - Affordable Housing Program
A2: Development Budget Worksheet
A3: =IF('Project Information'!B6="","",'Project Information'!B6)
A4: Date Completed: | B4: =IF(Date="","",Date) | C4: Total Budget Amount | D4: Non- Residential | E4: Residential | H4: Non-Residential Sq Ft Calculations | J4: Download Tab Figures
A5: Land and Buildings
A6: Land Acquisition | E6: =C6-H6 -> 0 | H6: =IF('Project Information'!$C$14="No",0,IF('Project Information'!$H$9=0,0,IF(D6="",(C6)*'Project Information'!$M$11,D6))) -> 0
A7: Building Acquisition | E7: =C7-H7 -> 0 | H7: =IF('Project Information'!$C$14="No",0,IF('Project Information'!$H$9=0,0,IF(D7="",(C7)*'Project Information'!$M$11,D7))) -> 0
A8: Closing Costs | E8: =C8-H8 -> 0 | H8: =IF('Project Information'!$C$14="No",0,IF('Project Information'!$H$9=0,0,IF(D8="",(C8)*'Project Information'!$M$11,D8))) -> 0
A9: Legal Fees | E9: =C9-H9 -> 0 | H9: =IF('Project Information'!$C$14="No",0,IF('Project Information'!$H$9=0,0,IF(D9="",(C9)*'Project Information'!$M$11,D9))) -> 0
A10: Title, Recording and Escrow Fees | E10: =C10-H10 -> 0 | H10: =IF('Project Information'!$C$14="No",0,IF('Project Information'!$H$9=0,0,IF(D10="",(C10)*'Project Information'!$M$11,D10))) -> 0 | J10: =C8+C9+C10+C11 -> 0 | K10: CARRYING COSTS
A11: Other: (specify) | E11: =C11-H11 -> 0 | H11: =IF('Project Information'!$C$14="No",0,IF('Project Information'!$H$9=0,0,IF(D11="",(C11)*'Project Information'!$M$11,D11))) -> 0
A12: Subtotal | C12: =SUM(C6:C11) -> 0 | D12: =IFERROR(H12,0) -> 0 | E12: =C12-H12 -> 0 | H12: =SUM(H6:H11) -> 0 | J12: =(C12+C63)/'Rental Project Worksheet'!D60 -> #DIV/0! | K12: ACQUISITION COST PER UNIT
A14: Land Improvements
A15: Earthwork - Site Grading, Clearing | E15: =C15-H15 -> 0 | H15: =IF('Project Information'!$C$14="No",0,IF('Project Information'!$H$9=0,0,IF(D15="",(C15)*('Project Information'!$M$11),D15))) -> 0
A16: Demolition | E16: =C16-H16 -> 0 | H16: =IF('Project Information'!$C$14="No",0,IF('Project Information'!$H$9=0,0,IF(D16="",(C16)*('Project Information'!$M$11),D16))) -> 0
A17: Off-Site Improvements | E17: =C17-H17 -> 0 | H17: =IF('Project Information'!$C$14="No",0,IF('Project Information'!$H$9=0,0,IF(D17="",(C17)*('Project Information'!$M$11),D17))) -> 0
A18: Site Environmental | E18: =C18-H18 -> 0 | H18: =IF('Project Information'!$C$14="No",0,IF('Project Information'!$H$9=0,0,IF(D18="",(C18)*('Project Information'!$M$11),D18))) -> 0
A19: Site Utilities | E19: =C19-H19 -> 0 | H19: =IF('Project Information'!$C$14="No",0,IF('Project Information'!$H$9=0,0,IF(D19="",(C19)*('Project Information'!$M$11),D19))) -> 0
A20: Roads and Walks | E20: =C20-H20 -> 0 | H20: =IF('Project Information'!$C$14="No",0,IF('Project Information'!$H$9=0,0,IF(D20="",(C20)*('Project Information'!$M$11),D20))) -> 0
A21: Site Improvements | E21: =C21-H21 -> 0 | H21: =IF('Project Information'!$C$14="No",0,IF('Project Information'!$H$9=0,0,IF(D21="",(C21)*('Project Information'!$M$11),D21))) -> 0
A22: Lawns and Planting | E22: =C22-H22 -> 0 | H22: =IF('Project Information'!$C$14="No",0,IF('Project Information'!$H$9=0,0,IF(D22="",(C22)*('Project Information'!$M$11),D22))) -> 0
A23: Unusual Site Conditions | E23: =C23-H23 -> 0 | H23: =IF('Project Information'!$C$14="No",0,IF('Project Information'!$H$9=0,0,IF(D23="",(C23)*('Project Information'!$M$11),D23))) -> 0
A24: Other: (specify) | E24: =C24-H24 -> 0 | H24: =IF('Project Information'!$C$14="No",0,IF('Project Information'!$H$9=0,0,IF(D24="",(C24)*('Project Information'!$M$11),D24))) -> 0
A25: Subtotal | C25: =SUM(C15:C24) -> 0 | D25: =IFERROR(H25,0) -> 0 | E25: =C25-H25 -> 0 | H25: =SUM(H15:H24) -> 0 | J25: =J26+J27 -> #DIV/0! | K25: Total Hard Construction Costs
A26: =IF(AND(A132="New Construction",C25=0),"Land Improvement costs must be reported separately from New Construction Costs.","") | J26: =C28+(C28/(C28+C29))*(C25+C30+C31+C32+C33+C37+C39) -> #DIV/0! | K26: NEW CONSTRUCTION HARD COSTS
A27: Construction and Rehabilitation | J27: =C29+(C29/(C29+C28))*(C25+C30+C31+C32+C33+C37+C39) -> #DIV/0! | K27: HARD REHAB COSTS
A28: New Construction Costs | E28: =C28-H28 -> 0 | H28: =IF('Project Information'!$C$14="No",0,IF('Project Information'!$H$9=0,0,IF(D28="",(C28)*('Project Information'!$M$11),D28))) -> 0 | J28: =(C28-D28)/'Project Information'!M14 -> #DIV/0! | K28: RESIDENTIAL NEW CONST COST PER RESIDENTIAL SQ FT
A29: Rehabilitation Costs | E29: =C29-H29 -> 0 | H29: =IF('Project Information'!$C$14="No",0,IF('Project Information'!$H$9=0,0,IF(D29="",(C29)*('Project Information'!$M$11),D29))) -> 0 | J29: =(C29-D29)/'Project Information'!M13 -> #DIV/0! | K29: RESIDENTIAL REHAB COST PER RESIDENTIAL SQ FT
A30: Building Hazardous Material Remediation | E30: =C30-H30 -> 0 | H30: =IF('Project Information'!$C$14="No",0,IF('Project Information'!$H$9=0,0,IF(D30="",(C30)*('Project Information'!$M$11),D30))) -> 0
A31: General Requirements | E31: =C31-H31 -> 0 | H31: =IF('Project Information'!$C$14="No",0,IF('Project Information'!$H$9=0,0,IF(D31="",(C31)*('Project Information'!$M$11),D31))) -> 0 | J31: =C31/(C28+C29+C30+C25) -> #DIV/0! | K31: GENERAL REQUIREMENTS %
A32: General Contractor Overhead | E32: =C32-H32 -> 0 | H32: =IF('Project Information'!$C$14="No",0,IF('Project Information'!$H$9=0,0,IF(D32="",(C32)*('Project Information'!$M$11),D32))) -> 0 | J32: =C32/(C25+C28+C29+C30) -> #DIV/0! | K32: CONTRACTOR OH %
A33: General Contractor Profit | E33: =C33-H33 -> 0 | H33: =IF('Project Information'!$C$14="No",0,IF('Project Information'!$H$9=0,0,IF(D33="",(C33)*('Project Information'!$M$11),D33))) -> 0 | J33: =C33/(C25+C28+C29+C30) -> #DIV/0! | K33: CONTRACTOR PROFIT %
A34: Construction Contingency | E34: =C34-H34 -> 0 | H34: =IF('Project Information'!$C$14="No",0,IF('Project Information'!$H$9=0,0,IF(D34="",(C34)*('Project Information'!$M$11),D34))) -> 0
A35: Local Permit Fees (Contractor Paid) | E35: =C35-H35 -> 0 | H35: =IF('Project Information'!$C$14="No",0,IF('Project Information'!$H$9=0,0,IF(D35="",(C35)*('Project Information'!$M$11),D35))) -> 0
A36: Tap Permit Fees (Contractor Paid) | E36: =C36-H36 -> 0 | H36: =IF('Project Information'!$C$14="No",0,IF('Project Information'!$H$9=0,0,IF(D36="",(C36)*('Project Information'!$M$11),D36))) -> 0
A37: Furniture, Fixtures, and Equipment (FF&E) (Contractor Paid) | E37: =C37-H37 -> 0 | H37: =IF('Project Information'!$C$14="No",0,IF('Project Information'!$H$9=0,0,IF(D37="",(C37)*('Project Information'!$M$11),D37))) -> 0
A38: Other: (specify) (Contractor Paid) | E38: =C38-H38 -> 0 | H38: =IF('Project Information'!$C$14="No",0,IF('Project Information'!$H$9=0,0,IF(D38="",(C38)*('Project Information'!$M$11),D38))) -> 0
A39: Non-Contractor Paid Permit Fees, FF&E, and Other: (specify) | E39: =C39-H39 -> 0 | H39: =IF('Project Information'!$C$14="No",0,IF('Project Information'!$H$9=0,0,IF(D39="",(C39)*('Project Information'!$M$11),D39))) -> 0
A40: Subtotal | C40: =SUM(C28:C39) -> 0 | D40: =IFERROR(H40,0) -> 0 | E40: =C40-H40 -> 0 | H40: =SUM(H28:H39) -> 0
A42: Professional Fees
A43: Architect Fees | E43: =C43-H43 -> 0 | H43: =IF('Project Information'!$C$14="No",0,IF('Project Information'!$H$9=0,0,IF(D43="",(C43)*('Project Information'!$M$11),D43))) -> 0
A44: Environmental | E44: =C44-H44 -> 0 | H44: =IF('Project Information'!$C$14="No",0,IF('Project Information'!$H$9=0,0,IF(D44="",(C44)*('Project Information'!$M$11),D44))) -> 0
A45: Legal Fees - Eligible | E45: =C45-H45 -> 0 | H45: =IF('Project Information'!$C$14="No",0,IF('Project Information'!$H$9=0,0,IF(D45="",(C45)*('Project Information'!$M$11),D45))) -> 0
A46: Legal Fees - Ineligible | E46: =C46-H46 -> 0 | H46: =IF('Project Information'!$C$14="No",0,IF('Project Information'!$H$9=0,0,IF(D46="",(C46)*('Project Information'!$M$11),D46))) -> 0
A47: Historic Consultant Fee | E47: =C47-H47 -> 0 | H47: =IF('Project Information'!$C$14="No",0,IF('Project Information'!$H$9=0,0,IF(D47="",(C47)*('Project Information'!$M$11),D47))) -> 0
A48: Engineering | E48: =C48-H48 -> 0 | H48: =IF('Project Information'!$C$14="No",0,IF('Project Information'!$H$9=0,0,IF(D48="",(C48)*('Project Information'!$M$11),D48))) -> 0
A49: Surveying | E49: =C49-H49 -> 0 | H49: =IF('Project Information'!$C$14="No",0,IF('Project Information'!$H$9=0,0,IF(D49="",(C49)*('Project Information'!$M$11),D49))) -> 0
A50: Other: (specify) | E50: =C50-H50 -> 0 | H50: =IF('Project Information'!$C$14="No",0,IF('Project Information'!$H$9=0,0,IF(D50="",(C50)*('Project Information'!$M$11),D50))) -> 0
A51: Subtotal | C51: =SUM(C43:C50) -> 0 | D51: =IFERROR(H51,0) -> 0 | E51: =C51-H51 -> 0 | H51: =SUM(H43:H50) -> 0
A53: Construction Interim Costs
A54: Hazard/Risk/Liability Insurance | E54: =C54-H54 -> 0 | H54: =IF('Project Information'!$C$14="No",0,IF('Project Information'!$H$9=0,0,IF(D54="",(C54)*('Project Information'!$M$11),D54))) -> 0
A55: Construction Bond Premium | E55: =C55-H55 -> 0 | H55: =IF('Project Information'!$C$14="No",0,IF('Project Information'!$H$9=0,0,IF(D55="",(C55)*('Project Information'!$M$11),D55))) -> 0 | J55: =C54+C65 -> 0 | K55: Construction Taxes and Ins
A56: Performance Bond | E56: =C56-H56 -> 0 | H56: =IF('Project Information'!$C$14="No",0,IF('Project Information'!$H$9=0,0,IF(D56="",(C56)*('Project Information'!$M$11),D56))) -> 0 | J56: =C58+C59+C60+C61+C62+C63+C64 -> 0 | K56: Construction Finance Fees
A57: Credit Report | E57: =C57-H57 -> 0 | H57: =IF('Project Information'!$C$14="No",0,IF('Project Information'!$H$9=0,0,IF(D57="",(C57)*('Project Information'!$M$11),D57))) -> 0
A58: Construction Loan Interest | E58: =C58-H58 -> 0 | H58: =IF('Project Information'!$C$14="No",0,IF('Project Information'!$H$9=0,0,IF(D58="",(C58)*('Project Information'!$M$11),D58))) -> 0
A59: Construction Loan Origination Fees | E59: =C59-H59 -> 0 | H59: =IF('Project Information'!$C$14="No",0,IF('Project Information'!$H$9=0,0,IF(D59="",(C59)*('Project Information'!$M$11),D59))) -> 0
A60: Discount Points | E60: =C60-H60 -> 0 | H60: =IF('Project Information'!$C$14="No",0,IF('Project Information'!$H$9=0,0,IF(D60="",(C60)*('Project Information'!$M$11),D60))) -> 0
A61: Credit Enhancement Fee | E61: =C61-H61 -> 0 | H61: =IF('Project Information'!$C$14="No",0,IF('Project Information'!$H$9=0,0,IF(D61="",(C61)*('Project Information'!$M$11),D61))) -> 0
A62: Inspection Fees | E62: =C62-H62 -> 0 | H62: =IF('Project Information'!$C$14="No",0,IF('Project Information'!$H$9=0,0,IF(D62="",(C62)*('Project Information'!$M$11),D62))) -> 0
A63: Title, Recording and Escrow Fees | E63: =C63-H63 -> 0 | H63: =IF('Project Information'!$C$14="No",0,IF('Project Information'!$H$9=0,0,IF(D63="",(C63)*('Project Information'!$M$11),D63))) -> 0
A64: Security | E64: =C64-H64 -> 0 | H64: =IF('Project Information'!$C$14="No",0,IF('Project Information'!$H$9=0,0,IF(D64="",(C64)*('Project Information'!$M$11),D64))) -> 0
A65: Real Estate Taxes | E65: =C65-H65 -> 0 | H65: =IF('Project Information'!$C$14="No",0,IF('Project Information'!$H$9=0,0,IF(D65="",(C65)*('Project Information'!$M$11),D65))) -> 0
A66: Other: (specify) | E66: =C66-H66 -> 0 | H66: =IF('Project Information'!$C$14="No",0,IF('Project Information'!$H$9=0,0,IF(D66="",(C66)*('Project Information'!$M$11),D66))) -> 0
A67: Subtotal | C67: =SUM(C54:C66) -> 0 | D67: =IFERROR(H67,0) -> 0 | E67: =C67-H67 -> 0 | H67: =SUM(H54:H66) -> 0
A69: Permanent Financing
A70: Bond Premium | E70: =C70-H70 -> 0 | H70: =IF('Project Information'!$C$14="No",0,IF('Project Information'!$H$9=0,0,IF(D70="",(C70)*('Project Information'!$M$11),D70))) -> 0 | J70: =C79 -> 0 | K70: PERMANENT FINANCE FEES
A71: Bond Issue Reserve/Bond Issuance | E71: =C71-H71 -> 0 | H71: =IF('Project Information'!$C$14="No",0,IF('Project Information'!$H$9=0,0,IF(D71="",(C71)*('Project Information'!$M$11),D71))) -> 0
A72: Credit Report | E72: =C72-H72 -> 0 | H72: =IF('Project Information'!$C$14="No",0,IF('Project Information'!$H$9=0,0,IF(D72="",(C72)*('Project Information'!$M$11),D72))) -> 0
A73: Discount Points | E73: =C73-H73 -> 0 | H73: =IF('Project Information'!$C$14="No",0,IF('Project Information'!$H$9=0,0,IF(D73="",(C73)*('Project Information'!$M$11),D73))) -> 0
A74: Permanent Loan Origination Fees | E74: =C74-H74 -> 0 | H74: =IF('Project Information'!$C$14="No",0,IF('Project Information'!$H$9=0,0,IF(D74="",(C74)*('Project Information'!$M$11),D74))) -> 0
A75: Permanent Loan Credit Enhancement | E75: =C75-H75 -> 0 | H75: =IF('Project Information'!$C$14="No",0,IF('Project Information'!$H$9=0,0,IF(D75="",(C75)*('Project Information'!$M$11),D75))) -> 0
A76: Title, Recording and Escrow Fees | E76: =C76-H76 -> 0 | H76: =IF('Project Information'!$C$14="No",0,IF('Project Information'!$H$9=0,0,IF(D76="",(C76)*('Project Information'!$M$11),D76))) -> 0
A77: Prepaid Mortgage Insurance Premium | E77: =C77-H77 -> 0 | H77: =IF('Project Information'!$C$14="No",0,IF('Project Information'!$H$9=0,0,IF(D77="",(C77)*('Project Information'!$M$11),D77))) -> 0
A78: Other: (specify) | E78: =C78-H78 -> 0 | H78: =IF('Project Information'!$C$14="No",0,IF('Project Information'!$H$9=0,0,IF(D78="",(C78)*('Project Information'!$M$11),D78))) -> 0
A79: Subtotal | C79: =SUM(C70:C78) -> 0 | D79: =IFERROR(H79,0) -> 0 | E79: =C79-H79 -> 0 | H79: =SUM(H70:H78) -> 0
A81: Soft Costs
A82: Market/Feasibility Study | E82: =C82-H82 -> 0 | H82: =IF('Project Information'!$C$14="No",0,IF('Project Information'!$H$9=0,0,IF(D82="",(C82)*('Project Information'!$M$11),D82))) -> 0
A83: Environmental Study | E83: =C83-H83 -> 0 | H83: =IF('Project Information'!$C$14="No",0,IF('Project Information'!$H$9=0,0,IF(D83="",(C83)*('Project Information'!$M$11),D83))) -> 0 | J83: =C92+C100 -> 0 | K83: OTHER FINANCING FEES AND EXPENSES
A84: Tax Credit Fees | E84: =C84-H84 -> 0 | H84: =IF('Project Information'!$C$14="No",0,IF('Project Information'!$H$9=0,0,IF(D84="",(C84)*('Project Information'!$M$11),D84))) -> 0
A85: Compliance Fees | E85: =C85-H85 -> 0 | H85: =IF('Project Information'!$C$14="No",0,IF('Project Information'!$H$9=0,0,IF(D85="",(C85)*('Project Information'!$M$11),D85))) -> 0
A86: Cost Certification | E86: =C86-H86 -> 0 | H86: =IF('Project Information'!$C$14="No",0,IF('Project Information'!$H$9=0,0,IF(D86="",(C86)*('Project Information'!$M$11),D86))) -> 0
A87: Contingency Soft Costs | E87: =C87-H87 -> 0 | H87: =IF('Project Information'!$C$14="No",0,IF('Project Information'!$H$9=0,0,IF(D87="",(C87)*('Project Information'!$M$11),D87))) -> 0
A88: Appraisal | E88: =C88-H88 -> 0 | H88: =IF('Project Information'!$C$14="No",0,IF('Project Information'!$H$9=0,0,IF(D88="",(C88)*('Project Information'!$M$11),D88))) -> 0
A89: Relocation Costs | E89: =C89-H89 -> 0 | H89: =IF('Project Information'!$C$14="No",0,IF('Project Information'!$H$9=0,0,IF(D89="",(C89)*('Project Information'!$M$11),D89))) -> 0
A90: Marketing | E90: =C90-H90 -> 0 | H90: =IF('Project Information'!$C$14="No",0,IF('Project Information'!$H$9=0,0,IF(D90="",(C90)*('Project Information'!$M$11),D90))) -> 0
A91: Other: (specify) | E91: =C91-H91 -> 0 | H91: =IF('Project Information'!$C$14="No",0,IF('Project Information'!$H$9=0,0,IF(D91="",(C91)*('Project Information'!$M$11),D91))) -> 0
A92: Subtotal | C92: =SUM(C82:C91) -> 0 | D92: =IFERROR(H92,0) -> 0 | E92: =C92-H92 -> 0 | H92: =SUM(H82:H91) -> 0
A94: Syndication Costs
A95: Organization Costs | E95: =C95-H95 -> 0 | H95: =IF('Project Information'!$C$14="No",0,IF('Project Information'!$H$9=0,0,IF(D95="",(C95)*('Project Information'!$M$11),D95))) -> 0
A96: Bridge Loan Expenses | E96: =C96-H96 -> 0 | H96: =IF('Project Information'!$C$14="No",0,IF('Project Information'!$H$9=0,0,IF(D96="",(C96)*('Project Information'!$M$11),D96))) -> 0
A97: Legal Fees | E97: =C97-H97 -> 0 | H97: =IF('Project Information'!$C$14="No",0,IF('Project Information'!$H$9=0,0,IF(D97="",(C97)*('Project Information'!$M$11),D97))) -> 0
A98: Tax Opinion | E98: =C98-H98 -> 0 | H98: =IF('Project Information'!$C$14="No",0,IF('Project Information'!$H$9=0,0,IF(D98="",(C98)*('Project Information'!$M$11),D98))) -> 0
A99: Other: (specify) | E99: =C99-H99 -> 0 | H99: =IF('Project Information'!$C$14="No",0,IF('Project Information'!$H$9=0,0,IF(D99="",(C99)*('Project Information'!$M$11),D99))) -> 0
A100: Subtotal | C100: =SUM(C95:C99) -> 0 | D100: =IFERROR(H100,0) -> 0 | E100: =C100-H100 -> 0 | H100: =SUM(H95:H99) -> 0
A102: Developer Fees
A103: Developer Fees | E103: =C103-H103 -> 0 | H103: =IF('Project Information'!$C$14="No",0,IF('Project Information'!C27="No",0,IF('Project Information'!$H$9=0,0,IF(D103="",(C103)*('Project Information'!$M$11),D103)))) -> 0
A104: Consultant Fees | E104: =C104-H104 -> 0 | H104: =IF('Project Information'!$C$14="No",0,IF('Project Information'!C27="No",0,IF('Project Information'!$H$9=0,0,IF(D104="",(C104)*('Project Information'!$M$11),D104)))) -> 0
A105: Other: (specify) | E105: =C105-H105 -> 0 | H105: =IF('Project Information'!$C$14="No",0,IF('Project Information'!C27="No",0,IF('Project Information'!$H$9=0,0,IF(D105="",(C105)*('Project Information'!$M$11),D105)))) -> 0
A106: Subtotal | C106: =SUM(C103:C105) -> 0 | D106: =IFERROR(H106,0) -> 0 | E106: =C106-H106 -> 0 | H106: =SUM(H103:H105) -> 0 | J106: =(C106+C46)/(C117-(C106+C46+C6+C115)) -> #DIV/0! | K106: DEVELOPER FEE %
J107: =C106+C46 -> 0 | K107: DEVELOPER FEE AMT
...

Sheet Sources of Funds Worksheet
A1: Date Completed: | B1: =IF(Date="","",Date) | C1: FHLBank Topeka - - Affordable Housing Program
C2: Sources of Funds Worksheet
A3: Instructions: Enter all permanent and construction sources of funds. For all residential permanent sources of funds listed, loan fees must be entered in column H. Monthly or Annual Debt service, Loan Fees, Term, Rate, and Loan Amount must be consistent with source documentation. Total Sources must equal total uses.
A4: =IF('Project Information'!C14="Yes","Enter Non-Residential Permanent Financing separately from Residential. Total Non-Residential sources must equal Total Non-Residential Uses.","")
G5: =IF('Project Information'!B6="","",'Project Information'!B6)
A6: ='Rental Project Worksheet'!H62 -> 0 | B6: ='Development Budget Worksheet'!E121 -> 0 | D6: =IF(OR((D8/A6)>75000,(D9/A6)>75000),"Subsidy Cannot Exceed $75,000 per Unit","") -> #DIV/0! | J6: ='Project Information'!C19 -> 0 | P6: ='Project Information'!E5 -> 0 | R6: Type | T6: Status
A7: Residential Permanent Financing | C7: Type (Loan, Grant or Equity) | D7: Amount | E7: Rate | F7: Term in Months | G7: Amortized in Months | H7: Loan Fees (Origination, Discount Points, etc) | I7: Loan Type | J7: Monthly Debt Service | K7: Annual Debt Service | L7: Monthly Debt vs Validation | N7: Validation | O7: Payment Comparison | P7: Hard debt Y or N | S7: Description Code | T7: Approved Y or N | U7: Term in years | V7: Amort Pd in Yrs | AL7: Loan Fee % | AM7: Fee Amts | AN7: Soft debt payments | AO7: HARD DEBT PAYMENTS | AP7: TOTAL HARD DEBT PAYMENTS
A8: FHLB AHP Subsidized Advance, or | K8: =IF(ISNUMBER(J8),J8*12,IF(J8="N/A","","")) | L8: =IF(ABS(O8-100%)>2.5%,"Error, 'PMT' Does Not Equal 'Terms' ","") -> #NUM! | N8: =ROUND((PMT(E8/12,G8,D8)*-1),2) -> #NUM! | O8: =N8/J8 -> #NUM! | P8: =IF(OR(I8="deferred",I8="Cash Flow Payments"),"N",IF(OR(I8="P&I Payments",I8="Interest Only"),"Y","")) | Q8: Loan w Debt Serv | R8: Column1 | T8: N | U8: =F8/12 -> 0 | V8: =G8/12 -> 0 | W8: 1 | X8: 2 | Y8: 3 | Z8: 4 | AA8: 5 | AB8: 6 | AC8: 7 | AD8: 8 | AE8: 9 | AF8: 10 | AG8: 11 | AH8: 12 | AI8: 13 | AJ8: 14 | AK8: 15 | AO8: =IF(P8="Y",K8,"")
A9: FHLB AHP Direct Subsidy | C9: Grant | K9: =IF(ISNUMBER(J9),J9*12,IF(J9="N/A","","")) | P9: =IF(OR(I9="deferred",I9="Cash Flow Payments"),"N",IF(OR(I9="P&I Payments",I9="Interest Only"),"Y","")) | Q9: Grant | R9: Approved | S9: 1 | T9: N | U9: =F9/12 -> 0 | V9: =G9/12 -> 0 | AL9: =IF(AND(D10>0,C10="Loan"),H10/D10,0) -> 0 | AM9: =H10 -> 0 | AO9: =IF(P9="Y",K9,"")
A10: Permanent Loan | C10: Loan | K10: =IF(ISNUMBER(J10),J10*12,IF(J10="N/A","","")) | L10: =IF(ABS(O10-100%)>2.5%,"Error, 'PMT' Does Not Equal 'Terms' ","") -> #NUM! | N10: =ROUND(IF(I10="Interest Only",(D10*E10)/12,PMT(E10/12,G10,D10)*-1),2) -> #NUM! | O10: =N10/J10 -> #NUM! | P10: =IF(OR(I10="deferred",I10="Cash Flow Payments"),"N",IF(OR(I10="P&I Payments",I10="Interest Only"),"Y","")) | Q10: Equity | R10: Requested | S10: 2 | T10: =IF(D10>0,"Y","N") -> N | U10: =F10/12 -> 0 | V10: =G10/12 -> 0 | W10: =IF(F10>11.9,IF(OR(I10="Interest Only",I10="P&I Payments"),K10,0),0) -> 0 | X10: =IF($F10>(11.99*X$8),(IF(OR(I10="Interest Only",I10="P&I Payments"),K10,0)),0) -> 0 | Y10: =IF($F10>(11.99*Y$8),(IF(OR(I10="Interest Only",I10="P&I Payments"),K10,0)),0) -> 0 | Z10: =IF($F10>(11.99*Z$8),(IF(OR(I10="Interest Only",I10="P&I Payments"),K10,0)),0) -> 0 | AA10: =IF($F10>(11.99*AA$8),(IF(OR(I10="Interest Only",I10="P&I Payments"),K10,0)),0) -> 0 | AB10: =IF($F10>(11.99*AB$8),(IF(OR(I10="Interest Only",I10="P&I Payments"),K10,0)),0) -> 0 | AC10: =IF($F10>(11.99*AC$8),(IF(OR(I10="Interest Only",I10="P&I Payments"),K10,0)),0) -> 0 | AD10: =IF($F10>(11.99*AD$8),(IF(OR(I10="Interest Only",I10="P&I Payments"),K10,0)),0) -> 0 | AE10: =IF($F10>(11.99*AE$8),(IF(OR(I10="Interest Only",I10="P&I Payments"),K10,0)),0) -> 0 | AF10: =IF($F10>(11.99*AF$8),(IF(OR(I10="Interest Only",I10="P&I Payments"),K10,0)),0) -> 0 | AG10: =IF($F10>(11.99*AG$8),(IF(OR(I10="Interest Only",I10="P&I Payments"),K10,0)),0) -> 0 | AH10: =IF($F10>(11.99*AH$8),(IF(OR(I10="Interest Only",I10="P&I Payments"),K10,0)),0) -> 0 | AI10: =IF($F10>(11.99*AI$8),(IF(OR(I10="Interest Only",I10="P&I Payments"),K10,0)),0) -> 0 | AJ10: =IF($F10>(11.99*AJ$8),(IF(OR(I10="Interest Only",I10="P&I Payments"),K10,0)),0) -> 0 | AK10: =IF($F10>(11.99*AK$8),(IF(OR(I10="Interest Only",I10="P&I Payments"),K10,0)),0) -> 0 | AL10: =IF(AND(D11>0,C11="Loan"),H11/D11,0) -> 0 | AM10: =H11 -> 0 | AO10: =IF(P10="Y",K10,"")
A11: LIHTC | C11: Equity | K11: =IF(ISNUMBER(J11),J11*12,IF(J11="N/A","","")) | L11: =IF(ABS(O11-100%)>2.5%,"Error, 'PMT' Does Not Equal 'Terms' ","") -> #NUM! | N11: =ROUND(IF(I11="Interest Only",(D11*E11)/12,PMT(E11/12,G11,D11)*-1),2) -> #NUM! | O11: =N11/J11 -> #NUM! | P11: =IF(OR(I11="deferred",I11="Cash Flow Payments"),"N",IF(OR(I11="P&I Payments",I11="Interest Only"),"Y","")) | Q11: Tax Credit | S11: 4 | T11: =IF(D11>0,"Y","N") -> N | U11: =F11/12 -> 0 | V11: =G11/12 -> 0 | W11: =IF(F11>11.9,IF(OR(I11="Interest Only",I11="P&I Payments"),K11,0),0) -> 0 | X11: =IF($F11>(11.99*X$8),(IF(OR(I11="Interest Only",I11="P&I Payments"),K11,0)),0) -> 0 | Y11: =IF($F11>(11.99*Y$8),(IF(OR(I11="Interest Only",I11="P&I Payments"),K11,0)),0) -> 0 | Z11: =IF($F11>(11.99*Z$8),(IF(OR(I11="Interest Only",I11="P&I Payments"),K11,0)),0) -> 0 | AA11: =IF($F11>(11.99*AA$8),(IF(OR(I11="Interest Only",I11="P&I Payments"),K11,0)),0) -> 0 | AB11: =IF($F11>(11.99*AB$8),(IF(OR(I11="Interest Only",I11="P&I Payments"),K11,0)),0) -> 0 | AC11: =IF($F11>(11.99*AC$8),(IF(OR(I11="Interest Only",I11="P&I Payments"),K11,0)),0) -> 0 | AD11: =IF($F11>(11.99*AD$8),(IF(OR(I11="Interest Only",I11="P&I Payments"),K11,0)),0) -> 0 | AE11: =IF($F11>(11.99*AE$8),(IF(OR(I11="Interest Only",I11="P&I Payments"),K11,0)),0) -> 0 | AF11: =IF($F11>(11.99*AF$8),(IF(OR(I11="Interest Only",I11="P&I Payments"),K11,0)),0) -> 0 | AG11: =IF($F11>(11.99*AG$8),(IF(OR(I11="Interest Only",I11="P&I Payments"),K11,0)),0) -> 0 | AH11: =IF($F11>(11.99*AH$8),(IF(OR(I11="Interest Only",I11="P&I Payments"),K11,0)),0) -> 0 | AI11: =IF($F11>(11.99*AI$8),(IF(OR(I11="Interest Only",I11="P&I Payments"),K11,0)),0) -> 0 | AJ11: =IF($F11>(11.99*AJ$8),(IF(OR(I11="Interest Only",I11="P&I Payments"),K11,0)),0) -> 0 | AK11: =IF($F11>(11.99*AK$8),(IF(OR(I11="Interest Only",I11="P&I Payments"),K11,0)),0) -> 0 | AL11: =IF(AND(D12>0,C12="Loan"),H12/D12,0) -> 0 | AM11: =H12 -> 0 | AO11: =IF(P11="Y",K11,"")
A12: Owner Equity | C12: Equity | K12: =IF(ISNUMBER(J12),J12*12,IF(J12="N/A","","")) | L12: =IF(ABS(O12-100%)>2.5%,"Error, 'PMT' Does Not Equal 'Terms' ","") -> #NUM! | N12: =ROUND(IF(I12="Interest Only",(D12*E12)/12,PMT(E12/12,G12,D12)*-1),2) -> #NUM! | O12: =N12/J12 -> #NUM! | P12: =IF(OR(I12="deferred",I12="Cash Flow Payments"),"N",IF(OR(I12="P&I Payments",I12="Interest Only"),"Y","")) | Q12: Loan w/o Debt Serv | S12: 18 | T12: =IF(D12>0,"Y","N") -> N | U12: =F12/12 -> 0 | V12: =G12/12 -> 0 | W12: =IF(F12>11.9,IF(OR(I12="Interest Only",I12="P&I Payments"),K12,0),0) -> 0 | X12: =IF($F12>(11.99*X$8),(IF(OR(I12="Interest Only",I12="P&I Payments"),K12,0)),0) -> 0 | Y12: =IF($F12>(11.99*Y$8),(IF(OR(I12="Interest Only",I12="P&I Payments"),K12,0)),0) -> 0 | Z12: =IF($F12>(11.99*Z$8),(IF(OR(I12="Interest Only",I12="P&I Payments"),K12,0)),0) -> 0 | AA12: =IF($F12>(11.99*AA$8),(IF(OR(I12="Interest Only",I12="P&I Payments"),K12,0)),0) -> 0 | AB12: =IF($F12>(11.99*AB$8),(IF(OR(I12="Interest Only",I12="P&I Payments"),K12,0)),0) -> 0 | AC12: =IF($F12>(11.99*AC$8),(IF(OR(I12="Interest Only",I12="P&I Payments"),K12,0)),0) -> 0 | AD12: =IF($F12>(11.99*AD$8),(IF(OR(I12="Interest Only",I12="P&I Payments"),K12,0)),0) -> 0 | AE12: =IF($F12>(11.99*AE$8),(IF(OR(I12="Interest Only",I12="P&I Payments"),K12,0)),0) -> 0 | AF12: =IF($F12>(11.99*AF$8),(IF(OR(I12="Interest Only",I12="P&I Payments"),K12,0)),0) -> 0 | AG12: =IF($F12>(11.99*AG$8),(IF(OR(I12="Interest Only",I12="P&I Payments"),K12,0)),0) -> 0 | AH12: =IF($F12>(11.99*AH$8),(IF(OR(I12="Interest Only",I12="P&I Payments"),K12,0)),0) -> 0 | AI12: =IF($F12>(11.99*AI$8),(IF(OR(I12="Interest Only",I12="P&I Payments"),K12,0)),0) -> 0 | AJ12: =IF($F12>(11.99*AJ$8),(IF(OR(I12="Interest Only",I12="P&I Payments"),K12,0)),0) -> 0 | AK12: =IF($F12>(11.99*AK$8),(IF(OR(I12="Interest Only",I12="P&I Payments"),K12,0)),0) -> 0 | AL12: =IF(AND(D13>0,C13="Loan"),H13/D13,0) -> 0 | AM12: =H13 -> 0 | AO12: =IF(P12="Y",K12,"")
A13: Deferred Developer Fee | C13: Loan | K13: =IF(ISNUMBER(J13),J13*12,IF(J13="N/A","","")) | L13: =IF(ABS(O13-100%)>2.5%,"Error, 'PMT' Does Not Equal 'Terms' ","") -> #NUM! | N13: =ROUND(IF(I13="Interest Only",(D13*E13)/12,PMT(E13/12,G13,D13)*-1),2) -> #NUM! | O13: =N13/J13 -> #NUM! | P13: =IF(OR(I13="deferred",I13="Cash Flow Payments"),"N",IF(OR(I13="P&I Payments",I13="Interest Only"),"Y","")) | S13: 19 | T13: =IF(D13>0,"Y","N") -> N | U13: =F13/12 -> 0 | V13: =G13/12 -> 0 | W13: =IF(F13>11.9,IF(OR(I13="Interest Only",I13="P&I Payments"),K13,0),0) -> 0 | X13: =IF($F13>(11.99*X$8),(IF(OR(I13="Interest Only",I13="P&I Payments"),K13,0)),0) -> 0 | Y13: =IF($F13>(11.99*Y$8),(IF(OR(I13="Interest Only",I13="P&I Payments"),K13,0)),0) -> 0 | Z13: =IF($F13>(11.99*Z$8),(IF(OR(I13="Interest Only",I13="P&I Payments"),K13,0)),0) -> 0 | AA13: =IF($F13>(11.99*AA$8),(IF(OR(I13="Interest Only",I13="P&I Payments"),K13,0)),0) -> 0 | AB13: =IF($F13>(11.99*AB$8),(IF(OR(I13="Interest Only",I13="P&I Payments"),K13,0)),0) -> 0 | AC13: =IF($F13>(11.99*AC$8),(IF(OR(I13="Interest Only",I13="P&I Payments"),K13,0)),0) -> 0 | AD13: =IF($F13>(11.99*AD$8),(IF(OR(I13="Interest Only",I13="P&I Payments"),K13,0)),0) -> 0 | AE13: =IF($F13>(11.99*AE$8),(IF(OR(I13="Interest Only",I13="P&I Payments"),K13,0)),0) -> 0 | AF13: =IF($F13>(11.99*AF$8),(IF(OR(I13="Interest Only",I13="P&I Payments"),K13,0)),0) -> 0 | AG13: =IF($F13>(11.99*AG$8),(IF(OR(I13="Interest Only",I13="P&I Payments"),K13,0)),0) -> 0 | AH13: =IF($F13>(11.99*AH$8),(IF(OR(I13="Interest Only",I13="P&I Payments"),K13,0)),0) -> 0 | AI13: =IF($F13>(11.99*AI$8),(IF(OR(I13="Interest Only",I13="P&I Payments"),K13,0)),0) -> 0 | AJ13: =IF($F13>(11.99*AJ$8),(IF(OR(I13="Interest Only",I13="P&I Payments"),K13,0)),0) -> 0 | AK13: =IF($F13>(11.99*AK$8),(IF(OR(I13="Interest Only",I13="P&I Payments"),K13,0)),0) -> 0 | AL13: =IF(AND(D14>0,C14="Loan"),H14/D14,0) -> 0 | AM13: =H14 -> 0 | AO13: =IF(P13="Y",K13,"")
A14: HOME | K14: =IF(ISNUMBER(J14),J14*12,IF(J14="N/A","","")) | L14: =IF(ABS(O14-100%)>2.5%,"Error, 'PMT' Does Not Equal 'Terms' ","") -> #NUM! | N14: =ROUND(IF(I14="Interest Only",(D14*E14)/12,PMT(E14/12,G14,D14)*-1),2) -> #NUM! | O14: =N14/J14 -> #NUM! | P14: =IF(OR(I14="deferred",I14="Cash Flow Payments"),"N",IF(OR(I14="P&I Payments",I14="Interest Only"),"Y","")) | Q14: =IF(D8>0,"AHP Subsidized Advance","AHP Direct Subsidy") -> AHP Direct Subsidy | R14: =D8+D9 -> 0 | S14: 8 | T14: =IF(D14>0,"Y","N") -> N | U14: =F14/12 -> 0 | V14: =G14/12 -> 0 | W14: =IF(F14>11.9,IF(OR(I14="Interest Only",I14="P&I Payments"),K14,0),0) -> 0 | X14: =IF($F14>(11.99*X$8),(IF(OR(I14="Interest Only",I14="P&I Payments"),K14,0)),0) -> 0 | Y14: =IF($F14>(11.99*Y$8),(IF(OR(I14="Interest Only",I14="P&I Payments"),K14,0)),0) -> 0 | Z14: =IF($F14>(11.99*Z$8),(IF(OR(I14="Interest Only",I14="P&I Payments"),K14,0)),0) -> 0 | AA14: =IF($F14>(11.99*AA$8),(IF(OR(I14="Interest Only",I14="P&I Payments"),K14,0)),0) -> 0 | AB14: =IF($F14>(11.99*AB$8),(IF(OR(I14="Interest Only",I14="P&I Payments"),K14,0)),0) -> 0 | AC14: =IF($F14>(11.99*AC$8),(IF(OR(I14="Interest Only",I14="P&I Payments"),K14,0)),0) -> 0 | AD14: =IF($F14>(11.99*AD$8),(IF(OR(I14="Interest Only",I14="P&I Payments"),K14,0)),0) -> 0 | AE14: =IF($F14>(11.99*AE$8),(IF(OR(I14="Interest Only",I14="P&I Payments"),K14,0)),0) -> 0 | AF14: =IF($F14>(11.99*AF$8),(IF(OR(I14="Interest Only",I14="P&I Payments"),K14,0)),0) -> 0 | AG14: =IF($F14>(11.99*AG$8),(IF(OR(I14="Interest Only",I14="P&I Payments"),K14,0)),0) -> 0 | AH14: =IF($F14>(11.99*AH$8),(IF(OR(I14="Interest Only",I14="P&I Payments"),K14,0)),0) -> 0 | AI14: =IF($F14>(11.99*AI$8),(IF(OR(I14="Interest Only",I14="P&I Payments"),K14,0)),0) -> 0 | AJ14: =IF($F14>(11.99*AJ$8),(IF(OR(I14="Interest Only",I14="P&I Payments"),K14,0)),0) -> 0 | AK14: =IF($F14>(11.99*AK$8),(IF(OR(I14="Interest Only",I14="P&I Payments"),K14,0)),0) -> 0 | AL14: =IF(AND(D15>0,C15="Loan"),H15/D15,0) -> 0 | AM14: =H15 -> 0 | AO14: =IF(P14="Y",K14,"")
K15: =IF(ISNUMBER(J15),J15*12,IF(J15="N/A","","")) | L15: =IF(ABS(O15-100%)>2.5%,"Error, 'PMT' Does Not Equal 'Terms' ","") -> #NUM! | N15: =ROUND(IF(I15="Interest Only",(D15*E15)/12,PMT(E15/12,G15,D15)*-1),2) -> #NUM! | O15: =N15/J15 -> #NUM! | P15: =IF(OR(I15="deferred",I15="Cash Flow Payments"),"N",IF(OR(I15="P&I Payments",I15="Interest Only"),"Y","")) | S15: =IF(C15="Equity",21,IF(C15="Loan",16,IF(C15="Grant",20,"NA"))) -> NA | T15: =IF(D15>0,"Y","N") -> N | U15: =F15/12 -> 0 | V15: =G15/12 -> 0 | W15: =IF(F15>11.9,IF(OR(I15="Interest Only",I15="P&I Payments"),K15,0),0) -> 0 | X15: =IF($F15>(11.99*X$8),(IF(OR(I15="Interest Only",I15="P&I Payments"),K15,0)),0) -> 0 | Y15: =IF($F15>(11.99*Y$8),(IF(OR(I15="Interest Only",I15="P&I Payments"),K15,0)),0) -> 0 | Z15: =IF($F15>(11.99*Z$8),(IF(OR(I15="Interest Only",I15="P&I Payments"),K15,0)),0) -> 0 | AA15: =IF($F15>(11.99*AA$8),(IF(OR(I15="Interest Only",I15="P&I Payments"),K15,0)),0) -> 0 | AB15: =IF($F15>(11.99*AB$8),(IF(OR(I15="Interest Only",I15="P&I Payments"),K15,0)),0) -> 0 | AC15: =IF($F15>(11.99*AC$8),(IF(OR(I15="Interest Only",I15="P&I Payments"),K15,0)),0) -> 0 | AD15: =IF($F15>(11.99*AD$8),(IF(OR(I15="Interest Only",I15="P&I Payments"),K15,0)),0) -> 0 | AE15: =IF($F15>(11.99*AE$8),(IF(OR(I15="Interest Only",I15="P&I Payments"),K15,0)),0) -> 0 | AF15: =IF($F15>(11.99*AF$8),(IF(OR(I15="Interest Only",I15="P&I Payments"),K15,0)),0) -> 0 | AG15: =IF($F15>(11.99*AG$8),(IF(OR(I15="Interest Only",I15="P&I Payments"),K15,0)),0) -> 0 | AH15: =IF($F15>(11.99*AH$8),(IF(OR(I15="Interest Only",I15="P&I Payments"),K15,0)),0) -> 0 | AI15: =IF($F15>(11.99*AI$8),(IF(OR(I15="Interest Only",I15="P&I Payments"),K15,0)),0) -> 0 | AJ15: =IF($F15>(11.99*AJ$8),(IF(OR(I15="Interest Only",I15="P&I Payments"),K15,0)),0) -> 0 | AK15: =IF($F15>(11.99*AK$8),(IF(OR(I15="Interest Only",I15="P&I Payments"),K15,0)),0) -> 0 | AL15: =IF(AND(D16>0,C16="Loan"),H16/D16,0) -> 0 | AM15: =H16 -> 0 | AO15: =IF(P15="Y",K15,"")
K16: =IF(ISNUMBER(J16),J16*12,IF(J16="N/A","","")) | L16: =IF(ABS(O16-100%)>2.5%,"Error, 'PMT' Does Not Equal 'Terms' ","") -> #NUM! | N16: =ROUND(IF(I16="Interest Only",(D16*E16)/12,PMT(E16/12,G16,D16)*-1),2) -> #NUM! | O16: =N16/J16 -> #NUM! | P16: =IF(OR(I16="deferred",I16="Cash Flow Payments"),"N",IF(OR(I16="P&I Payments",I16="Interest Only"),"Y","")) | S16: =IF(C16="Equity",21,IF(C16="Loan",16,IF(C16="Grant",20,"NA"))) -> NA | T16: =IF(D16>0,"Y","N") -> N | U16: =F16/12 -> 0 | V16: =G16/12 -> 0 | W16: =IF(F16>11.9,IF(OR(I16="Interest Only",I16="P&I Payments"),K16,0),0) -> 0 | X16: =IF($F16>(11.99*X$8),(IF(OR(I16="Interest Only",I16="P&I Payments"),K16,0)),0) -> 0 | Y16: =IF($F16>(11.99*Y$8),(IF(OR(I16="Interest Only",I16="P&I Payments"),K16,0)),0) -> 0 | Z16: =IF($F16>(11.99*Z$8),(IF(OR(I16="Interest Only",I16="P&I Payments"),K16,0)),0) -> 0 | AA16: =IF($F16>(11.99*AA$8),(IF(OR(I16="Interest Only",I16="P&I Payments"),K16,0)),0) -> 0 | AB16: =IF($F16>(11.99*AB$8),(IF(OR(I16="Interest Only",I16="P&I Payments"),K16,0)),0) -> 0 | AC16: =IF($F16>(11.99*AC$8),(IF(OR(I16="Interest Only",I16="P&I Payments"),K16,0)),0) -> 0 | AD16: =IF($F16>(11.99*AD$8),(IF(OR(I16="Interest Only",I16="P&I Payments"),K16,0)),0) -> 0 | AE16: =IF($F16>(11.99*AE$8),(IF(OR(I16="Interest Only",I16="P&I Payments"),K16,0)),0) -> 0 | AF16: =IF($F16>(11.99*AF$8),(IF(OR(I16="Interest Only",I16="P&I Payments"),K16,0)),0) -> 0 | AG16: =IF($F16>(11.99*AG$8),(IF(OR(I16="Interest Only",I16="P&I Payments"),K16,0)),0) -> 0 | AH16: =IF($F16>(11.99*AH$8),(IF(OR(I16="Interest Only",I16="P&I Payments"),K16,0)),0) -> 0 | AI16: =IF($F16>(11.99*AI$8),(IF(OR(I16="Interest Only",I16="P&I Payments"),K16,0)),0) -> 0 | AJ16: =IF($F16>(11.99*AJ$8),(IF(OR(I16="Interest Only",I16="P&I Payments"),K16,0)),0) -> 0 | AK16: =IF($F16>(11.99*AK$8),(IF(OR(I16="Interest Only",I16="P&I Payments"),K16,0)),0) -> 0 | AL16: =IF(AND(D17>0,C17="Loan"),H17/D17,0) -> 0 | AM16: =H17 -> 0 | AO16: =IF(P16="Y",K16,"")
K17: =IF(ISNUMBER(J17),J17*12,IF(J17="N/A","","")) | L17: =IF(ABS(O17-100%)>2.5%,"Error, 'PMT' Does Not Equal 'Terms' ","") -> #NUM! | N17: =ROUND(IF(I17="Interest Only",(D17*E17)/12,PMT(E17/12,G17,D17)*-1),2) -> #NUM! | O17: =N17/J17 -> #NUM! | P17: =IF(OR(I17="deferred",I17="Cash Flow Payments"),"N",IF(OR(I17="P&I Payments",I17="Interest Only"),"Y","")) | S17: =IF(C17="Equity",21,IF(C17="Loan",16,IF(C17="Grant",20,"NA"))) -> NA | T17: =IF(D17>0,"Y","N") -> N | U17: =F17/12 -> 0 | V17: =G17/12 -> 0 | W17: =IF(F17>11.9,IF(OR(I17="Interest Only",I17="P&I Payments"),K17,0),0) -> 0 | X17: =IF($F17>(11.99*X$8),(IF(OR(I17="Interest Only",I17="P&I Payments"),K17,0)),0) -> 0 | Y17: =IF($F17>(11.99*Y$8),(IF(OR(I17="Interest Only",I17="P&I Payments"),K17,0)),0) -> 0 | Z17: =IF($F17>(11.99*Z$8),(IF(OR(I17="Interest Only",I17="P&I Payments"),K17,0)),0) -> 0 | AA17: =IF($F17>(11.99*AA$8),(IF(OR(I17="Interest Only",I17="P&I Payments"),K17,0)),0) -> 0 | AB17: =IF($F17>(11.99*AB$8),(IF(OR(I17="Interest Only",I17="P&I Payments"),K17,0)),0) -> 0 | AC17: =IF($F17>(11.99*AC$8),(IF(OR(I17="Interest Only",I17="P&I Payments"),K17,0)),0) -> 0 | AD17: =IF($F17>(11.99*AD$8),(IF(OR(I17="Interest Only",I17="P&I Payments"),K17,0)),0) -> 0 | AE17: =IF($F17>(11.99*AE$8),(IF(OR(I17="Interest Only",I17="P&I Payments"),K17,0)),0) -> 0 | AF17: =IF($F17>(11.99*AF$8),(IF(OR(I17="Interest Only",I17="P&I Payments"),K17,0)),0) -> 0 | AG17: =IF($F17>(11.99*AG$8),(IF(OR(I17="Interest Only",I17="P&I Payments"),K17,0)),0) -> 0 | AH17: =IF($F17>(11.99*AH$8),(IF(OR(I17="Interest Only",I17="P&I Payments"),K17,0)),0) -> 0 | AI17: =IF($F17>(11.99*AI$8),(IF(OR(I17="Interest Only",I17="P&I Payments"),K17,0)),0) -> 0 | AJ17: =IF($F17>(11.99*AJ$8),(IF(OR(I17="Interest Only",I17="P&I Payments"),K17,0)),0) -> 0 | AK17: =IF($F17>(11.99*AK$8),(IF(OR(I17="Interest Only",I17="P&I Payments"),K17,0)),0) -> 0 | AL17: =IF(AND(D18>0,C18="Loan"),H18/D18,0) -> 0 | AM17: =H18 -> 0 | AO17: =IF(P17="Y",K17,"")
K18: =IF(ISNUMBER(J18),J18*12,IF(J18="N/A","","")) | L18: =IF(ABS(O18-100%)>2.5%,"Error, 'PMT' Does Not Equal 'Terms' ","") -> #NUM! | N18: =ROUND(IF(I18="Interest Only",(D18*E18)/12,PMT(E18/12,G18,D18)*-1),2) -> #NUM! | O18: =N18/J18 -> #NUM! | P18: =IF(OR(I18="deferred",I18="Cash Flow Payments"),"N",IF(OR(I18="P&I Payments",I18="Interest Only"),"Y","")) | S18: =IF(C18="Equity",21,IF(C18="Loan",16,IF(C18="Grant",20,"NA"))) -> NA | T18: =IF(D18>0,"Y","N") -> N | U18: =F18/12 -> 0 | V18: =G18/12 -> 0 | W18: =IF(F18>11.9,IF(OR(I18="Interest Only",I18="P&I Payments"),K18,0),0) -> 0 | X18: =IF($F18>(11.99*X$8),(IF(OR(I18="Interest Only",I18="P&I Payments"),K18,0)),0) -> 0 | Y18: =IF($F18>(11.99*Y$8),(IF(OR(I18="Interest Only",I18="P&I Payments"),K18,0)),0) -> 0 | Z18: =IF($F18>(11.99*Z$8),(IF(OR(I18="Interest Only",I18="P&I Payments"),K18,0)),0) -> 0 | AA18: =IF($F18>(11.99*AA$8),(IF(OR(I18="Interest Only",I18="P&I Payments"),K18,0)),0) -> 0 | AB18: =IF($F18>(11.99*AB$8),(IF(OR(I18="Interest Only",I18="P&I Payments"),K18,0)),0) -> 0 | AC18: =IF($F18>(11.99*AC$8),(IF(OR(I18="Interest Only",I18="P&I Payments"),K18,0)),0) -> 0 | AD18: =IF($F18>(11.99*AD$8),(IF(OR(I18="Interest Only",I18="P&I Payments"),K18,0)),0) -> 0 | AE18: =IF($F18>(11.99*AE$8),(IF(OR(I18="Interest Only",I18="P&I Payments"),K18,0)),0) -> 0 | AF18: =IF($F18>(11.99*AF$8),(IF(OR(I18="Interest Only",I18="P&I Payments"),K18,0)),0) -> 0 | AG18: =IF($F18>(11.99*AG$8),(IF(OR(I18="Interest Only",I18="P&I Payments"),K18,0)),0) -> 0 | AH18: =IF($F18>(11.99*AH$8),(IF(OR(I18="Interest Only",I18="P&I Payments"),K18,0)),0) -> 0 | AI18: =IF($F18>(11.99*AI$8),(IF(OR(I18="Interest Only",I18="P&I Payments"),K18,0)),0) -> 0 | AJ18: =IF($F18>(11.99*AJ$8),(IF(OR(I18="Interest Only",I18="P&I Payments"),K18,0)),0) -> 0 | AK18: =IF($F18>(11.99*AK$8),(IF(OR(I18="Interest Only",I18="P&I Payments"),K18,0)),0) -> 0 | AL18: =IF(AND(D19>0,C19="Loan"),H19/D19,0) -> 0 | AM18: =H19 -> 0 | AO18: =IF(P18="Y",K18,"")
K19: =IF(ISNUMBER(J19),J19*12,IF(J19="N/A","","")) | L19: =IF(ABS(O19-100%)>2.5%,"Error, 'PMT' Does Not Equal 'Terms' ","") -> #NUM! | N19: =ROUND(IF(I19="Interest Only",(D19*E19)/12,PMT(E19/12,G19,D19)*-1),2) -> #NUM! | O19: =N19/J19 -> #NUM! | P19: =IF(OR(I19="deferred",I19="Cash Flow Payments"),"N",IF(OR(I19="P&I Payments",I19="Interest Only"),"Y","")) | S19: =IF(C19="Equity",21,IF(C19="Loan",16,IF(C19="Grant",20,"NA"))) -> NA | T19: =IF(D19>0,"Y","N") -> N | U19: =F19/12 -> 0 | V19: =G19/12 -> 0 | W19: =IF(F19>11.9,IF(OR(I19="Interest Only",I19="P&I Payments"),K19,0),0) -> 0 | X19: =IF($F19>(11.99*X$8),(IF(OR(I19="Interest Only",I19="P&I Payments"),K19,0)),0) -> 0 | Y19: =IF($F19>(11.99*Y$8),(IF(OR(I19="Interest Only",I19="P&I Payments"),K19,0)),0) -> 0 | Z19: =IF($F19>(11.99*Z$8),(IF(OR(I19="Interest Only",I19="P&I Payments"),K19,0)),0) -> 0 | AA19: =IF($F19>(11.99*AA$8),(IF(OR(I19="Interest Only",I19="P&I Payments"),K19,0)),0) -> 0 | AB19: =IF($F19>(11.99*AB$8),(IF(OR(I19="Interest Only",I19="P&I Payments"),K19,0)),0) -> 0 | AC19: =IF($F19>(11.99*AC$8),(IF(OR(I19="Interest Only",I19="P&I Payments"),K19,0)),0) -> 0 | AD19: =IF($F19>(11.99*AD$8),(IF(OR(I19="Interest Only",I19="P&I Payments"),K19,0)),0) -> 0 | AE19: =IF($F19>(11.99*AE$8),(IF(OR(I19="Interest Only",I19="P&I Payments"),K19,0)),0) -> 0 | AF19: =IF($F19>(11.99*AF$8),(IF(OR(I19="Interest Only",I19="P&I Payments"),K19,0)),0) -> 0 | AG19: =IF($F19>(11.99*AG$8),(IF(OR(I19="Interest Only",I19="P&I Payments"),K19,0)),0) -> 0 | AH19: =IF($F19>(11.99*AH$8),(IF(OR(I19="Interest Only",I19="P&I Payments"),K19,0)),0) -> 0 | AI19: =IF($F19>(11.99*AI$8),(IF(OR(I19="Interest Only",I19="P&I Payments"),K19,0)),0) -> 0 | AJ19: =IF($F19>(11.99*AJ$8),(IF(OR(I19="Interest Only",I19="P&I Payments"),K19,0)),0) -> 0 | AK19: =IF($F19>(11.99*AK$8),(IF(OR(I19="Interest Only",I19="P&I Payments"),K19,0)),0) -> 0 | AL19: =IF(AND(D20>0,C20="Loan"),H20/D20,0) -> 0 | AM19: =H20 -> 0 | AO19: =IF(P19="Y",K19,"")
K20: =IF(ISNUMBER(J20),J20*12,IF(J20="N/A","","")) | L20: =IF(ABS(O20-100%)>2.5%,"Error, 'PMT' Does Not Equal 'Terms' ","") -> #NUM! | N20: =ROUND(IF(I20="Interest Only",(D20*E20)/12,PMT(E20/12,G20,D20)*-1),2) -> #NUM! | O20: =N20/J20 -> #NUM! | P20: =IF(OR(I20="deferred",I20="Cash Flow Payments"),"N",IF(OR(I20="P&I Payments",I20="Interest Only"),"Y","")) | S20: =IF(C20="Equity",21,IF(C20="Loan",16,IF(C20="Grant",20,"NA"))) -> NA | T20: =IF(D20>0,"Y","N") -> N | U20: =F20/12 -> 0 | V20: =G20/12 -> 0 | W20: =IF(F20>11.9,IF(OR(I20="Interest Only",I20="P&I Payments"),K20,0),0) -> 0 | X20: =IF($F20>(11.99*X$8),(IF(OR(I20="Interest Only",I20="P&I Payments"),K20,0)),0) -> 0 | Y20: =IF($F20>(11.99*Y$8),(IF(OR(I20="Interest Only",I20="P&I Payments"),K20,0)),0) -> 0 | Z20: =IF($F20>(11.99*Z$8),(IF(OR(I20="Interest Only",I20="P&I Payments"),K20,0)),0) -> 0 | AA20: =IF($F20>(11.99*AA$8),(IF(OR(I20="Interest Only",I20="P&I Payments"),K20,0)),0) -> 0 | AB20: =IF($F20>(11.99*AB$8),(IF(OR(I20="Interest Only",I20="P&I Payments"),K20,0)),0) -> 0 | AC20: =IF($F20>(11.99*AC$8),(IF(OR(I20="Interest Only",I20="P&I Payments"),K20,0)),0) -> 0 | AD20: =IF($F20>(11.99*AD$8),(IF(OR(I20="Interest Only",I20="P&I Payments"),K20,0)),0) -> 0 | AE20: =IF($F20>(11.99*AE$8),(IF(OR(I20="Interest Only",I20="P&I Payments"),K20,0)),0) -> 0 | AF20: =IF($F20>(11.99*AF$8),(IF(OR(I20="Interest Only",I20="P&I Payments"),K20,0)),0) -> 0 | AG20: =IF($F20>(11.99*AG$8),(IF(OR(I20="Interest Only",I20="P&I Payments"),K20,0)),0) -> 0 | AH20: =IF($F20>(11.99*AH$8),(IF(OR(I20="Interest Only",I20="P&I Payments"),K20,0)),0) -> 0 | AI20: =IF($F20>(11.99*AI$8),(IF(OR(I20="Interest Only",I20="P&I Payments"),K20,0)),0) -> 0 | AJ20: =IF($F20>(11.99*AJ$8),(IF(OR(I20="Interest Only",I20="P&I Payments"),K20,0)),0) -> 0 | AK20: =IF($F20>(11.99*AK$8),(IF(OR(I20="Interest Only",I20="P&I Payments"),K20,0)),0) -> 0 | AL20: =IF(AND(D21>0,C21="Loan"),H21/D21,0) -> 0 | AM20: =H21 -> 0 | AO20: =IF(P20="Y",K20,"")
K21: =IF(ISNUMBER(J21),J21*12,IF(J21="N/A","","")) | L21: =IF(ABS(O21-100%)>2.5%,"Error, 'PMT' Does Not Equal 'Terms' ","") -> #NUM! | N21: =ROUND(IF(I21="Interest Only",(D21*E21)/12,PMT(E21/12,G21,D21)*-1),2) -> #NUM! | O21: =N21/J21 -> #NUM! | P21: =IF(OR(I21="deferred",I21="Cash Flow Payments"),"N",IF(OR(I21="P&I Payments",I21="Interest Only"),"Y","")) | S21: =IF(C21="Equity",21,IF(C21="Loan",16,IF(C21="Grant",20,"NA"))) -> NA | T21: =IF(D21>0,"Y","N") -> N | U21: =F21/12 -> 0 | V21: =G21/12 -> 0 | W21: =IF(F21>11.9,IF(OR(I21="Interest Only",I21="P&I Payments"),K21,0),0) -> 0 | X21: =IF($F21>(11.99*X$8),(IF(OR(I21="Interest Only",I21="P&I Payments"),K21,0)),0) -> 0 | Y21: =IF($F21>(11.99*Y$8),(IF(OR(I21="Interest Only",I21="P&I Payments"),K21,0)),0) -> 0 | Z21: =IF($F21>(11.99*Z$8),(IF(OR(I21="Interest Only",I21="P&I Payments"),K21,0)),0) -> 0 | AA21: =IF($F21>(11.99*AA$8),(IF(OR(I21="Interest Only",I21="P&I Payments"),K21,0)),0) -> 0 | AB21: =IF($F21>(11.99*AB$8),(IF(OR(I21="Interest Only",I21="P&I Payments"),K21,0)),0) -> 0 | AC21: =IF($F21>(11.99*AC$8),(IF(OR(I21="Interest Only",I21="P&I Payments"),K21,0)),0) -> 0 | AD21: =IF($F21>(11.99*AD$8),(IF(OR(I21="Interest Only",I21="P&I Payments"),K21,0)),0) -> 0 | AE21: =IF($F21>(11.99*AE$8),(IF(OR(I21="Interest Only",I21="P&I Payments"),K21,0)),0) -> 0 | AF21: =IF($F21>(11.99*AF$8),(IF(OR(I21="Interest Only",I21="P&I Payments"),K21,0)),0) -> 0 | AG21: =IF($F21>(11.99*AG$8),(IF(OR(I21="Interest Only",I21="P&I Payments"),K21,0)),0) -> 0 | AH21: =IF($F21>(11.99*AH$8),(IF(OR(I21="Interest Only",I21="P&I Payments"),K21,0)),0) -> 0 | AI21: =IF($F21>(11.99*AI$8),(IF(OR(I21="Interest Only",I21="P&I Payments"),K21,0)),0) -> 0 | AJ21: =IF($F21>(11.99*AJ$8),(IF(OR(I21="Interest Only",I21="P&I Payments"),K21,0)),0) -> 0 | AK21: =IF($F21>(11.99*AK$8),(IF(OR(I21="Interest Only",I21="P&I Payments"),K21,0)),0) -> 0 | AL21: =IF(AND(D22>0,C22="Loan"),H22/D22,0) -> 0 | AM21: =H22 -> 0 | AO21: =IF(P21="Y",K21,"")
K22: =IF(ISNUMBER(J22),J22*12,IF(J22="N/A","","")) | L22: =IF(ABS(O22-100%)>2.5%,"Error, 'PMT' Does Not Equal 'Terms' ","") -> #NUM! | N22: =ROUND((PMT(E22/12,G22,D22)*-1),2) -> #NUM! | O22: =N22/J22 -> #NUM! | P22: =IF(OR(I22="deferred",I22="Cash Flow Payments"),"N",IF(OR(I22="P&I Payments",I22="Interest Only"),"Y","")) | S22: =IF(C22="Equity",21,IF(C22="Loan",16,IF(C22="Grant",20,"NA"))) -> NA | T22: =IF(D22>0,"Y","N") -> N | U22: =F22/12 -> 0 | V22: =G22/12 -> 0 | W22: =IF(F22>11.9,IF(OR(I22="Interest Only",I22="P&I Payments"),K22,0),0) -> 0 | X22: =IF($F22>(11.99*X$8),(IF(OR(I22="Interest Only",I22="P&I Payments"),K22,0)),0) -> 0 | Y22: =IF($F22>(11.99*Y$8),(IF(OR(I22="Interest Only",I22="P&I Payments"),K22,0)),0) -> 0 | Z22: =IF($F22>(11.99*Z$8),(IF(OR(I22="Interest Only",I22="P&I Payments"),K22,0)),0) -> 0 | AA22: =IF($F22>(11.99*AA$8),(IF(OR(I22="Interest Only",I22="P&I Payments"),K22,0)),0) -> 0 | AB22: =IF($F22>(11.99*AB$8),(IF(OR(I22="Interest Only",I22="P&I Payments"),K22,0)),0) -> 0 | AC22: =IF($F22>(11.99*AC$8),(IF(OR(I22="Interest Only",I22="P&I Payments"),K22,0)),0) -> 0 | AD22: =IF($F22>(11.99*AD$8),(IF(OR(I22="Interest Only",I22="P&I Payments"),K22,0)),0) -> 0 | AE22: =IF($F22>(11.99*AE$8),(IF(OR(I22="Interest Only",I22="P&I Payments"),K22,0)),0) -> 0 | AF22: =IF($F22>(11.99*AF$8),(IF(OR(I22="Interest Only",I22="P&I Payments"),K22,0)),0) -> 0 | AG22: =IF($F22>(11.99*AG$8),(IF(OR(I22="Interest Only",I22="P&I Payments"),K22,0)),0) -> 0 | AH22: =IF($F22>(11.99*AH$8),(IF(OR(I22="Interest Only",I22="P&I Payments"),K22,0)),0) -> 0 | AI22: =IF($F22>(11.99*AI$8),(IF(OR(I22="Interest Only",I22="P&I Payments"),K22,0)),0) -> 0 | AJ22: =IF($F22>(11.99*AJ$8),(IF(OR(I22="Interest Only",I22="P&I Payments"),K22,0)),0) -> 0 | AK22: =IF($F22>(11.99*AK$8),(IF(OR(I22="Interest Only",I22="P&I Payments"),K22,0)),0) -> 0 | AL22: =IF(AND(D23>0,C23="Loan"),H23/D23,0) -> 0 | AO22: =SUM(AO8:AO21) -> 0 | AP22: =AO22+F41 -> 0
A23: Total Residential Sources | D23: =ROUND(SUM(D8:D22),0) -> 0 | H23: =SUM(H8:H22) -> 0 | J23: =SUM(J8:J22) -> 0 | K23: =IF(OR(I10="Interest Only",I10="P&I Payments"),K10,0)+IF(OR(I11="Interest Only",I11="P&I Payments"),K11,0)+IF(OR(I12="Interest Only",I12="P&I Payments"),K12,0)+IF(OR(I13="Interest Only",I13="P&I Payments"),K13,0)+IF(OR(I14="Interest Only",I14="P&I Payments"),K14,0)+IF(OR(I15="Interest Only",I15="P&I Payments"),K15,0)+IF(OR(I16="Interest Only",I16="P&I Payments"),K16,0)+IF(OR(I17="Interest Only",I17="P&I Payments"),K17,0)+IF(OR(I18="Interest Only",I18="P&I Payments"),K18,0)+IF(OR(I19="Interest Only",I19="P&I Payments"),K19,0)+IF(OR(I20="Interest Only",I20="P&I Payments"),K20,0)+IF(OR(I21="Interest Only",I21="P&I Payments"),K21,0)+IF(OR(I22="Interest Only",I22="P&I Payments"),K22,0) -> 0 | T23: Pro forma Annual Debt Service | W23: =SUM(W10:W22) -> 0 | X23: =SUM(X10:X22) -> 0 | Y23: =SUM(Y10:Y22) -> 0 | Z23: =SUM(Z10:Z22) -> 0 | AA23: =SUM(AA10:AA22) -> 0 | AB23: =SUM(AB10:AB22) -> 0 | AC23: =SUM(AC10:AC22) -> 0 | AD23: =SUM(AD10:AD22) -> 0 | ... AK23: =SUM(AK10:AK22) -> 0
A24: * Enter name of First Mortgage Lender. | C24: =IF(ABS($D$23-'Development Budget Worksheet'!E121)<0.5,"","Error, 'Total Residential Sources' Does Not Equal 'Total Residential Costs' on Development Budget") | G24: =IF(H23<>H25,"Loan Fees do not match Development Budget","") | T24: Non-Residential Debt Service | W24: =SUM(W10:W23) -> 0
H25: ='Development Budget Worksheet'!C74-'Development Budget Worksheet'!D74 -> 0 | K25: Low-Income Housing Tax Credit Sales Price | N25: {=MAX(IF(I8:I22 = "P&I Payments",E8:E22))} -> 0 | O25: {=MAX(IF(I8:I22 = "Interest Only",E8:E22))} -> 0 | T25: Total Debt Service | W25: =W22+W24 -> 0
A26: Total Loans With Debt Service Only | D26: =SUMIF(J10:J22,">0",D10:D22) -> 0 | K26: Historic Tax Credit Sales Price
A27: ='Project Information'!C14 -> 0 | B27: ='Development Budget Worksheet'!D119 -> 0
A28: Non-Residential Permanent Financing | C28: Type (Loan, Grant or Equity) | D28: Amount | E28: Monthly Debt Service | F28: Annual Debt Service | H28: Construction/Interim Financing | K28: Type (Loan, Grant or Equity) | L28: Amount | M28: Rate | N28: Loan Fees (Origination, Discount Points, etc) | R28: Non-Residential Approved Y or N
A29: =IF(A27="No","You do not need to fill out this section.","Permanent Loan*:") -> Permanent Loan*: | C29: Loan | F29: =IF(E29="","",E29*12) | H29: FHLB AHP Subsidized Advance, or | L29: =IF(OR(D8="",D8="Identify Type of AHP Funds Requested on the Project Information Tab.",D8="Enter Planned AHP Award Use on Development Budget Worksheet"),"",D8) | R29: =IF(D29>0,"Y","N") -> N | S29: =IF(C29="Equity",21,IF(C29="Loan",16,IF(C29="Grant",20,"NA"))) -> 16 | AK29: Loan Fee %
F30: =IF(E30="","",E30*12) | H30: FHLB AHP Direct Subsidy | L30: =IF(OR(D9="",D9="Identify Type of AHP Funds Requested on the Project Information Tab.",D9="Enter Planned AHP Award Use on Development Budget Worksheet"),"",D9) | R30: =IF(D30>0,"Y","N") -> N | S30: =IF(C30="Equity",21,IF(C30="Loan",16,IF(C30="Grant",20,"NA"))) -> NA
F31: =IF(E31="","",E31*12) | H31: Construction Loan*: | K31: Loan | R31: =IF(D31>0,"Y","N") -> N | S31: =IF(C31="Equity",21,IF(C31="Loan",16,IF(C31="Grant",20,"NA"))) -> NA | AK31: =IF(AND(L31>0,K31="Loan"),N31/L31,0) -> 0 | AL31: =N31 -> 0
F32: =IF(E32="","",E32*12) | R32: =IF(D32>0,"Y","N") -> N | S32: =IF(C32="Equity",21,IF(C32="Loan",16,IF(C32="Grant",20,"NA"))) -> NA | AK32: =IF(AND(L32>0,K32="Loan"),N32/L32,0) -> 0 | AL32: =N32 -> 0
F33: =IF(E33="","",E33*12) | R33: =IF(D33>0,"Y","N") -> N | S33: =IF(C33="Equity",21,IF(C33="Loan",16,IF(C33="Grant",20,"NA"))) -> NA | AK33: =IF(AND(L33>0,K33="Loan"),N33/L33,0) -> 0 | AL33: =N33 -> 0
F34: =IF(E34="","",E34*12) | R34: =IF(D34>0,"Y","N") -> N | S34: =IF(C34="Equity",21,IF(C34="Loan",16,IF(C34="Grant",20,"NA"))) -> NA | AK34: =IF(AND(L34>0,K34="Loan"),N34/L34,0) -> 0 | AL34: =N34 -> 0
F35: =IF(E35="","",E35*12) | R35: =IF(D35>0,"Y","N") -> N | S35: =IF(C35="Equity",21,IF(C35="Loan",16,IF(C35="Grant",20,"NA"))) -> NA | AK35: =IF(AND(L35>0,K35="Loan"),N35/L35,0) -> 0 | AL35: =N35 -> 0
F36: =IF(E36="","",E36*12) | R36: =IF(D36>0,"Y","N") -> N | S36: =IF(C36="Equity",21,IF(C36="Loan",16,IF(C36="Grant",20,"NA"))) -> NA | AK36: =IF(AND(L36>0,K36="Loan"),N36/L36,0) -> 0 | AL36: =N36 -> 0
F37: =IF(E37="","",E37*12) | R37: =IF(D37>0,"Y","N") -> N | S37: =IF(C37="Equity",21,IF(C37="Loan",16,IF(C37="Grant",20,"NA"))) -> NA | AK37: =IF(AND(L37>0,K37="Loan"),N37/L37,0) -> 0 | AL37: =N37 -> 0
F38: =IF(E38="","",E38*12) | R38: =IF(D38>0,"Y","N") -> N | S38: =IF(C38="Equity",21,IF(C38="Loan",16,IF(C38="Grant",20,"NA"))) -> NA | AK38: =IF(AND(L38>0,K38="Loan"),N38/L38,0) -> 0 | AL38: =N38 -> 0
F39: =IF(E39="","",E39*12) | R39: =IF(D39>0,"Y","N") -> N | S39: =IF(C39="Equity",21,IF(C39="Loan",16,IF(C39="Grant",20,"NA"))) -> NA | AK39: =IF(AND(L39>0,K39="Loan"),N39/L39,0) -> 0 | AL39: =N39 -> 0
F40: =IF(E40="","",E40*12) | R40: =IF(D40>0,"Y","N") -> N | S40: =IF(C40="Equity",21,IF(C40="Loan",16,IF(C40="Grant",20,"NA"))) -> NA | AK40: =IF(AND(L40>0,K40="Loan"),N40/L40,0) -> 0 | AL40: =N40 -> 0
A41: Total Non - Residential Sources | D41: =SUM(D29:D40) -> 0 | E41: =SUM(E29:E40) -> 0 | F41: =SUM(F29:F40) -> 0 | H41: Total Construction Sources | L41: =SUM(L29:L40) -> 0 | N41: =SUM(N31:N40) -> 0
A42: * Enter name of Lender. | C42: =IF(ABS($D$41-'Development Budget Worksheet'!D119)<0.5,"","Error, 'Total Non-Residential Sources' Does Not Equal 'Non- Residential Costs' on Development Budget") | H42: * Enter name of Construction Loan Lender. | M42: =IF(N41<>O43,"Loan Fees do not match Development Budget","") | AL42: =D23+D41 -> 0 | AM42: TOTAL SOURCES OF FUNDS
A43: ='Development Budget Worksheet'!C117 -> 0 | J43: =IF(J44<90%,"Is there sufficent interim financing capacity?","") -> #DIV/0! | O43: ='Development Budget Worksheet'!C59 -> 0
J44: =L41/('Development Budget Worksheet'!C12+'Development Budget Worksheet'!C25+'Development Budget Worksheet'!C40+'Development Budget Worksheet'!C51+'Development Budget Worksheet'!C67) -> #DIV/0!
A45: Blue shaded areas indicate data to be entered by applicant. | J45: =IF(J44>110%,"Why is the construction/Interim Financing so large?","") -> #DIV/0!
A46: Explanation: In the box below enter any further explanations for this page.

Sheet Housing Pro Forma
A1: Blue shaded areas indicate data to be entered by applicant.
A2: Tan shaded cells include formulas that will automatically calculate but can be overwritten. | H2: FHLBank Topeka - - Affordable Housing Program
A3: Yellow shaded cells are protected and indicate references to other cells in the workbook or formulas that should not be changed. | K3: Housing Pro Forma | Q3: Date Completed: | R3: =IF(Date="","",Date)
A4: Number of Units: | E4: ='Rental Project Worksheet'!D60 -> 0 | I4: =IF('Project Information'!B6="","",'Project Information'!B6)
D5: Vacancy/Bad Debt Rate Year 1 | J5: If applicable, Interest Rate on Operating Reserve | N5: Do tenants pay utilities? | Q5: =IF('Project Information'!C17="","",IF(OR('Project Information'!C17="Yes",'Project Information'!C18="Yes",'Project Information'!C19="Yes"),"Yes","No"))
D6: Stabilized Vacancy/Bad Debt Rate Years 2 - 15 | K6: Revenue Escalator | L6: 0.02 | N6: Expense Escalator | O6: 0.03
D8: PUPM Yr1 | E8: Year 1 | F8: Year 2 | G8: Year 3 | H8: Year 4 | I8: Year 5 | J8: Year 6 | K8: Year 7 | L8: Year 8 | M8: Year 9 | N8: Year 10 | O8: Year 11 | P8: Year 12 | Q8: Year 13 | R8: Year 14 | S8: Year 15
A9: 1. INCOME
A10: A. Scheduled Residential Rents | E10: ='Rental Project Worksheet'!H60 -> 0 | F10: =E10*(1+$L$6) -> 0 | G10: =F10*(1+$L$6) -> 0 | H10: =G10*(1+$L$6) -> 0 | I10: =H10*(1+$L$6) -> 0 | J10: =I10*(1+$L$6) -> 0 | K10: =J10*(1+$L$6) -> 0 | L10: =K10*(1+$L$6) -> 0 | M10: =L10*(1+$L$6) -> 0 | ... S10: =R10*(1+$L$6) -> 0
A11: B. Laundry, Parking & Other Rev. | F11: =E11*(1+$L$6) -> 0 | G11: =F11*(1+$L$6) -> 0 | H11: =G11*(1+$L$6) -> 0 | I11: =H11*(1+$L$6) -> 0 | J11: =I11*(1+$L$6) -> 0 | K11: =J11*(1+$L$6) -> 0 | L11: =K11*(1+$L$6) -> 0 | M11: =L11*(1+$L$6) -> 0 | ... S11: =R11*(1+$L$6) -> 0 | V11: =E10+E13 -> 0 | W11: Gross Annual Rental Income
A12: C. Property Tax Rebate/Refund | F12: =E12*(1+$L$6) -> 0 | G12: =F12*(1+$L$6) -> 0 | H12: =G12*(1+$L$6) -> 0 | I12: =H12*(1+$L$6) -> 0 | J12: =I12*(1+$L$6) -> 0 | K12: =J12*(1+$L$6) -> 0 | L12: =K12*(1+$L$6) -> 0 | M12: =L12*(1+$L$6) -> 0 | ... S12: =R12*(1+$L$6) -> 0
A13: D. Other Income: Rental Assistance | F13: =E13*(1+$L$6) -> 0 | G13: =F13*(1+$L$6) -> 0 | H13: =G13*(1+$L$6) -> 0 | I13: =H13*(1+$L$6) -> 0 | J13: =I13*(1+$L$6) -> 0 | K13: =J13*(1+$L$6) -> 0 | L13: =K13*(1+$L$6) -> 0 | M13: =L13*(1+$L$6) -> 0 | ... S13: =R13*(1+$L$6) -> 0 | T13: =IF(OR(AND(E13<>0,A13="D. Other Income:"),AND(E13<>0,A13="")),"Error: Describe Source of Other Income","")
A14: E. Other Income: | F14: =E14*(1+$L$6) -> 0 | G14: =F14*(1+$L$6) -> 0 | H14: =G14*(1+$L$6) -> 0 | I14: =H14*(1+$L$6) -> 0 | J14: =I14*(1+$L$6) -> 0 | K14: =J14*(1+$L$6) -> 0 | L14: =K14*(1+$L$6) -> 0 | M14: =L14*(1+$L$6) -> 0 | ... S14: =R14*(1+$L$6) -> 0 | T14: =IF(OR(AND(E14<>0,A14="E. Other Income:"),AND(E14<>0,A14="")),"Error: Describe Source of Other Income","")
A15: F. Other Income: | F15: =E15*(1+$L$6) -> 0 | G15: =F15*(1+$L$6) -> 0 | H15: =G15*(1+$L$6) -> 0 | I15: =H15*(1+$L$6) -> 0 | J15: =I15*(1+$L$6) -> 0 | K15: =J15*(1+$L$6) -> 0 | L15: =K15*(1+$L$6) -> 0 | M15: =L15*(1+$L$6) -> 0 | ... S15: =R15*(1+$L$6) -> 0
A16: G. Gross Income | E16: =ROUND(SUM(E10:E15),0) -> 0 | F16: =ROUND(SUM(F10:F15),0) -> 0 | G16: =ROUND(SUM(G10:G15),0) -> 0 | H16: =ROUND(SUM(H10:H15),0) -> 0 | I16: =ROUND(SUM(I10:I15),0) -> 0 | J16: =ROUND(SUM(J10:J15),0) -> 0 | K16: =ROUND(SUM(K10:K15),0) -> 0 | L16: =ROUND(SUM(L10:L15),0) -> 0 | ... S16: =ROUND(SUM(S10:S15),0) -> 0 | T16: =IF(AND(E16<>0,A16="F. Other Income:"),"Describe Other Source of Income","")
A17: H. Less Vacancy | E17: =-ROUND((E10+E13)*$E$5,0) -> 0 | F17: =-ROUND((F10+F13)*$E$6,0) -> 0 | G17: =-ROUND((G10+G13)*$E$6,0) -> 0 | H17: =-ROUND((H10+H13)*$E$6,0) -> 0 | I17: =-ROUND((I10+I13)*$E$6,0) -> 0 | J17: =-ROUND((J10+J13)*$E$6,0) -> 0 | K17: =-ROUND((K10+K13)*$E$6,0) -> 0 | L17: =-ROUND((L10+L13)*$E$6,0) -> 0 | M17: =-ROUND((M10+M13)*$E$6,0) -> 0 | ... S17: =-ROUND((S10+S13)*$E$6,0) -> 0
A18: Total Effective Gross Income (EGI) | E18: =E16+E17 -> 0 | F18: =F16+F17 -> 0 | G18: =G16+G17 -> 0 | H18: =H16+H17 -> 0 | I18: =I16+I17 -> 0 | J18: =J16+J17 -> 0 | K18: =K16+K17 -> 0 | L18: =L16+L17 -> 0 | ... S18: =S16+S17 -> 0
A19: 2. OPERATING EXPENSES
A20: A. Management Fee | C20: =IF(E20=0,0,IF((E10+E13)>(E14+E15),IF(E20=0,0,E20/(E10+E13+E17)),(E20/(E10+E13+E14+E15+E17)))) -> 0 | D20: =IF(OR(E20=0,E20=""),"",(E20/12)/$E$4) | F20: =IF((F10+F13)>(F14+F15),(F10+F13+F17)*$C$20,(F10+F13+F14+F15+F17)*$C$20) -> 0 | G20: =IF((G10+G13)>(G14+G15),(G10+G13+G17)*$C$20,(G10+G13+G14+G15+G17)*$C$20) -> 0 | H20: =IF((H10+H13)>(H14+H15),(H10+H13+H17)*$C$20,(H10+H13+H14+H15+H17)*$C$20) -> 0 | I20: =IF((I10+I13)>(I14+I15),(I10+I13+I17)*$C$20,(I10+I13+I14+I15+I17)*$C$20) -> 0 | J20: =IF((J10+J13)>(J14+J15),(J10+J13+J17)*$C$20,(J10+J13+J14+J15+J17)*$C$20) -> 0 | K20: =IF((K10+K13)>(K14+K15),(K10+K13+K17)*$C$20,(K10+K13+K14+K15+K17)*$C$20) -> 0 | L20: =IF((L10+L13)>(L14+L15),(L10+L13+L17)*$C$20,(L10+L13+L14+L15+L17)*$C$20) -> 0 | M20: =IF((M10+M13)>(M14+M15),(M10+M13+M17)*$C$20,(M10+M13+M14+M15+M17)*$C$20) -> 0 | ... S20: =IF((S10+S13)>(S14+S15),(S10+S13+S17)*$C$20,(S10+S13+S14+S15+S17)*$C$20) -> 0
A21: B. Legal | D21: =IF(OR(E21=0,E21=""),"",(E21/12)/$E$4) | F21: =E21*(1+$O$6) -> 0 | G21: =F21*(1+$O$6) -> 0 | H21: =G21*(1+$O$6) -> 0 | I21: =H21*(1+$O$6) -> 0 | J21: =I21*(1+$O$6) -> 0 | K21: =J21*(1+$O$6) -> 0 | L21: =K21*(1+$O$6) -> 0 | M21: =L21*(1+$O$6) -> 0 | ... S21: =R21*(1+$O$6) -> 0
A22: C. Advertising | D22: =IF(OR(E22=0,E22=""),"",(E22/12)/$E$4) | F22: =E22*(1+$O$6) -> 0 | G22: =F22*(1+$O$6) -> 0 | H22: =G22*(1+$O$6) -> 0 | I22: =H22*(1+$O$6) -> 0 | J22: =I22*(1+$O$6) -> 0 | K22: =J22*(1+$O$6) -> 0 | L22: =K22*(1+$O$6) -> 0 | M22: =L22*(1+$O$6) -> 0 | ... S22: =R22*(1+$O$6) -> 0
A23: D. Gas & Electric | D23: =IF(OR(E23=0,E23=""),"",(E23/12)/$E$4) | F23: =E23*(1+$O$6) -> 0 | G23: =F23*(1+$O$6) -> 0 | H23: =G23*(1+$O$6) -> 0 | I23: =H23*(1+$O$6) -> 0 | J23: =I23*(1+$O$6) -> 0 | K23: =J23*(1+$O$6) -> 0 | L23: =K23*(1+$O$6) -> 0 | M23: =L23*(1+$O$6) -> 0 | ... S23: =R23*(1+$O$6) -> 0
A24: E. Water & Sewer | D24: =IF(OR(E24=0,E24=""),"",(E24/12)/$E$4) | F24: =E24*(1+$O$6) -> 0 | G24: =F24*(1+$O$6) -> 0 | H24: =G24*(1+$O$6) -> 0 | I24: =H24*(1+$O$6) -> 0 | J24: =I24*(1+$O$6) -> 0 | K24: =J24*(1+$O$6) -> 0 | L24: =K24*(1+$O$6) -> 0 | M24: =L24*(1+$O$6) -> 0 | ... S24: =R24*(1+$O$6) -> 0
A25: F. Supplies | D25: =IF(OR(E25=0,E25=""),"",(E25/12)/$E$4) | F25: =E25*(1+$O$6) -> 0 | G25: =F25*(1+$O$6) -> 0 | H25: =G25*(1+$O$6) -> 0 | I25: =H25*(1+$O$6) -> 0 | J25: =I25*(1+$O$6) -> 0 | K25: =J25*(1+$O$6) -> 0 | L25: =K25*(1+$O$6) -> 0 | M25: =L25*(1+$O$6) -> 0 | ... S25: =R25*(1+$O$6) -> 0
A26: G. Payroll | D26: =IF(OR(E26=0,E26=""),"",(E26/12)/$E$4) | F26: =E26*(1+$O$6) -> 0 | G26: =F26*(1+$O$6) -> 0 | H26: =G26*(1+$O$6) -> 0 | I26: =H26*(1+$O$6) -> 0 | J26: =I26*(1+$O$6) -> 0 | K26: =J26*(1+$O$6) -> 0 | L26: =K26*(1+$O$6) -> 0 | M26: =L26*(1+$O$6) -> 0 | ... S26: =R26*(1+$O$6) -> 0
A27: H. Waste Removal | D27: =IF(OR(E27=0,E27=""),"",(E27/12)/$E$4) | F27: =E27*(1+$O$6) -> 0 | G27: =F27*(1+$O$6) -> 0 | H27: =G27*(1+$O$6) -> 0 | I27: =H27*(1+$O$6) -> 0 | J27: =I27*(1+$O$6) -> 0 | K27: =J27*(1+$O$6) -> 0 | L27: =K27*(1+$O$6) -> 0 | M27: =L27*(1+$O$6) -> 0 | ... S27: =R27*(1+$O$6) -> 0
A28: I. Accounting | D28: =IF(OR(E28=0,E28=""),"",(E28/12)/$E$4) | F28: =E28*(1+$O$6) -> 0 | G28: =F28*(1+$O$6) -> 0 | H28: =G28*(1+$O$6) -> 0 | I28: =H28*(1+$O$6) -> 0 | J28: =I28*(1+$O$6) -> 0 | K28: =J28*(1+$O$6) -> 0 | L28: =K28*(1+$O$6) -> 0 | M28: =L28*(1+$O$6) -> 0 | ... S28: =R28*(1+$O$6) -> 0
A29: J. Audit | D29: =IF(OR(E29=0,E29=""),"",(E29/12)/$E$4) | F29: =E29*(1+$O$6) -> 0 | G29: =F29*(1+$O$6) -> 0 | H29: =G29*(1+$O$6) -> 0 | I29: =H29*(1+$O$6) -> 0 | J29: =I29*(1+$O$6) -> 0 | K29: =J29*(1+$O$6) -> 0 | L29: =K29*(1+$O$6) -> 0 | M29: =L29*(1+$O$6) -> 0 | ... S29: =R29*(1+$O$6) -> 0
A30: K. Maintenance/Repair | D30: =IF(OR(E30=0,E30=""),"",(E30/12)/$E$4) | F30: =E30*(1+$O$6) -> 0 | G30: =F30*(1+$O$6) -> 0 | H30: =G30*(1+$O$6) -> 0 | I30: =H30*(1+$O$6) -> 0 | J30: =I30*(1+$O$6) -> 0 | K30: =J30*(1+$O$6) -> 0 | L30: =K30*(1+$O$6) -> 0 | M30: =L30*(1+$O$6) -> 0 | ... S30: =R30*(1+$O$6) -> 0
A31: L. Grounds & Decorating | D31: =IF(OR(E31=0,E31=""),"",(E31/12)/$E$4) | F31: =E31*(1+$O$6) -> 0 | G31: =F31*(1+$O$6) -> 0 | H31: =G31*(1+$O$6) -> 0 | I31: =H31*(1+$O$6) -> 0 | J31: =I31*(1+$O$6) -> 0 | K31: =J31*(1+$O$6) -> 0 | L31: =K31*(1+$O$6) -> 0 | M31: =L31*(1+$O$6) -> 0 | ... S31: =R31*(1+$O$6) -> 0
A32: M. Insurance | D32: =IF(OR(E32=0,E32=""),"",(E32/12)/$E$4) | F32: =E32*(1+$O$6) -> 0 | G32: =F32*(1+$O$6) -> 0 | H32: =G32*(1+$O$6) -> 0 | I32: =H32*(1+$O$6) -> 0 | J32: =I32*(1+$O$6) -> 0 | K32: =J32*(1+$O$6) -> 0 | L32: =K32*(1+$O$6) -> 0 | M32: =L32*(1+$O$6) -> 0 | ... S32: =R32*(1+$O$6) -> 0
A33: N. LIHTC Fees | D33: =IF(OR(E33=0,E33=""),"",(E33/12)/$E$4) | F33: =$E$33 -> 0 | G33: =$E$33 -> 0 | H33: =$E$33 -> 0 | I33: =$E$33 -> 0 | J33: =$E$33 -> 0 | K33: =$E$33 -> 0 | L33: =$E$33 -> 0 | M33: =$E$33 -> 0 | ... S33: =$E$33 -> 0
A34: O. Elevator Maintenance | D34: =IF(OR(E34=0,E34=""),"",(E34/12)/$E$4) | F34: =E34*(1+$O$6) -> 0 | G34: =F34*(1+$O$6) -> 0 | H34: =G34*(1+$O$6) -> 0 | I34: =H34*(1+$O$6) -> 0 | J34: =I34*(1+$O$6) -> 0 | K34: =J34*(1+$O$6) -> 0 | L34: =K34*(1+$O$6) -> 0 | M34: =L34*(1+$O$6) -> 0 | ... S34: =R34*(1+$O$6) -> 0
A35: P. Snow Removal | D35: =IF(OR(E35=0,E35=""),"",(E35/12)/$E$4) | F35: =E35*(1+$O$6) -> 0 | G35: =F35*(1+$O$6) -> 0 | H35: =G35*(1+$O$6) -> 0 | I35: =H35*(1+$O$6) -> 0 | J35: =I35*(1+$O$6) -> 0 | K35: =J35*(1+$O$6) -> 0 | L35: =K35*(1+$O$6) -> 0 | M35: =L35*(1+$O$6) -> 0 | ... S35: =R35*(1+$O$6) -> 0
A36: Q. Security | D36: =IF(OR(E36=0,E36=""),"",(E36/12)/$E$4) | F36: =E36*(1+$O$6) -> 0 | G36: =F36*(1+$O$6) -> 0 | H36: =G36*(1+$O$6) -> 0 | I36: =H36*(1+$O$6) -> 0 | J36: =I36*(1+$O$6) -> 0 | K36: =J36*(1+$O$6) -> 0 | L36: =K36*(1+$O$6) -> 0 | M36: =L36*(1+$O$6) -> 0 | ... S36: =R36*(1+$O$6) -> 0
A37: R. Pest Control | D37: =IF(OR(E37=0,E37=""),"",(E37/12)/$E$4) | F37: =E37*(1+$O$6) -> 0 | G37: =F37*(1+$O$6) -> 0 | H37: =G37*(1+$O$6) -> 0 | I37: =H37*(1+$O$6) -> 0 | J37: =I37*(1+$O$6) -> 0 | K37: =J37*(1+$O$6) -> 0 | L37: =K37*(1+$O$6) -> 0 | M37: =L37*(1+$O$6) -> 0 | ... S37: =R37*(1+$O$6) -> 0 | T37: =IF(AND(E37<>0,A37="F. Other Income:"),"Describe Other Source of Income","")
A38: S. Telephone/Internet | F38: =E38*(1+$O$6) -> 0 | G38: =F38*(1+$O$6) -> 0 | H38: =G38*(1+$O$6) -> 0 | I38: =H38*(1+$O$6) -> 0 | J38: =I38*(1+$O$6) -> 0 | K38: =J38*(1+$O$6) -> 0 | L38: =K38*(1+$O$6) -> 0 | M38: =L38*(1+$O$6) -> 0 | ... S38: =R38*(1+$O$6) -> 0
A39: T. Other: | D39: =IF(OR(E39=0,E39=""),"",(E39/12)/$E$4) | F39: =E39*(1+$O$6) -> 0 | G39: =F39*(1+$O$6) -> 0 | H39: =G39*(1+$O$6) -> 0 | I39: =H39*(1+$O$6) -> 0 | J39: =I39*(1+$O$6) -> 0 | K39: =J39*(1+$O$6) -> 0 | L39: =K39*(1+$O$6) -> 0 | M39: =L39*(1+$O$6) -> 0 | ... S39: =R39*(1+$O$6) -> 0 | T39: =IF(AND(E39<>0,A39="F. Other Income:"),"Describe Other Source of Income","")
A40: U. Other: | D40: =IF(OR(E40=0,E40=""),"",(E40/12)/$E$4) | F40: =E40*(1+$O$6) -> 0 | G40: =F40*(1+$O$6) -> 0 | H40: =G40*(1+$O$6) -> 0 | I40: =H40*(1+$O$6) -> 0 | J40: =I40*(1+$O$6) -> 0 | K40: =J40*(1+$O$6) -> 0 | L40: =K40*(1+$O$6) -> 0 | M40: =L40*(1+$O$6) -> 0 | ... S40: =R40*(1+$O$6) -> 0 | T40: =IF(AND(E40<>0,A40="F. Other Income:"),"Describe Other Source of Income","")
A41: V. Real Estate Taxes | D41: =IF(OR(E41=0,E41=""),"",(E41/12)/$E$4) | F41: =E41*(1+$O$6) -> 0 | G41: =F41*(1+$O$6) -> 0 | H41: =G41*(1+$O$6) -> 0 | I41: =H41*(1+$O$6) -> 0 | J41: =I41*(1+$O$6) -> 0 | K41: =J41*(1+$O$6) -> 0 | L41: =K41*(1+$O$6) -> 0 | M41: =L41*(1+$O$6) -> 0 | ... S41: =R41*(1+$O$6) -> 0 | T41: =IF(OR(AND(E41>0,X41>0),(AND(E41>0,Y41>0))),"Check 'Sources of Funds' for possible tax abatements","")
A42: W. Local & State Assessments | D42: =IF(OR(E42=0,E42=""),"",(E42/12)/$E$4) | F42: =E42*(1+$O$6) -> 0 | G42: =F42*(1+$O$6) -> 0 | H42: =G42*(1+$O$6) -> 0 | I42: =H42*(1+$O$6) -> 0 | J42: =I42*(1+$O$6) -> 0 | K42: =J42*(1+$O$6) -> 0 | L42: =K42*(1+$O$6) -> 0 | M42: =L42*(1+$O$6) -> 0 | ... S42: =R42*(1+$O$6) -> 0
A43: X. Other: | D43: =IF(OR(E43=0,E43=""),"",(E43/12)/$E$4) | F43: =E43*(1+$O$6) -> 0 | G43: =F43*(1+$O$6) -> 0 | H43: =G43*(1+$O$6) -> 0 | I43: =H43*(1+$O$6) -> 0 | J43: =I43*(1+$O$6) -> 0 | K43: =J43*(1+$O$6) -> 0 | L43: =K43*(1+$O$6) -> 0 | M43: =L43*(1+$O$6) -> 0 | ... S43: =R43*(1+$O$6) -> 0 | T43: =IF(AND(E43<>0,A43="F. Other Income:"),"Describe Other Source of Income","")
A44: Total Operating Expenses | D44: =IF(OR(E44=0,E44=""),"",ROUND((E44/E4),0)) | E44: =SUM(E20:E43) -> 0 | F44: =SUM(F20:F43) -> 0 | G44: =SUM(G20:G43) -> 0 | H44: =SUM(H20:H43) -> 0 | I44: =SUM(I20:I43) -> 0 | J44: =SUM(J20:J43) -> 0 | K44: =SUM(K20:K43) -> 0 | L44: =SUM(L20:L43) -> 0 | ... S44: =SUM(S20:S43) -> 0
A45: 3. RESERVES | C45: Reserve Escalator:
A46: A. Replacement Reserves | D46: =IF(OR(E46=0,E46=""),"",(E46/12)/$E$4) | F46: =E46*(1+$E$45) -> 0 | G46: =F46*(1+$E$45) -> 0 | H46: =G46*(1+$E$45) -> 0 | I46: =H46*(1+$E$45) -> 0 | J46: =I46*(1+$E$45) -> 0 | K46: =J46*(1+$E$45) -> 0 | L46: =K46*(1+$E$45) -> 0 | M46: =L46*(1+$E$45) -> 0 | ... S46: =R46*(1+$E$45) -> 0 | V46: =SUM(E46:S46) -> 0 | W46: REPLACEMENT RESERVES
A47: B. Other: | D47: =IF(OR(E47=0,E47=""),"",(E47/12)/$E$4) | F47: =E47*(1+$E$45) -> 0 | G47: =F47*(1+$E$45) -> 0 | H47: =G47*(1+$E$45) -> 0 | I47: =H47*(1+$E$45) -> 0 | J47: =I47*(1+$E$45) -> 0 | K47: =J47*(1+$E$45) -> 0 | L47: =K47*(1+$E$45) -> 0 | M47: =L47*(1+$E$45) -> 0 | ... S47: =R47*(1+$E$45) -> 0 | T47: =IF(AND(E47<>0,A47="F. Other Income:"),"Describe Other Source of Income","") | V47: =SUM(E47:S47) -> 0 | W47: OPERATING RESERVES
A48: 4. TOTAL RESERVES & EXPENSES | E48: =SUM(E46:E47,E44) -> 0 | F48: =SUM(F46:F47,F44) -> 0 | G48: =SUM(G46:G47,G44) -> 0 | H48: =SUM(H46:H47,H44) -> 0 | I48: =SUM(I46:I47,I44) -> 0 | J48: =SUM(J46:J47,J44) -> 0 | K48: =SUM(K46:K47,K44) -> 0 | L48: =SUM(L46:L47,L44) -> 0 | ... S48: =SUM(S46:S47,S44) -> 0
A49: 5. NET INCOME | E49: =E18-E48 -> 0 | F49: =F18-F48 -> 0 | G49: =G18-G48 -> 0 | H49: =H18-H48 -> 0 | I49: =I18-I48 -> 0 | J49: =J18-J48 -> 0 | K49: =K18-K48 -> 0 | L49: =L18-L48 -> 0 | ... S49: =S18-S48 -> 0
A50: 6. ANNUAL DEBT SERVICE | E50: ='Sources of Funds Worksheet'!W23 -> 0 | F50: ='Sources of Funds Worksheet'!X23 -> 0 | G50: ='Sources of Funds Worksheet'!Y23 -> 0 | H50: ='Sources of Funds Worksheet'!Z23 -> 0 | I50: ='Sources of Funds Worksheet'!AA23 -> 0 | J50: ='Sources of Funds Worksheet'!AB23 -> 0 | K50: ='Sources of Funds Worksheet'!AC23 -> 0 | L50: ='Sources of Funds Worksheet'!AD23 -> 0 | ... S50: ='Sources of Funds Worksheet'!AK23 -> 0
A51: INITIAL CASH FLOW | E51: =E49-E50 -> 0 | F51: =F49-F50 -> 0 | G51: =G49-G50 -> 0 | H51: =H49-H50 -> 0 | I51: =I49-I50 -> 0 | J51: =J49-J50 -> 0 | K51: =K49-K50 -> 0 | L51: =L49-L50 -> 0 | ... S51: =S49-S50 -> 0
A52: 7. DEFERRED DEVELOPER REPAY | E52: =IF(E51-E53<0,0,IF((E51-E53)>='Sources of Funds Worksheet'!$D$13,'Sources of Funds Worksheet'!$D$13,(E51-E53))) -> 0 | F52: =IF(F51-F53<0,0,IF(E52>='Sources of Funds Worksheet'!$D$13,0,IF((F51-F53)>('Sources of Funds Worksheet'!$D$13-E52),('Sources of Funds Worksheet'!$D$13-E52),F51-F53))) -> 0 | G52: =IF(G51-G53<0,0,IF(SUM(E52:F52)>='Sources of Funds Worksheet'!$D$13,0,IF((G51-G53)>('Sources of Funds Worksheet'!$D$13-(E52+F52)),('Sources of Funds Worksheet'!$D$13-(E52+F52)),G51-G53))) -> 0 | H52: =IF(H51-H53<0,0,IF(SUM(E52:G52)>='Sources of Funds Worksheet'!$D$13,0,IF((H51-H53)>('Sources of Funds Worksheet'!$D$13-(E52+F52+G52)),('Sources of Funds Worksheet'!$D$13-(E52+F52+G52)),H51-H53))) -> 0 | I52: =IF(I51-I53<0,0,IF(SUM(E52:H52)>='Sources of Funds Worksheet'!$D$13,0,IF((I51-I53)>('Sources of Funds Worksheet'!$D$13-(E52+F52+G52+H52)),('Sources of Funds Worksheet'!$D$13-(E52+F52+G52+H52)),I51-I53))) -> 0 | J52: =IF(J51-J53<0,0,IF(SUM(E52:I52)>='Sources of Funds Worksheet'!$D$13,0,IF((J51-J53)>('Sources of Funds Worksheet'!$D$13-(E52+F52+G52+H52+I52)),('Sources of Funds Worksheet'!$D$13-(E52+F52+G52+H52+I52)),J51-J53))) -> 0 | K52: =IF(K51-K53<0,0,IF(SUM(E52:J52)>='Sources of Funds Worksheet'!$D$13,0,IF((K51-K53)>('Sources of Funds Worksheet'!$D$13-(E52+F52+G52+H52+I52+J52)),('Sources of Funds Worksheet'!$D$13-(E52+F52+G52+H52+I52+J52)),K51-K53))) -> 0 | L52: =IF(L51-L53<0,0,IF(SUM(E52:K52)>='Sources of Funds Worksheet'!$D$13,0,IF((L51-L53)>('Sources of Funds Worksheet'!$D$13-(E52+F52+G52+H52+I52+J52+K52)),('Sources of Funds Worksheet'!$D$13-(E52+F52+G52+H52+I52+J52+K52)),L51-L53))) -> 0 | M52: =IF(M51-M53<0,0,IF(SUM(E52:L52)>='Sources of Funds Worksheet'!$D$13,0,IF((M51-M53)>('Sources of Funds Worksheet'!$D$13-(E52+F52+G52+H52+I52+J52+K52+L52)),('Sources of Funds Worksheet'!$D$13-(E52+F52+G52+H52+I52+J52+K52+L52)),M51-M53))) -> 0 | N52: =IF(N51-N53<0,0,IF(SUM(E52:M52)>='Sources of Funds Worksheet'!$D$13,0,IF((N51-N53)>('Sources of Funds Worksheet'!$D$13-(E52+F52+G52+H52+I52+J52+K52+L52+M52)),('Sources of Funds Worksheet'!$D$13-(E52+F52+G52+H52+I52+J52+K52+L52+M52)),N51-N53))) -> 0 | O52: =IF(O51-O53<0,0,IF(SUM(E52:N52)>='Sources of Funds Worksheet'!$D$13,0,IF((O51-O53)>('Sources of Funds Worksheet'!$D$13-(E52+F52+G52+H52+I52+J52+K52+L52+M52+N52)),('Sources of Funds Worksheet'!$D$13-(E52+F52+G52+H52+I52+J52+K52+L52+M52+N52)),O51-O53))) -> 0 | P52: =IF(P51-P53<0,0,IF(SUM(E52:O52)>='Sources of Funds Worksheet'!$D$13,0,IF((P51-P53)>('Sources of Funds Worksheet'!$D$13-(E52+F52+G52+H52+I52+J52+K52+L52+M52+N52+O52)),('Sources of Funds Worksheet'!$D$13-(E52+F52+G52+H52+I52+J52+K52+L52+M52+N52+O52)),P51-P53))) -> 0 | Q52: =IF(Q51-Q53<0,0,IF(SUM(E52:P52)>='Sources of Funds Worksheet'!$D$13,0,IF((Q51-Q53)>('Sources of Funds Worksheet'!$D$13-(E52+F52+G52+H52+I52+J52+K52+L52+M52+N52+O52+P52)),('Sources of Funds Worksheet'!$D$13-(E52+F52+G52+H52+I52+J52+K52+L52+M52+N52+O52+P52)),Q51-Q53))) -> 0 | R52: =IF(R51-R53<0,0,IF(SUM(E52:Q52)>='Sources of Funds Worksheet'!$D$13,0,IF((R51-R53)>('Sources of Funds Worksheet'!$D$13-(E52+F52+G52+H52+I52+J52+K52+L52+M52+N52+O52+P52+Q52)),('Sources of Funds Worksheet'!$D$13-(E52+F52+G52+H52+I52+J52+K52+L52+M52+N52+O52+P52+Q52)),R51-R53))) -> 0 | S52: =IF(S51-S53<0,0,IF(SUM(E52:R52)>='Sources of Funds Worksheet'!$D$13,0,IF((S51-S53)>('Sources of Funds Worksheet'!$D$13-(E52+F52+G52+H52+I52+J52+K52+L52+M52+N52+O52+P52+Q52+R52)),('Sources of Funds Worksheet'!$D$13-(E52+F52+G52+H52+I52+J52+K52+L52+M52+N52+O52+P52+Q52+R52)),S51-S53))) -> 0 | V52: =SUM(E52:S52) -> 0 | W52: DEFERRED FEE CUMULATIVE REPAID
A53: 8. CASH FLOW PAYMENTS (ie asset management fee, soft debt) | F53: =E53 -> 0 | G53: =F53 -> 0 | H53: =G53 -> 0 | I53: =H53 -> 0 | J53: =I53 -> 0 | K53: =J53 -> 0 | L53: =K53 -> 0 | M53: =L53 -> 0 | ... S53: =R53 -> 0
A54: SECONDARY CASH FLOW | E54: =E51-E52-E53 -> 0 | F54: =F51-F52-F53 -> 0 | G54: =G51-G52-G53 -> 0 | H54: =H51-H52-H53 -> 0 | I54: =I51-I52-I53 -> 0 | J54: =J51-J52-J53 -> 0 | K54: =K51-K52-K53 -> 0 | L54: =L51-L52-L53 -> 0 | ... S54: =S51-S52-S53 -> 0 | V54: =IF(ABS(V52-'Sources of Funds Worksheet'!D13)<=1,"TRUE","FALSE") -> TRUE | W54: DDF REPAID?
A55: 9. DEBT COVERAGE RATIO | E55: =ROUND(IF('Feasibility Analysis Worksheet'!$E$12="Use EGI%",0,IF(ISNUMBER(E49/E50),E49/E50,0)),2) -> 0 | F55: =ROUND(IF('Feasibility Analysis Worksheet'!$E$12="Use EGI%",0,IF(ISNUMBER(F49/F50),F49/F50,0)),2) -> 0 | G55: =ROUND(IF('Feasibility Analysis Worksheet'!$E$12="Use EGI%",0,IF(ISNUMBER(G49/G50),G49/G50,0)),2) -> 0 | H55: =ROUND(IF('Feasibility Analysis Worksheet'!$E$12="Use EGI%",0,IF(ISNUMBER(H49/H50),H49/H50,0)),2) -> 0 | I55: =ROUND(IF('Feasibility Analysis Worksheet'!$E$12="Use EGI%",0,IF(ISNUMBER(I49/I50),I49/I50,0)),2) -> 0 | J55: =ROUND(IF('Feasibility Analysis Worksheet'!$E$12="Use EGI%",0,IF(ISNUMBER(J49/J50),J49/J50,0)),2) -> 0 | K55: =ROUND(IF('Feasibility Analysis Worksheet'!$E$12="Use EGI%",0,IF(ISNUMBER(K49/K50),K49/K50,0)),2) -> 0 | L55: =ROUND(IF('Feasibility Analysis Worksheet'!$E$12="Use EGI%",0,IF(ISNUMBER(L49/L50),L49/L50,0)),2) -> 0 | ... S55: =ROUND(IF('Feasibility Analysis Worksheet'!$E$12="Use EGI%",0,IF(ISNUMBER(S49/S50),S49/S50,0)),2) -> 0 | V55: =S58/E4 -> #DIV/0! | W55: CUMULATIVE CASH FLOW PER UNIT
A56: Operating Exp+Reserves/EGI | E56: =IF(E55>0,0,IF(E48=0,0,E48/E18)) -> 0 | F56: =IF(F55>0,0,IF(F48=0,0,F48/F18)) -> 0 | G56: =IF(G55>0,0,IF(G48=0,0,G48/G18)) -> 0 | H56: =IF(H55>0,0,IF(H48=0,0,H48/H18)) -> 0 | I56: =IF(I55>0,0,IF(I48=0,0,I48/I18)) -> 0 | J56: =IF(J55>0,0,IF(J48=0,0,J48/J18)) -> 0 | K56: =IF(K55>0,0,IF(K48=0,0,K48/K18)) -> 0 | L56: =IF(L55>0,0,IF(L48=0,0,L48/L18)) -> 0 | ... S56: =IF(S55>0,0,IF(S48=0,0,S48/S18)) -> 0 | V56: =IF(E18=0,0,(E44+E46+E47+E50+E52)/E18) -> 0 | W56: EXPENSE TO INCOME RATIO
A57: Capitalized Reserves (Op, Repl, Ecrows, Debt Serv) | E57: =('Development Budget Worksheet'!C110+'Development Budget Worksheet'!C111+'Development Budget Worksheet'!C112+'Development Budget Worksheet'!C113) -> 0 | F57: =E57*(1+$K$5) -> 0 | G57: =F57*(1+$K$5) -> 0 | H57: =G57*(1+$K$5) -> 0 | I57: =H57*(1+$K$5) -> 0 | J57: =I57*(1+$K$5) -> 0 | K57: =J57*(1+$K$5) -> 0 | L57: =K57*(1+$K$5) -> 0 | M57: =L57*(1+$K$5) -> 0 | ... S57: =R57*(1+$K$5) -> 0 | V57: =(S58+'Services Pro Forma'!Q47)/('Housing Pro Forma'!E4*15) -> #DIV/0! | W57: OVERALL CUMULATIVE CASH FLOW PER UNIT
A58: Cumulative Cash Flow (After Cash Flow Payments) | E58: =E54 -> 0 | F58: =E58+F54 -> 0 | G58: =F58+G54 -> 0 | H58: =G58+H54 -> 0 | I58: =H58+I54 -> 0 | J58: =I58+J54 -> 0 | K58: =J58+K54 -> 0 | L58: =K58+L54 -> 0 | M58: =L58+M54 -> 0 | ... S58: =R58+S54 -> 0 | V58: =S58+'Services Pro Forma'!Q47 -> 0 | W58: OVERALL CUMULATIVE CASH FLOW
A59: Cumulative Cash Flow (Before Cash Flow Payments) | E59: =E51 -> 0 | F59: =E59+F51 -> 0 | G59: =F59+G51 -> 0 | H59: =G59+H51 -> 0 | I59: =H59+I51 -> 0 | J59: =I59+J51 -> 0 | K59: =J59+K51 -> 0 | L59: =K59+L51 -> 0 | M59: =L59+M51 -> 0 | ... S59: =R59+S51 -> 0
A61: Explanation: In the box below enter any explanation needed. | V61: =E54/E18 -> #DIV/0! | W61: CASH FLOW/GROSS INCOME
A68: ='Feasibility Analysis Worksheet'!F7 -> 0

Sheet Services Pro Forma
A2: FHLBank Topeka - - Affordable Housing Program
A3: Services Pro Forma
A4: Blue shaded areas indicate data to be entered by applicant.
A5: Tan shaded cells include formulas that will automatically calculate but can be overwritten.
A6: Yellow shaded cells are protected and indicate references to other cells in the workbook or formulas that should not be changed.
A8: Number of Units: | D8: ='Rental Project Worksheet'!D60 -> 0 | H8: ='Housing Pro Forma'!I4 | T8: Escalator
C9: Is this considered a Supportive Service Type Facility? | D9: ='Project Information'!C12 -> 0
C10: Are any service expenses listed on the Housing Pro Forma? | J10: Revenue Escalator | M10: Expense Escalator | O10: Date Completed: | P10: =IF(Date="","",Date) | T10: 0.01
A11: =IF(D10="Yes","Service expenses CANNOT be included on the Housing Pro Forma. Remove services expenses from the Housing Pro Forma. If this is a Supportive Service Type facility, include on Services Pro Forma only.","") | T11: 0.02
A12: =IF(AND(D10="No",D9="No"),"You do not need to fill this worksheet out. Proceed to next tab.","")
C13: Year 1 | D13: Year 2 | E13: Year 3 | F13: Year 4 | G13: Year 5 | H13: Year 6 | I13: Year 7 | J13: Year 8 | K13: Year 9 | L13: Year 10 | M13: Year 11 | N13: Year 12 | O13: Year 13 | P13: Year 14 | Q13: Year 15 | S13: 0.03
A14: INCOME | S14: 0.04
A15: Service Income | B15: (specify) | D15: =C15*(1+$K$10) -> 0 | E15: =D15*(1+$K$10) -> 0 | F15: =E15*(1+$K$10) -> 0 | G15: =F15*(1+$K$10) -> 0 | H15: =G15*(1+$K$10) -> 0 | I15: =H15*(1+$K$10) -> 0 | J15: =I15*(1+$K$10) -> 0 | K15: =J15*(1+$K$10) -> 0 | ... Q15: =P15*(1+$K$10) -> 0 | R15: =IF(OR(AND(C15<>0,A15="D. Other Income:"),AND(C15<>0,A15="")),"Error: Describe Source of Other Income","")
A16: Service Income | B16: (specify) | D16: =C16*(1+$K$10) -> 0 | E16: =D16*(1+$K$10) -> 0 | F16: =E16*(1+$K$10) -> 0 | G16: =F16*(1+$K$10) -> 0 | H16: =G16*(1+$K$10) -> 0 | I16: =H16*(1+$K$10) -> 0 | J16: =I16*(1+$K$10) -> 0 | K16: =J16*(1+$K$10) -> 0 | ... Q16: =P16*(1+$K$10) -> 0 | R16: =IF(OR(AND(C16<>0,A16="E. Other Income:"),AND(C16<>0,A16="")),"Error: Describe Source of Other Income","")
A17: Service Income | B17: (specify) | D17: =C17*(1+$K$10) -> 0 | E17: =D17*(1+$K$10) -> 0 | F17: =E17*(1+$K$10) -> 0 | G17: =F17*(1+$K$10) -> 0 | H17: =G17*(1+$K$10) -> 0 | I17: =H17*(1+$K$10) -> 0 | J17: =I17*(1+$K$10) -> 0 | K17: =J17*(1+$K$10) -> 0 | ... Q17: =P17*(1+$K$10) -> 0 | R17: =IF(AND(C17<>0,A17="F. Other Income:"),"Describe Other Source of Income","")
A18: Total Service Income | C18: =SUM(C15:C17) -> 0 | D18: =SUM(D15:D17) -> 0 | E18: =SUM(E15:E17) -> 0 | F18: =SUM(F15:F17) -> 0 | G18: =SUM(G15:G17) -> 0 | H18: =SUM(H15:H17) -> 0 | I18: =SUM(I15:I17) -> 0 | J18: =SUM(J15:J17) -> 0 | ... Q18: =SUM(Q15:Q17) -> 0
A19: SERVICE EXPENSES
A20: Service Expense | B20: (specify) | D20: =C20*(1+$N$10) -> 0 | E20: =D20*(1+$N$10) -> 0 | F20: =E20*(1+$N$10) -> 0 | G20: =F20*(1+$N$10) -> 0 | H20: =G20*(1+$N$10) -> 0 | I20: =H20*(1+$N$10) -> 0 | J20: =I20*(1+$N$10) -> 0 | K20: =J20*(1+$N$10) -> 0 | ... Q20: =P20*(1+$N$10) -> 0
A21: Service Expense | B21: (specify) | D21: =C21*(1+$N$10) -> 0 | E21: =D21*(1+$N$10) -> 0 | F21: =E21*(1+$N$10) -> 0 | G21: =F21*(1+$N$10) -> 0 | H21: =G21*(1+$N$10) -> 0 | I21: =H21*(1+$N$10) -> 0 | J21: =I21*(1+$N$10) -> 0 | K21: =J21*(1+$N$10) -> 0 | ... Q21: =P21*(1+$N$10) -> 0
A22: Service Expense | B22: (specify) | D22: =C22*(1+$N$10) -> 0 | E22: =D22*(1+$N$10) -> 0 | F22: =E22*(1+$N$10) -> 0 | G22: =F22*(1+$N$10) -> 0 | H22: =G22*(1+$N$10) -> 0 | I22: =H22*(1+$N$10) -> 0 | J22: =I22*(1+$N$10) -> 0 | K22: =J22*(1+$N$10) -> 0 | ... Q22: =P22*(1+$N$10) -> 0
A23: Service Expense | B23: (specify) | D23: =C23*(1+$N$10) -> 0 | E23: =D23*(1+$N$10) -> 0 | F23: =E23*(1+$N$10) -> 0 | G23: =F23*(1+$N$10) -> 0 | H23: =G23*(1+$N$10) -> 0 | I23: =H23*(1+$N$10) -> 0 | J23: =I23*(1+$N$10) -> 0 | K23: =J23*(1+$N$10) -> 0 | ... Q23: =P23*(1+$N$10) -> 0
A24: Service Expense | B24: (specify) | D24: =C24*(1+$N$10) -> 0 | E24: =D24*(1+$N$10) -> 0 | F24: =E24*(1+$N$10) -> 0 | G24: =F24*(1+$N$10) -> 0 | H24: =G24*(1+$N$10) -> 0 | I24: =H24*(1+$N$10) -> 0 | J24: =I24*(1+$N$10) -> 0 | K24: =J24*(1+$N$10) -> 0 | ... Q24: =P24*(1+$N$10) -> 0
A25: Service Expense | B25: (specify) | D25: =C25*(1+$N$10) -> 0 | E25: =D25*(1+$N$10) -> 0 | F25: =E25*(1+$N$10) -> 0 | G25: =F25*(1+$N$10) -> 0 | H25: =G25*(1+$N$10) -> 0 | I25: =H25*(1+$N$10) -> 0 | J25: =I25*(1+$N$10) -> 0 | K25: =J25*(1+$N$10) -> 0 | ... Q25: =P25*(1+$N$10) -> 0
A26: Service Expense | B26: (specify) | D26: =C26*(1+$N$10) -> 0 | E26: =D26*(1+$N$10) -> 0 | F26: =E26*(1+$N$10) -> 0 | G26: =F26*(1+$N$10) -> 0 | H26: =G26*(1+$N$10) -> 0 | I26: =H26*(1+$N$10) -> 0 | J26: =I26*(1+$N$10) -> 0 | K26: =J26*(1+$N$10) -> 0 | ... Q26: =P26*(1+$N$10) -> 0
A27: Service Expense | B27: (specify) | D27: =C27*(1+$N$10) -> 0 | E27: =D27*(1+$N$10) -> 0 | F27: =E27*(1+$N$10) -> 0 | G27: =F27*(1+$N$10) -> 0 | H27: =G27*(1+$N$10) -> 0 | I27: =H27*(1+$N$10) -> 0 | J27: =I27*(1+$N$10) -> 0 | K27: =J27*(1+$N$10) -> 0 | ... Q27: =P27*(1+$N$10) -> 0
A28: Service Expense | B28: (specify) | D28: =C28*(1+$N$10) -> 0 | E28: =D28*(1+$N$10) -> 0 | F28: =E28*(1+$N$10) -> 0 | G28: =F28*(1+$N$10) -> 0 | H28: =G28*(1+$N$10) -> 0 | I28: =H28*(1+$N$10) -> 0 | J28: =I28*(1+$N$10) -> 0 | K28: =J28*(1+$N$10) -> 0 | ... Q28: =P28*(1+$N$10) -> 0
A29: Service Expense | B29: (specify) | D29: =C29*(1+$N$10) -> 0 | E29: =D29*(1+$N$10) -> 0 | F29: =E29*(1+$N$10) -> 0 | G29: =F29*(1+$N$10) -> 0 | H29: =G29*(1+$N$10) -> 0 | I29: =H29*(1+$N$10) -> 0 | J29: =I29*(1+$N$10) -> 0 | K29: =J29*(1+$N$10) -> 0 | ... Q29: =P29*(1+$N$10) -> 0
A30: Service Expense | B30: (specify) | D30: =C30*(1+$N$10) -> 0 | E30: =D30*(1+$N$10) -> 0 | F30: =E30*(1+$N$10) -> 0 | G30: =F30*(1+$N$10) -> 0 | H30: =G30*(1+$N$10) -> 0 | I30: =H30*(1+$N$10) -> 0 | J30: =I30*(1+$N$10) -> 0 | K30: =J30*(1+$N$10) -> 0 | ... Q30: =P30*(1+$N$10) -> 0
A31: Service Expense | B31: (specify) | D31: =C31*(1+$N$10) -> 0 | E31: =D31*(1+$N$10) -> 0 | F31: =E31*(1+$N$10) -> 0 | G31: =F31*(1+$N$10) -> 0 | H31: =G31*(1+$N$10) -> 0 | I31: =H31*(1+$N$10) -> 0 | J31: =I31*(1+$N$10) -> 0 | K31: =J31*(1+$N$10) -> 0 | ... Q31: =P31*(1+$N$10) -> 0
... A42: Service Expense | B42: (specify) | D42: =C42*(1+$N$10) -> 0 | E42: =D42*(1+$N$10) -> 0 | F42: =E42*(1+$N$10) -> 0 | G42: =F42*(1+$N$10) -> 0 | H42: =G42*(1+$N$10) -> 0 | I42: =H42*(1+$N$10) -> 0 | J42: =I42*(1+$N$10) -> 0 | K42: =J42*(1+$N$10) -> 0 | ... Q42: =P42*(1+$N$10) -> 0
A43: Total Service Expenses | C43: =SUM(C20:C42) -> 0 | D43: =SUM(D20:D42) -> 0 | E43: =SUM(E20:E42) -> 0 | F43: =SUM(F20:F42) -> 0 | G43: =SUM(G20:G42) -> 0 | H43: =SUM(H20:H42) -> 0 | I43: =SUM(I20:I42) -> 0 | J43: =SUM(J20:J42) -> 0 | ... Q43: =SUM(Q20:Q42) -> 0 | R43: =C43/D8 -> #DIV/0! | S43: Services pupa
A44: NET SERVICE INCOME | C44: =C18-C43 -> 0 | D44: =D18-D43 -> 0 | E44: =E18-E43 -> 0 | F44: =F18-F43 -> 0 | G44: =G18-G43 -> 0 | H44: =H18-H43 -> 0 | I44: =I18-I43 -> 0 | J44: =J18-J43 -> 0 | ... Q44: =Q18-Q43 -> 0 | R44: =C44/C45 -> #DIV/0! | S44: Services DCR
A45: ANNUAL DEBT SERVICE | C45: =IF('Project Information'!$C$12="Yes",'Sources of Funds Worksheet'!$F$41,0) -> 0 | D45: =IF('Project Information'!$C$12="Yes",'Sources of Funds Worksheet'!$F$41,0) -> 0 | E45: =IF('Project Information'!$C$12="Yes",'Sources of Funds Worksheet'!$F$41,0) -> 0 | F45: =IF('Project Information'!$C$12="Yes",'Sources of Funds Worksheet'!$F$41,0) -> 0 | G45: =IF('Project Information'!$C$12="Yes",'Sources of Funds Worksheet'!$F$41,0) -> 0 | H45: =IF('Project Information'!$C$12="Yes",'Sources of Funds Worksheet'!$F$41,0) -> 0 | I45: =IF('Project Information'!$C$12="Yes",'Sources of Funds Worksheet'!$F$41,0) -> 0 | J45: =IF('Project Information'!$C$12="Yes",'Sources of Funds Worksheet'!$F$41,0) -> 0 | ... Q45: =IF('Project Information'!$C$12="Yes",'Sources of Funds Worksheet'!$F$41,0) -> 0
A46: CASH FLOW | C46: =C44-C45 -> 0 | D46: =D44-D45 -> 0 | E46: =E44-E45 -> 0 | F46: =F44-F45 -> 0 | G46: =G44-G45 -> 0 | H46: =H44-H45 -> 0 | I46: =I44-I45 -> 0 | J46: =J44-J45 -> 0 | ... Q46: =Q44-Q45 -> 0
A47: Cumulative Cash Flow | C47: =C46 -> 0 | D47: =C47+D46 -> 0 | E47: =D47+E46 -> 0 | F47: =E47+F46 -> 0 | G47: =F47+G46 -> 0 | H47: =G47+H46 -> 0 | I47: =H47+I46 -> 0 | J47: =I47+J46 -> 0 | K47: =J47+K46 -> 0 | ... Q47: =P47+Q46 -> 0
A50: Explanation: In the box below enter any explanation needed.

Sheet Feasibility Analysis Worksheet
B1: FHLBank Topeka - - Affordable Housing Program
B2: Feasibility Analysis Worksheet
A3: Instructions: Provide explanation in the table below for each issue identified. If more space is needed, increase row height. | E3: Date Completed: | F3: =IF(Date="","",Date)
A4: Project Name | B4: =IF('Project Information'!B6="","",'Project Information'!B6) | E4: Total Units: | F4: ='Rental Project Worksheet'!D60 -> 0
A6: Pro Forma | B6: Amount | C6: Per Unit | E6: Percent | F6: AHP Guideline
A7: Management Fees | B7: ='Housing Pro Forma'!E20 -> 0 | E7: ='Housing Pro Forma'!C20 -> 0 | F7: =IF($F$4=0,0,IF($F$4<21,15%,IF($F$4>=50,5%,10%))) -> 0 | I7: =IF(E7>F7,"Management Fee Exceeds Guideline - Explain","") | K7: Management Fee within Guideline | M7: =IF(E7<=F7,"TRUE","FALSE") -> TRUE
A8: Operating Costs - Yr 1 | B8: ='Housing Pro Forma'!$E$44 -> 0 | C8: =ROUND(IF(B8=0,0,B8/$F$4),0) -> 0 | E8: Min - Max | F8: $3200 Min - $6000 Max | I8: =IF(B8=0,"",IF(C8<3200,"Operating Costs does not meet Guideline - Explain",IF(C8>6000,"Operating Costs Exceed Guideline - Explain",""))) | K8: Expense PUPA Minimum | L8: 3200
A9: Replacement Reserves (Min and Max per unit) | B9: =MAX('Housing Pro Forma'!E46:S46) -> 0 | C9: =MIN('Housing Pro Forma'!E46:T46)/F4 -> #DIV/0! | D9: =MAX('Housing Pro Forma'!E46:T46)/F4 -> #DIV/0! | E9: $250 - $500 per unit annually | I9: =IF(F4=0,"",IF(AND(C9<250,D9>500),"Annual Replacement Reserves exceed maximum AND do not meet minimum guideline. Explain.",IF(C9<250,"Annual Replacement Reserves do not meet minimum guideline. Explain.",IF(D9>500,"Annual Replacement Reserves exceed maximum guideline. Explain.","")))) | K9: Expense PUPA Maximum | L9: 6000
A10: Debt Coverage Ratio - 15 year Minimum | B10: =IF('Housing Pro Forma'!E55=0,0,SMALL('Housing Pro Forma'!E55:S55,COUNTIF('Housing Pro Forma'!E55:S55,0)+1)) -> 0 | F10: 1.05 | I10: =IF(B10=0,"",IF(B10<F10,"Min DCR below Guideline - Explain","")) | K10: Annual Replacement Reserve | L10: =IF(OR(C9<250,D9>500),IF(C9<250,C9,D9),D9) -> #DIV/0!
A11: Debt Coverage Ratio - 15 year Maximum | B11: =MAX('Housing Pro Forma'!E55:S55) -> 0 | F11: 1.5 | I11: =IF(B11>F11,"Max DCR above Guideline - Explain","") | K11: DCR | L11: =IF(E12="Use DCR",IF(OR(B10<1.05,B11>1.5),IF(B10<1.05,B10,B11),B11),"NA") -> 0
A12: Debt Capacity Measurement - Debt Service $/TDC $ | B12: =IF('Development Budget Worksheet'!C117=0,"",'Sources of Funds Worksheet'!D26/'Development Budget Worksheet'!C117) | E12: {=IF(OR($B$12<3%, AND(COUNTIF('Sources of Funds Worksheet'!I10:I22, "P&I Payments")=0, SUMPRODUCT( -- ('Sources of Funds Worksheet'!I10:I22 = {"Interest Only","Deferred","Cash Flow Payments"}))>0)), "Use EGI%", "Use DCR")} -> Use DCR | K12: EGI% | L12: =IF(OR(E12="Use EGI%",B13>0,E13>0),IF(OR(B13<0.85,E13>1),IF(B13<0.85,B13,E13),E13),"NA") -> NA
A13: EGI % Minimum | B13: =IF(SUM('Housing Pro Forma'!E56:S56)=0,0,SMALL('Housing Pro Forma'!E56:S56,COUNTIF('Housing Pro Forma'!E56:S56,0)+1)) -> 0 | C13: Max EGI% | E13: =IF(SUM('Housing Pro Forma'!E56:S56)=0,0,MAX('Housing Pro Forma'!E56:S56)) -> 0 | F13: % of EGI between .85 and 1 | I13: =IF(AND(B13=0,E13=0),"",IF(B13<85%,"EGI% is less than guideline. Explain.", IF(E13>100%,"EGI% exceeds guideline. Explain.","")))
A14: Development Budget
A15: Contingency Hard Costs - New Only | B15: =IF('Development Budget Worksheet'!$C$28>0,IF('Development Budget Worksheet'!$C$29=0,'Development Budget Worksheet'!$C$34,"FALSE"),"FALSE") -> FALSE | E15: =IF(B15="FALSE",0,B15/('Development Budget Worksheet'!$C$40+'Development Budget Worksheet'!C25-'Development Budget Worksheet'!$C$34)) -> 0 | F15: 0.1 | I15: =IF(E15>F15,"Hard Costs Contingency Exceeds Guideline for New Construction - Explain","") | K15: Project's Contingency: | L15: =MAX(E15,E16,E17) -> 0
A16: Contingency Hard Costs - Rehab Only | B16: =IF('Development Budget Worksheet'!$C$29>0,IF('Development Budget Worksheet'!$C$28=0,'Development Budget Worksheet'!$C$34,"FALSE"),"FALSE") -> FALSE | E16: =IF(B16="FALSE",0,B16/('Development Budget Worksheet'!$C$40+'Development Budget Worksheet'!C25-'Development Budget Worksheet'!$C$34)) -> 0 | F16: 0.15 | I16: =IF(E16>F16,"Hard Costs Contingency Exceeds Guideline for Rehab - Explain","") | K16: Contingency Guideline: | L16: =IF(E15>0,F15,IF(E16>0,F16,IF(E17>0,F17,0))) -> 0
A17: Contingency Hard Costs - New and Rehab Combined | B17: =IF('Development Budget Worksheet'!$C$29>0,IF('Development Budget Worksheet'!$C$28>0,'Development Budget Worksheet'!$C$34,"FALSE"),"FALSE") -> FALSE | E17: =IF(B17="FALSE",0,B17/('Development Budget Worksheet'!$C$40+'Development Budget Worksheet'!C25-'Development Budget Worksheet'!$C$34)) -> 0 | F17: =IF(E17=0,0,('Development Budget Worksheet'!C28/('Development Budget Worksheet'!C28+'Development Budget Worksheet'!C29)*F15)+('Development Budget Worksheet'!C29/('Development Budget Worksheet'!C28+'Development Budget Worksheet'!C29)*F16)) -> 0 | I17: =IF(E17>F17,"Hard Costs Contingency Exceeds Guideline for New/Rehab - Explain","")
A18: Contingency Soft Costs | B18: ='Development Budget Worksheet'!C87 -> 0 | E18: =IF(B18=0,0,B18/('Development Budget Worksheet'!$C$92-'Development Budget Worksheet'!$C$87)) -> 0 | F18: 0.03 | I18: =IF(B18=0,"",IF(('Development Budget Worksheet'!$C$92-'Development Budget Worksheet'!$C$87)=0,"Explain why soft cost contingency is included without any other soft costs.",IF(E18>F18,"Cont. Soft Costs Exceed Guideline - Explain","")))
A19: Operating Reserves (capitalized) | B19: ='Development Budget Worksheet'!C110 -> 0 | C19: Months of OpRes | E19: =IF(B19=0,0,B19/('Housing Pro Forma'!E44/12)) -> 0 | F19: ProForma Yr1 =12 mos | I19: =IF(E19>12,"Cap Operating Res. Exceed Guideline - Explain","")
A20: Replacement Reserves (capitalized) | B20: ='Development Budget Worksheet'!C111 -> 0 | C20: RepRes per Unit | E20: =IF(B20=0,0,B20/('Rental Project Worksheet'!D60)) -> 0 | F20: Max $350 per unit | I20: =IF(E20>350,"Capitalized Replacement Reserves Exceeds Guideline- Explain","") | K20: Average DDF repaid/year | L20: =B22/15 -> 0
A21: Debt Service Reserves | B21: ='Development Budget Worksheet'!$C$113 -> 0 | C21: Months of DSRes | E21: =IF(B21=0,0,B21/('Sources of Funds Worksheet'!K23/12)) -> 0 | F21: Avg Annual DS =9 mos | I21: =IF(E21>9,"Debt Service Res. Exceed Guideline - Explain","") | K21: Years to Payoff DDF | L21: =IF(E22=0,0,E22/L20) -> 0
A22: Deferred Developer Fee Repayment | B22: =SUM('Housing Pro Forma'!E52:S52) -> 0 | C22: Sources of Funds DDF | E22: ='Sources of Funds Worksheet'!D13 -> 0 | I22: =IF(E22=B22,"","DDF repayment on Pro Forma does not match DDF on Sources of funds. Explain.") | K22: Is DDF repaid? | L22: =IF(B22>=E22,TRUE,FALSE) -> TRUE
A23: Contractor Fees | B23: =SUM('Development Budget Worksheet'!E31:E33) -> 0 | C23: Contractor Fee Eligible Costs | D23: =SUM('Development Budget Worksheet'!E25,'Development Budget Worksheet'!E28:E30,'Development Budget Worksheet'!E35:E38) -> 0 | E23: =IF(B23=0,0,B23/D23) -> 0 | F23: 0.12 | I23: =IF(E23>F23,"Contractor Fees Exceed Guideline - Explain","")
A24: Developer and Consultant Fee | B24: ='Development Budget Worksheet'!E106 -> 0 | C24: Developer Fee Eligible Costs | D24: ='Development Budget Worksheet'!E121-'Development Budget Worksheet'!E106-'Development Budget Worksheet'!E6-MAX(0,'Feasibility Analysis Worksheet'!B23-('Feasibility Analysis Worksheet'!F23*'Feasibility Analysis Worksheet'!D23))-'Development Budget Worksheet'!E115 -> 0 | E24: =IF(B24=0,0,B24/D24) -> 0 | F24: 0.15 | I24: =IF(E24>F24,"Developer Fee Exceeds Guideline - Explain","")
A25: Sources of Funds
A26: Subsidy Per Unit (SPU) | B26: =IFERROR('Sources of Funds Worksheet'!D8+'Sources of Funds Worksheet'!D9,0) -> 0 | C26: =IFERROR(B26/'Rental Project Worksheet'!$H$62,0) -> 0 | F26: 75000 | I26: =IF(C26>F26,"Subsidy Per Unit Exceeds Guideline - Reduce AHP subsidy","")
A27: Construction Loan Fee | B27: =VLOOKUP(E27,'Sources of Funds Worksheet'!AK31:AL40,2,0) -> 0 | E27: =MAX('Sources of Funds Worksheet'!AK31:AK40) -> 0 | F27: 0.02 | I27: =IF(AND(E27=0,B27>1),"Loan Fee with no Construction/Interim Loan on Sources of Funds?",IF(E27>F27,"Const. Loan Fee Exceeds Guideline - Explain",""))
A28: Permanent Loan Fee | B28: =VLOOKUP(E28,'Sources of Funds Worksheet'!AL9:AM21,2,0) -> 0 | E28: =MAX('Sources of Funds Worksheet'!AL9:AL21) -> 0 | F28: 0.02 | I28: =IF(AND(E28=0,B28>1),"Loan Fee with no Permanent Loan on Sources of Funds?",IF(E28>F28,"Permanent Loan Fee Exceeds Guideline - Explain",""))
A29: Construction Loan Interest Rate- Maximum | B29: =MAX('Sources of Funds Worksheet'!M31) -> 0 | F29: Max 8.908% | I29: =IF(B29>8.908%,"Construction Loan Interest Rate exceeds maximum guideline. Explain.","")
A30: Permanent Loan Interest Rate - Highest | B30: =MAX('Sources of Funds Worksheet'!N25,'Sources of Funds Worksheet'!O25) -> 0 | C30: Amortization Term for loan | E30: =IF(B30=0,0,VLOOKUP(B30,'Sources of Funds Worksheet'!E8:G22,3,FALSE)) -> 0 | F30: Max 15 yr- 6.908%, 30 yr- 7.135% | I30: =IF(AND(E30<=180,B30<=6.908%),"",IF(AND(E30>180,B30<=7.135%),"","Highest Perm Loan Rate over Max allowed."))
A33: Feasibility Guideline Issues
A34: Issue | D34: Explanation Attach supporting documentation, if necessary. You may increase row height if additional space is needed.
A35: Pro Forma Issues
A36: =I7
A37: =I8
A38: =I9
A39: =I10
A40: =I11
A41: =I13
A42: Development Budget Issues
A43: =I15
A44: =I16
A45: =I17
A46: =I18
A47: =I19
A48: =I20
A49: =I21
A50: =I22
A51: =I23
A52: =I24
A53: Sources of Funds Issues
A54: =I26
A55: =I27
A56: =I28
A57: =I29
A58: =I30

Sheet Income Limits
C2: 1990 | D2: 1991 | E2: 1992 | F2: 1993 | G2: 1994 | H2: 1995 | I2: 1996 | J2: 1997 | K2: 1998 | L2: 1999 | M2: 2000 | N2: 2001 | O2: 2002 | P2: 2003 | Q2: 2004 | R2: 2005 | S2: 2006 | T2: 2007 | U2: 2008 | V2: 2009 | W2: 2010 | X2: 2011 | Y2: 2012 | Z2: 2013 | AA2: 2014 | AB2: 2015 | AC2: 2016 | AD2: 2017 | AE2: 2018 | AF2: 2019 | AG2: 2020
B3: Maricopa Co, Arizona | C3: 17100 | D3: 17750 | E3: 18650 | F3: 20800 | G3: 20800 | H3: 20900 | I3: 22500 | J3: 23750 | K3: 24150 | L3: 25100 | M3: 26550 | N3: 27450 | O3: 28950 | P3: 29150 | Q3: 29300 | R3: 29300 | S3: 30050 | T3: 30050 | U3: 32100 | V3: 32950 | W3: 33300 | X3: 32750 | Y3: 33200 | Z3: 31550 | AA3: 30950 | AB3: 32000 | AC3: 31450 | AD3: 33100 | AE3: 34550 | AF3: 36450 | AG3: 38900
B4: Pima Co, Arizona | C4: 15950 | D4: 16450 | E4: 17150 | F4: 17850 | G4: 17900 | H4: 17900 | I4: 18900 | J4: 20050 | K4: 20850 | L4: 21800 | M4: 22550 | N4: 23000 | O4: 24600 | P4: 24600 | Q4: 25200 | R4: 25200 | S4: 26200 | T4: 26200 | U4: 27500 | V4: 28750 | W4: 29500 | X4: 29800 | Y4: 30200 | Z4: 29950 | AA4: 28500 | AB4: 29500 | AC4: 28350 | AD4: 29650 | AE4: 30300 | AF4: 31950 | AG4: 34200
B5: Crawford Co, Arkansas | C5: 13750 | D5: 14200 | E5: 14200 | F5: 15200 | G5: 15200 | H5: 16000 | I5: 16000 | J5: 17200 | K5: 17450 | L5: 18350 | M5: 18850 | N5: 19550 | O5: 19850 | P5: 21750 | Q5: 22600 | R5: 22600 | S5: 22600 | T5: 22600 | U5: 22850 | V5: 23250 | W5: 23750 | X5: 23900 | Y5: 24200 | Z5: 23500 | AA5: 23400 | AB5: 23550 | AC5: 24350 | AD5: 24900 | AE5: 26450 | AF5: 26450 | AG5: 27100
B6: Van Buren Co, Arkansas | C6: 11500 | D6: 12000 | E6: 12100 | F6: 13200 | G6: 13200 | H6: 13350 | I6: 13650 | J6: 14750 | K6: 15050 | L6: 15900 | M6: 16250 | N6: 16900 | O6: 17100 | P6: 19250 | Q6: 20000 | R6: 20000 | S6: 20000 | T6: 20200 | U6: 21000 | V6: 21750 | W6: 21700 | X6: 21650 | Y6: 21950 | Z6: 22000 | AA6: 22500 | AB6: 22600 | AC6: 22350 | AD6: 23250 | AE6: 24100 | AF6: 26050 | AG6: 26250
B7: Los Angeles Co, California | C7: 20850 | D7: 21750 | E7: 23450 | F7: 24150 | G7: 25200 | H7: 25650 | I7: 25650 | J7: 25650 | K7: 25650 | L7: 25650 | M7: 26050 | N7: 27250 | O7: 27550 | P7: 28200 | Q7: 29750 | R7: 32750 | S7: 34650 | T7: 37000 | U7: 37900 | V7: 39650 | W7: 41400 | X7: 42700 | Y7: 42150 | Z7: 41400 | AA7: 40750 | AB7: 41500 | AC7: 43400 | AD7: 45050 | AE7: 48450 | AF7: 52200 | AG7: 56300
B8: Adams Co, Colorado | C8: 20000 | D8: 20950 | E8: 21600 | F8: 23200 | G8: 24300 | H8: 24300 | I8: 26550 | J8: 27450 | K8: 27850 | L8: 29300 | M8: 31050 | N8: 32200 | O8: 34950 | P8: 34950 | Q8: 34950 | R8: 35850 | S8: 35850 | T8: 35850 | U8: 35900 | V8: 38000 | W8: 37950 | X8: 39100 | Y8: 39650 | Z8: 38900 | AA8: 38350 | AB8: 39950 | AC8: 40050 | AD8: 41950 | AE8: 44950 | AF8: 46400 | AG8: 50000
B9: Alamosa Co, Colorado | C9: 13600 | D9: 13800 | E9: 14500 | F9: 16200 | G9: 16700 | H9: 16700 | I9: 18150 | J9: 19350 | K9: 19500 | L9: 20200 | M9: 21150 | N9: 21850 | O9: 23000 | P9: 25100 | Q9: 25850 | R9: 26950 | S9: 26950 | T9: 26950 | U9: 26950 | V9: 28200 | W9: 28200 | X9: 29600 | Y9: 30500 | Z9: 29800 | AA9: 28800 | AB9: 30350 | AC9: 30000 | AD9: 31900 | AE9: 33650 | AF9: 34050 | AG9: 35500
B10: Arapahoe Co, Colorado | C10: 20000 | D10: 20950 | E10: 21600 | F10: 23200 | G10: 24300 | H10: 24300 | I10: 26550 | J10: 27450 | K10: 27850 | L10: 29300 | M10: 31050 | N10: 32200 | O10: 34950 | P10: 34950 | Q10: 34950 | R10: 35850 | S10: 35850 | T10: 35850 | U10: 35900 | V10: 38000 | W10: 37950 | X10: 39100 | Y10: 39650 | Z10: 38900 | AA10: 38350 | AB10: 39950 | AC10: 40050 | AD10: 41950 | AE10: 44950 | AF10: 46400 | AG10: 50000
B11: Archuleta Co, Colorado | C11: 13600 | D11: 13800 | E11: 14500 | F11: 16200 | G11: 16800 | H11: 17200 | I11: 18150 | J11: 19350 | K11: 19500 | L11: 20200 | M11: 21150 | N11: 21850 | O11: 23000 | P11: 25100 | Q11: 25850 | R11: 26950 | S11: 26950 | T11: 26950 | U11: 26950 | V11: 28200 | W11: 28200 | X11: 29600 | Y11: 31050 | Z11: 32600 | AA11: 34200 | AB11: 33550 | AC11: 31900 | AD11: 31900 | AE11: 33650 | AF11: 34050 | AG11: 35500
B12: Baca Co, Colorado | C12: 13600 | D12: 13800 | E12: 14500 | F12: 16200 | G12: 16700 | H12: 16700 | I12: 18150 | J12: 19350 | K12: 19500 | L12: 20200 | M12: 21150 | N12: 21850 | O12: 23000 | P12: 25100 | Q12: 25850 | R12: 26950 | S12: 26950 | T12: 26950 | U12: 26950 | V12: 28200 | W12: 28200 | X12: 29600 | Y12: 30500 | Z12: 29800 | AA12: 28800 | AB12: 30350 | AC12: 30000 | AD12: 31900 | AE12: 33650 | AF12: 34050 | AG12: 35500
B13: Bent Co, Colorado | C13: 13600 | D13: 13800 | E13: 14500 | F13: 16200 | G13: 16700 | H13: 16700 | I13: 18150 | J13: 19350 | K13: 19500 | L13: 20200 | M13: 21150 | N13: 21850 | O13: 23000 | P13: 25100 | Q13: 25850 | R13: 26950 | S13: 26950 | T13: 26950 | U13: 26950 | V13: 28200 | W13: 28200 | X13: 29600 | Y13: 30500 | Z13: 29800 | AA13: 28800 | AB13: 30350 | AC13: 30000 | AD13: 31900 | AE13: 33650 | AF13: 34050 | AG13: 35500
B14: Boulder Co, Colorado | C14: 21650 | D14: 21950 | E14: 23900 | F14: 25250 | G14: 26900 | H14: 27100 | I14: 29150 | J14: 30600 | K14: 31550 | L14: 34350 | M14: 37000 | N14: 40700 | O14: 43500 | P14: 43500 | Q14: 43500 | R14: 43500 | S14: 43500 | T14: 43500 | U14: 43500 | V14: 44550 | W14: 44800 | X14: 46250 | Y14: 46900 | Z14: 45800 | AA14: 48050 | AB14: 49700 | AC14: 47400 | AD14: 49100 | AE14: 54300 | AF14: 56800 | AG14: 57550
... B71: Yuma Co, Colorado | C71: 13600 | D71: 13800 | E71: 14500 | F71: 16200 | G71: 16700 | H71: 16700 | I71: 18150 | J71: 19350 | K71: 19500 | L71: 20200 | M71: 21150 | N71: 21850 | O71: 23000 | P71: 25100 | Q71: 25850 | R71: 26950 | S71: 26950 | T71: 26950 | U71: 26950 | V71: 28200 | W71: 28200 | X71: 29600 | Y71: 30500 | Z71: 29800 | AA71: 28800 | AB71: 30350 | AC71: 30000 | AD71: 31900 | AE71: 33650 | AF71: 34050 | AG71: 35500
B72: Posey Co, Indiana
B73: Black Hawk Co, Iowa | C73: 15650 | D73: 17200 | E73: 18750 | F73: 18600 | G73: 18600 | H73: 18600 | I73: 19350 | J73: 19950 | K73: 20600 | L73: 21050 | M73: 23500 | N73: 24350 | O73: 24700 | P73: 27350 | Q73: 28150 | R73: 28550 | S73: 28800 | T73: 28800 | U73: 28800 | V73: 29950 | W73: 30250 | X73: 31050 | Y73: 31450 | Z73: 32050 | AA73: 30950 | AB73: 32750 | AC73: 32700 | AD73: 34000 | AE73: 33900 | AF73: 37250 | AG73: 36250
B74: Boone Co, Iowa | C74: 15050 | D74: 16150 | E74: 17650 | F74: 18150 | G74: 18500 | H74: 18750 | I74: 18750 | J74: 19600 | K74: 20600 | L74: 21050 | M74: 22650 | N74: 26200 | O74: 26300 | P74: 29050 | Q74: 29250 | R74: 29800 | S74: 29950 | T74: 30000 | U74: 30300 | V74: 31850 | W74: 32100 | X74: 32800 | Y74: 33250 | Z74: 34900 | AA74: 36000 | AB74: 36050 | AC74: 34800 | AD74: 34700 | AE74: 36500 | AF74: 37300 | AG74: 38850
B75: Dubuque Co, Iowa | AE75: 37000 | AF75: 40700 | AG75: 41450
B76: Harrison Co, Iowa | C76: 14850 | D76: 15900 | E76: 16600 | F76: 16750 | G76: 17200 | H76: 17200 | I76: 18500 | J76: 19600 | K76: 20600 | L76: 21050 | M76: 22650 | N76: 24200 | O76: 24700 | P76: 26250 | Q76: 27300 | R76: 27300 | S76: 33250 | T76: 33250 | U76: 33550 | V76: 34950 | W76: 35150 | X76: 35300 | Y76: 35750 | Z76: 36350 | AA76: 36500 | AB76: 36400 | AC76: 36050 | AD76: 37500 | AE76: 40800 | AF76: 43000 | AG76: 43500
B77: Polk Co, Iowa | C77: 18950 | D77: 20350 | E77: 20900 | F77: 21350 | G77: 22200 | H77: 22200 | I77: 24150 | J77: 25300 | K77: 26000 | L77: 26450 | M77: 26800 | N77: 32300 | O77: 33450 | P77: 33450 | Q77: 33450 | R77: 34050 | S77: 34050 | T77: 34050 | U77: 34050 | V77: 35850 | W77: 36600 | X77: 37250 | Y77: 37750 | Z77: 36450 | AA77: 37450 | AB77: 37500 | AC77: 38450 | AD77: 41100 | AE77: 39800 | AF77: 43750 | AG77: 44600
B78: Pottawattamie Co, Iowa | C78: 18600 | D78: 19400 | E78: 19950 | F78: 20750 | G78: 21350 | H78: 21450 | I78: 22950 | J78: 23750 | K78: 24150 | L78: 26800 | M78: 28100 | N78: 31200 | O78: 32200 | P78: 32200 | Q78: 32200 | R78: 32650 | S78: 33250 | T78: 33250 | U78: 33550 | V78: 34950 | W78: 35150 | X78: 35300 | Y78: 35750 | Z78: 36350 | AA78: 36500 | AB78: 36400 | AC78: 36050 | AD78: 37500 | AE78: 40800 | AF78: 43000 | AG78: 43500
B79: Shelby Co, Iowa | C79: 14850 | D79: 15900 | E79: 16600 | F79: 16750 | G79: 17200 | H79: 17200 | I79: 18500 | J79: 19600 | K79: 20600 | L79: 21050 | M79: 22650 | N79: 24200 | O79: 24700 | P79: 26200 | Q79: 27250 | R79: 27250 | S79: 27250 | T79: 27350 | U79: 27550 | V79: 28850 | W79: 29050 | X79: 29250 | Y79: 29650 | Z79: 29900 | AA79: 29900 | AB79: 31650 | AC79: 31950 | AD79: 32750 | AE79: 34150 | AF79: 35900 | AG79: 36250
B80: Webster Co, Iowa | C80: 15400 | D80: 16650 | E80: 17550 | F80: 16750 | G80: 17500 | H80: 17500 | I80: 18850 | J80: 19600 | K80: 20600 | L80: 21050 | M80: 22650 | N80: 24350 | O80: 25300 | P80: 25400 | Q80: 25750 | R80: 26800 | S80: 26800 | T80: 26800 | U80: 26800 | V80: 28300 | W80: 28500 | X80: 29250 | Y80: 29650 | Z80: 29900 | AA80: 29800 | AB80: 30900 | AC80: 31650 | AD80: 31950 | AE80: 33900 | AF80: 34700 | AG80: 36250
B81: Woodbury Co, Iowa | C81: 15400 | D81: 16700 | E81: 17200 | F81: 17450 | G81: 18250 | H81: 18500 | I81: 19700 | J81: 20850 | K81: 22500 | L81: 23000 | M81: 24050 | N81: 25950 | O81: 26150 | P81: 26150 | Q81: 26300 | R81: 27550 | S81: 27850 | T81: 27850 | U81: 27850 | V81: 29400 | W81: 29200 | X81: 29400 | Y81: 29800 | Z81: 29900 | AA81: 29800 | AB81: 30900 | AC81: 31650 | AD81: 31950 | AE81: 33900 | AF81: 34750 | AG81: 37500
B82: Allen Co, Kansas | C82: 14600 | D82: 15550 | E82: 16000 | F82: 16050 | G82: 16300 | H82: 16300 | I82: 17150 | J82: 18050 | K82: 19100 | L82: 19350 | M82: 20550 | N82: 21600 | O82: 22100 | P82: 22450 | Q82: 23800 | R82: 24050 | S82: 24900 | T82: 24900 | U82: 25050 | V82: 26150 | W82: 26400 | X82: 26850 | Y82: 27200 | Z82: 27600 | AA82: 27400 | AB82: 28700 | AC82: 28650 | AD82: 30150 | AE82: 30550 | AF82: 30750 | AG82: 32300
B83: Anderson Co, Kansas | C83: 14600 | D83: 15550 | E83: 16000 | F83: 16050 | G83: 16300 | H83: 16300 | I83: 17150 | J83: 18050 | K83: 19100 | L83: 19350 | M83: 20550 | N83: 21600 | O83: 22100 | P83: 22450 | Q83: 23800 | R83: 24050 | S83: 24900 | T83: 24900 | U83: 25050 | V83: 26150 | W83: 26400 | X83: 26850 | Y83: 27200 | Z83: 27600 | AA83: 27400 | AB83: 28700 | AC83: 28650 | AD83: 30150 | AE83: 30550 | AF83: 31200 | AG83: 32300
B84: Atchison Co, Kansas | C84: 15300 | D84: 16350 | E84: 16550 | F84: 16050 | G84: 16300 | H84: 16300 | I84: 17150 | J84: 18050 | K84: 19100 | L84: 19350 | M84: 20550 | N84: 21600 | O84: 22100 | P84: 22450 | Q84: 23950 | R84: 24050 | S84: 24900 | T84: 24900 | U84: 25050 | V84: 26150 | W84: 26400 | X84: 27700 | Y84: 29050 | Z84: 28100 | AA84: 28400 | AB84: 30050 | AC84: 28900 | AD84: 30150 | AE84: 30550 | AF84: 30750 | AG84: 32300
B85: Barber Co, Kansas | C85: 14850 | D85: 15550 | E85: 16200 | F85: 16050 | G85: 16300 | H85: 16300 | I85: 17150 | J85: 18050 | K85: 19100 | L85: 19350 | M85: 20550 | N85: 21600 | O85: 22100 | P85: 22450 | Q85: 23800 | R85: 24050 | S85: 24900 | T85: 24900 | U85: 25050 | V85: 26150 | W85: 26400 | X85: 26850 | Y85: 27200 | Z85: 27600 | AA85: 27400 | AB85: 28700 | AC85: 28750 | AD85: 30150 | AE85: 33000 | AF85: 32950 | AG85: 35550
B86: Barton Co, Kansas | C86: 16100 | D86: 16650 | E86: 17550 | F86: 16600 | G86: 16300 | H86: 16300 | I86: 17400 | J86: 18150 | K86: 19100 | L86: 19350 | M86: 20550 | N86: 21650 | O86: 22100 | P86: 22450 | Q86: 23800 | R86: 24050 | S86: 24900 | T86: 24900 | U86: 25050 | V86: 26150 | W86: 26400 | X86: 26850 | Y86: 27200 | Z86: 27600 | AA86: 28800 | AB86: 30250 | AC86: 28850 | AD86: 30150 | AE86: 30850 | AF86: 31550 | AG86: 33050
B87: Bourbon Co, Kansas | C87: 14600 | D87: 15550 | E87: 16000 | F87: 16050 | G87: 16300 | H87: 16300 | I87: 17150 | J87: 18050 | K87: 19100 | L87: 19350 | M87: 20550 | N87: 22100 | O87: 22100 | P87: 22450 | Q87: 23800 | R87: 24050 | S87: 24900 | T87: 24900 | U87: 25050 | V87: 26150 | W87: 26400 | X87: 26850 | Y87: 27200 | Z87: 27600 | AA87: 27400 | AB87: 28700 | AC87: 28650 | AD87: 30150 | AE87: 30550 | AF87: 30750 | AG87: 32300
... B364: Brookings Co, South Dakota | C364: 14500 | D364: 15200 | E364: 15950 | F364: 16900 | G364: 17950 | H364: 18050 | I364: 19450 | J364: 20250 | K364: 21100 | L364: 21500 | M364: 22950 | N364: 25100 | O364: 25550 | P364: 27550 | Q364: 27850 | R364: 27850 | S364: 29250 | T364: 29650 | U364: 31500 | V364: 32450 | W364: 32700 | X364: 33050 | Y364: 33500 | Z364: 33650 | AA364: 33300 | AB364: 32850 | AC364: 31400 | AD364: 32350 | AE364: 34550 | AF364: 38000 | AG364: 41000
B365: Dallas Co, Texas | D365: 21950 | E365: 22500 | F365: 22750 | G365: 22850 | H365: 23500 | I365: 24150 | J365: 26150 | K365: 27200 | L365: 29100 | M365: 30400 | N365: 32200 | O365: 33250 | P365: 33250 | Q365: 33250 | R365: 33250 | S365: 33250 | T365: 33250 | U365: 33250 | V365: 33800 | W365: 34150 | X365: 34550 | Y365: 35050 | Z365: 33750 | AA365: 33950 | AB365: 35200 | AC365: 35850 | AD365: 36700 | AE365: 38600 | AF365: 41550 | AG365: 43100
B366: Other County/State
